Workbook
Name Asset_Conversion: #REF!

Sheet NBV Ra report 
A1: Branch | B1: Asset type | C1: Asset Code | D1: Description | E1: GBV | F1: Acc Depn | G1: NBV
A2: 0604 | B2: Furniture & fixture | C2: NQ-0275 | D2: 2 POSTES LEVERAGE | E2: 5380 | F2: 952.71 | G2: 4427.29
A3: 0604 | B3: Furniture & fixture | C3: NQ-0369 | D3: 1 POSTE DE TRAVAIL FERME | E3: 2620 | F3: 463.96 | G3: 2156.04
A4: 0604 | B4: Furniture & fixture | C4: NQ-0533 | D4: TABLE +2 CHAISE | E4: 1224.51 | F4: 191.33 | G4: 1033.18
A5: 0604 | B5: Furniture & fixture | C5: NQ-0714 | D5: 3 FAUTEUILS ERGONOMIQUES | E5: 654 | F5: 115.81 | G5: 538.19
A6: 0604 | B6: Furniture & fixture | C6: NQ-0933 | D6: 2 FAUTEUIL PACER ERGONOMI | E6: 306 | F6: 54.19 | G6: 251.81
A7: 0604 | B7: Leasehold | C7: NQ-0197 | D7: MATERIEL ELECTRIQUE | E7: 8500.8 | F7: 2449.39 | G7: 6051.41
A8: 0604 | B8: Leasehold | C8: NQ-0277 | D8: COMPTOIR SERVICE EN INOX | E8: 4400 | F8: 1267.81 | G8: 3132.19
A9: 0604 | B9: Leasehold | C9: NQ-0287 | D9: PLANCHER AIRE PRINCIPALE | E9: 4181 | F9: 1204.69 | G9: 2976.31
A10: 0604 | B10: Leasehold | C10: NQ-0372 | D10: FILAGE ET FINITION BUREAU | E10: 2555 | F10: 736.19 | G10: 1818.81
A11: 0604 | B11: Leasehold | C11: NQ-0474 | D11: LABOR INST SYST TELEPHON | E11: 1586.83 | F11: 437.75 | G11: 1149.08
A12: 0604 | B12: Leasehold | C12: NQ-0477 | D12: FILLAGE TEL BUREAU | E12: 1555.24 | F12: 448.12 | G12: 1107.12
A13: 0604 | B13: Leasehold | C13: NQ-0489 | D13: ALARM SYSTEM | E13: 1523 | F13: 420.14 | G13: 1102.86
... A1341: 06adm | B1341: Whse equipment | C1341: NQ-1304 | D1341: Description Not Entered | E1341: 25947 | F1341: 25300.66 | G1341: 646.34

Sheet Asset Cost VALUE 
D2: 1531 | E2: 1532 | F2: 1533 | G2: Total | H2: Total (Warehouse Equip) | I2: Required GL Increase (Decrease) | K2: 1541 | L2: 1542 | M2: 1543 | N2: Total | O2: Total (Office Equipment) | P2: Required GL Increase (Decrease) | R2: 1551 | S2: 1552 | T2: 1553 | U2: Total | V2: Total (Furniture & Equip + Furniture & Fixture) | W2: Required GL Increase (Decrease) | Y2: 1561 | Z2: 1562 | AA2: 1563 | AB2: Total | AC2: Total (Telephone Equip) | AD2: Required GL Increase (Decrease) | AF2: 1571 | AG2: 1572 | AH2: 1573 | AI2: Total | AJ2: Total (Computer Hardware) | AK2: Required GL Increase (Decrease) | AM2: 1576 | AN2: 1577 | AO2: 1578 | AP2: Total | AQ2: Total (Computer Software) | AR2: Required GL Increase (Decrease) | AT2: 1591 | AU2: 1592 | AV2: 1593 | AW2: Total | AX2: Total (Delivery Truck) | AY2: Required GL Increase (Decrease) | BA2: 1596 | BB2: 1597 | BC2: 1598 | BD2: Total | BE2: Total (Tow/Lift Trucks) | BF2: Required GL Increase (Decrease) | BH2: 1601 | BI2: 1602 | BJ2: 1603 | BK2: Total | BL2: Total (Paving & Landscaping) | BM2: Required GL Increase (Decrease) | BO2: 1611 | BP2: 1612 | BQ2: 1613 | BR2: Total | BS2: Total (Fences) | BT2: Required GL Increase (Decrease) | BV2: 1621 | BW2: 1622 | BX2: 1623 | BY2: Total | BZ2: Total (Signs) | CA2: Required GL Increase (Decrease) | CC2: 1631 | CD2: 1632 | CE2: 1633 | CF2: Total | CG2: Total (Leasehold) | CH2: Required GL Increase (Decrease) | CJ2: 1641 | CK2: 1642 | CL2: 1643 | CM2: Total | CN2: Total (Demo Product) | CO2: Required GL Increase (Decrease) | CQ2: Grand Total | CR2: Grand Total | CS2: Grand Total
A3: Branch | D3: GL | E3: GL | F3: GL | G3: GL | H3: RA Report | I3: Difference | K3: GL | L3: GL | N3: GL | O3: RA Report | P3: Difference | R3: GL | S3: GL | U3: GL | V3: RA Report | W3: Difference | AB3: GL | AC3: FAS Report | AD3: Difference | AI3: GL | AJ3: FAS Report | AK3: Difference | AP3: GL | AQ3: FAS Report | AR3: Difference | AW3: GL | AX3: FAS Report | AY3: Difference | BD3: GL | BE3: FAS Report | BF3: Difference | BK3: GL | BL3: FAS Report | BM3: Difference | BR3: GL | BS3: FAS Report | BT3: Difference | BY3: GL | BZ3: FAS Report | CA3: Difference | CF3: GL | CG3: FAS Report | CH3: Difference | CM3: GL | CN3: FAS Report | CO3: Difference | CQ3: GL | CR3: FAS Report | CS3: Difference
A4: 06adm | D4: 40042.75 | E4: 0 | F4: 0 | G4: 40042.75 | I4: =G4-H4 -> 40042.75 | K4: 59973.56 | L4: 0 | M4: 0 | N4: 59973.56 | P4: 951.25 | R4: 205909.31 | S4: 0 | T4: 0 | U4: 205909.31 | V4: 205909.48 | W4: 0.17 | Y4: 43491.82 | Z4: 0 | AA4: 0 | AB4: 43491.82 | AD4: #VALUE! | AF4: 176921.23 | AG4: 0 | AH4: 0 | AI4: 176921.23 | AJ4: 0 | AK4: -176921.23 | AM4: 14820.47 | AN4: 0 | AO4: 0 | AP4: 14820.47 | AQ4: 0 | AR4: -14820.47 | AT4: 0 | AU4: 0 | AV4: 0 | AW4: 0 | AX4: 0 | AY4: 0 | BA4: 0 | BB4: 0 | BC4: 0 | BD4: 0 | BE4: 0 | BF4: 0 | BH4: 79411.57 | BI4: 0 | BJ4: 0 | BK4: 79411.57 | BL4: 0 | BM4: -79411.57 | BO4: 1622.39 | BP4: 0 | BQ4: 0 | BR4: 1622.39 | BS4: 0 | BT4: -1622.39 | BV4: 2727.45 | BW4: 0 | BX4: 0 | BY4: 2727.45 | BZ4: 0 | CA4: -2727.45 | CC4: 495334.9 | CD4: 0 | CE4: 0 | CF4: 495334.9 | CG4: 0 | CH4: -495334.9 | CJ4: 0 | CK4: 0 | CL4: 0 | CM4: 0 | CN4: 0 | CO4: 0 | CQ4: 1120255.4 | CR4: 306877.11 | CS4: -813378.34
A5: 0604 | D5: 59740.71 | E5: 0 | F5: 0 | G5: 59740.71 | I5: =G5-H5 -> 59740.71 | K5: 6585.27 | L5: 0 | M5: 0 | N5: 6585.27 | P5: -0.18 | R5: 10184.51 | S5: 0 | T5: 0 | U5: 10184.51 | V5: 10184.51 | W5: 0 | Y5: 1907.27 | Z5: 0 | AA5: 0 | AB5: 1907.27 | AC5: #VALUE! | AD5: #VALUE! | AF5: 0 | AG5: 0 | AH5: 0 | AI5: 0 | AJ5: 0 | AK5: 0 | AM5: 0 | AN5: 0 | AO5: 0 | AP5: 0 | AQ5: 0 | AR5: 0 | AT5: 0 | AU5: 0 | AV5: 0 | AW5: 0 | AX5: 0 | AY5: 0 | BA5: 47719 | BB5: 0 | BC5: 0 | BD5: 47719 | BE5: 0 | BF5: -47719 | BH5: 0 | BI5: 0 | BJ5: 0 | BK5: 0 | BL5: 0 | BM5: 0 | BO5: 0 | BP5: 0 | BQ5: 0 | BR5: 0 | BS5: 0 | BT5: 0 | BV5: 1768 | BW5: 0 | BX5: 0 | BY5: 1768 | BZ5: 0 | CA5: -1768 | CC5: 35637.15 | CD5: 0 | CE5: 0 | CF5: 35637.15 | CG5: 0 | CH5: -35637.15 | CJ5: 0 | CK5: 0 | CL5: 0 | CM5: 0 | CN5: 0 | CO5: 0 | CQ5: 163541.91 | CR5: #VALUE! | CS5: #VALUE!
A6: 0606 | D6: 3251 | E6: 0 | F6: 0 | G6: 3251 | I6: =G6-H6 -> 3251 | K6: 0 | L6: 0 | M6: 0 | N6: 0 | P6: 0 | R6: 0 | S6: 0 | T6: 0 | U6: 0 | V6: 0 | W6: 0 | Y6: 0 | Z6: 0 | AA6: 0 | AB6: 0 | AC6: #VALUE! | AD6: #VALUE! | AF6: 0 | AG6: 0 | AH6: 0 | AI6: 0 | AJ6: 0 | AK6: 0 | AM6: 0 | AN6: 0 | AO6: 0 | AP6: 0 | AQ6: 0 | AR6: 0 | AT6: 0 | AU6: 0 | AV6: 0 | AW6: 0 | AX6: 0 | AY6: 0 | BA6: 0 | BB6: 0 | BC6: 0 | BD6: 0 | BE6: 0 | BF6: 0 | BH6: 0 | BI6: 0 | BJ6: 0 | BK6: 0 | BL6: 0 | BM6: 0 | BO6: 0 | BP6: 0 | BQ6: 0 | BR6: 0 | BS6: 0 | BT6: 0 | BV6: 0 | BW6: 0 | BX6: 0 | BY6: 0 | BZ6: 0 | CA6: 0 | CC6: 0 | CD6: 0 | CE6: 0 | CF6: 0 | CG6: 0 | CH6: 0 | CJ6: 0 | CK6: 0 | CL6: 0 | CM6: 0 | CN6: 0 | CO6: 0 | CQ6: 3251 | CR6: #VALUE! | CS6: #VALUE!
A7: 0608 | D7: 24479.76 | E7: 0 | F7: 0 | G7: 24479.76 | I7: =G7-H7 -> 24479.76 | K7: 4128.2 | L7: 0 | M7: 0 | N7: 4128.2 | P7: 0 | R7: 6222.77 | S7: 0 | T7: 0 | U7: 6222.77 | V7: 6222.77 | W7: 0 | Y7: 2072.82 | Z7: 0 | AA7: 0 | AB7: 2072.82 | AC7: #VALUE! | AD7: #VALUE! | AF7: 0 | AG7: 0 | AH7: 0 | AI7: 0 | AJ7: 100635.14 | AK7: 100635.14 | AM7: 0 | AN7: 0 | AO7: 0 | AP7: 0 | AQ7: 43144.63 | AR7: 43144.63 | AT7: 0 | AU7: 0 | AV7: 0 | AW7: 0 | AX7: 0 | AY7: 0 | BA7: 49982.39 | BB7: 0 | BC7: 0 | BD7: 49982.39 | BE7: 0 | BF7: -49982.39 | BH7: 0 | BI7: 0 | BJ7: 0 | BK7: 0 | BL7: 0 | BM7: 0 | BO7: 0 | BP7: 0 | BQ7: 0 | BR7: 0 | BS7: 0 | BT7: 0 | BV7: 4975 | BW7: 0 | BX7: 0 | BY7: 4975 | BZ7: 6511.58 | CA7: 1536.58 | CC7: 2347.57 | CD7: 0 | CE7: 0 | CF7: 2347.57 | CG7: 122716.74 | CH7: 120369.17 | CJ7: 0 | CK7: 0 | CL7: 0 | CM7: 0 | CN7: 0 | CO7: 0 | CQ7: 94208.51 | CR7: #VALUE! | CS7: #VALUE!
A8: 0610 | D8: 98122.25 | E8: 0 | F8: 0 | G8: 98122.25 | I8: =G8-H8 -> 98122.25 | K8: 2747.38 | L8: 0 | M8: 0 | N8: 2747.38 | P8: 0 | R8: 66539.32 | S8: 0 | T8: 0 | U8: 66539.32 | V8: 66539.32 | W8: 0 | Y8: 3122.38 | Z8: 0 | AA8: 0 | AB8: 3122.38 | AC8: #VALUE! | AD8: #VALUE! | AF8: 0 | AG8: 0 | AH8: 0 | AI8: 0 | AJ8: 18764.45 | AK8: 18764.45 | AM8: 0 | AN8: 0 | AO8: 0 | AP8: 0 | AQ8: 0 | AR8: 0 | AT8: 0 | AU8: 0 | AV8: 0 | AW8: 0 | AX8: 0 | AY8: 0 | BA8: 27999 | BB8: 0 | BC8: 0 | BD8: 27999 | BE8: 23248.2 | BF8: -4750.8 | BH8: 0 | BI8: 0 | BJ8: 0 | BK8: 0 | BL8: 819 | BM8: 819 | BO8: 0 | BP8: 0 | BQ8: 0 | BR8: 0 | BS8: 3811 | BT8: 3811 | BV8: 10968 | BW8: 0 | BX8: 0 | BY8: 10968 | BZ8: 5790 | CA8: -5178 | CC8: 14983.23 | CD8: 0 | CE8: 0 | CF8: 14983.23 | CG8: 325918.21 | CH8: 310934.98 | CJ8: 0 | CK8: 0 | CL8: 0 | CM8: 0 | CN8: 1629.97 | CO8: 1629.97 | CQ8: 224481.56 | CR8: #VALUE! | CS8: #VALUE!
A9: 0620 | D9: 34095.15 | E9: 0 | F9: 0 | G9: 34095.15 | I9: =G9-H9 -> 34095.15 | K9: 5774.77 | L9: 0 | M9: 0 | N9: 5774.77 | P9: 0 | R9: 26699.48 | S9: 0 | T9: 0 | U9: 26699.48 | V9: 26699.48 | W9: 0 | Y9: 2194.94 | Z9: 0 | AA9: 0 | AB9: 2194.94 | AC9: #VALUE! | AD9: #VALUE! | AF9: 0 | AG9: 0 | AH9: 0 | AI9: 0 | AJ9: 8416.8 | AK9: 8416.8 | AM9: 0 | AN9: 0 | AO9: 0 | AP9: 0 | AQ9: 0 | AR9: 0 | AT9: 0 | AU9: 0 | AV9: 0 | AW9: 0 | AX9: 0 | AY9: 0 | BA9: 9745 | BB9: 0 | BC9: 0 | BD9: 9745 | BE9: 0 | BF9: -9745 | BH9: 0 | BI9: 0 | BJ9: 0 | BK9: 0 | BL9: 0 | BM9: 0 | BO9: 0 | BP9: 0 | BQ9: 0 | BR9: 0 | BS9: 0 | BT9: 0 | BV9: 3040 | BW9: 0 | BX9: 0 | BY9: 3040 | BZ9: 0 | CA9: -3040 | CC9: 0 | CD9: 0 | CE9: 0 | CF9: 0 | CG9: 0 | CH9: 0 | CJ9: 0 | CK9: 0 | CL9: 0 | CM9: 0 | CN9: 0 | CO9: 0 | CQ9: 81549.34 | CR9: #VALUE! | CS9: #VALUE!
A10: 0625 | D10: 29270.51 | E10: 0 | F10: 0 | G10: 29270.51 | I10: =G10-H10 -> 29270.51 | K10: 2866.54 | L10: 0 | M10: 0 | N10: 2866.54 | P10: 0 | R10: 67300.95 | S10: 0 | T10: 0 | U10: 67300.95 | V10: 67300.95 | W10: 0 | Y10: 2567.02 | Z10: 0 | AA10: 0 | AB10: 2567.02 | AC10: #VALUE! | AD10: #VALUE! | AF10: 0 | AG10: 0 | AH10: 0 | AI10: 0 | AJ10: 0 | AK10: 0 | AM10: 0 | AN10: 0 | AO10: 0 | AP10: 0 | AQ10: 0 | AR10: 0 | AT10: 0 | AU10: 0 | AV10: 0 | AW10: 0 | AX10: 0 | AY10: 0 | BA10: 34569 | BB10: 0 | BC10: 0 | BD10: 34569 | BE10: 0 | BF10: -34569 | BH10: 0 | BI10: 0 | BJ10: 0 | BK10: 0 | BL10: 0 | BM10: 0 | BO10: 0 | BP10: 0 | BQ10: 0 | BR10: 0 | BS10: 0 | BT10: 0 | BV10: 5178.94 | BW10: 0 | BX10: 0 | BY10: 5178.94 | BZ10: 0 | CA10: -5178.94 | CC10: 105914 | CD10: 0 | CE10: 0 | CF10: 105914 | CG10: 0 | CH10: -105914 | CJ10: 0 | CK10: 0 | CL10: 0 | CM10: 0 | CN10: 0 | CO10: 0 | CQ10: 247666.96 | CR10: #VALUE! | CS10: #VALUE!
A11: 0627 | D11: 658200.73 | E11: 0 | F11: 0 | G11: 658200.73 | I11: =G11-H11 -> 658200.73 | K11: 9092.17 | L11: 0 | M11: 0 | N11: 9092.17 | P11: 0 | R11: 5407 | S11: 0 | T11: 0 | U11: 5407 | V11: 5407 | W11: 0 | Y11: 2274 | Z11: 0 | AA11: 0 | AB11: 2274 | AC11: #VALUE! | AD11: #VALUE! | AF11: 0 | AG11: 0 | AH11: 0 | AI11: 0 | AJ11: 0 | AK11: 0 | AM11: 0 | AN11: 0 | AO11: 0 | AP11: 0 | AQ11: 0 | AR11: 0 | AT11: 0 | AU11: 0 | AV11: 0 | AW11: 0 | AX11: 0 | AY11: 0 | BA11: 573461.58 | BB11: 0 | BC11: 0 | BD11: 573461.58 | BE11: 0 | BF11: -573461.58 | BH11: 16575 | BI11: 0 | BJ11: 0 | BK11: 16575 | BL11: 0 | BM11: -16575 | BO11: 0 | BP11: 0 | BQ11: 0 | BR11: 0 | BS11: 0 | BT11: 0 | BV11: 2745 | BW11: 0 | BX11: 0 | BY11: 2745 | BZ11: 0 | CA11: -2745 | CC11: 227277.27 | CD11: 0 | CE11: 0 | CF11: 227277.27 | CG11: 0 | CH11: -227277.27 | CJ11: 0 | CK11: 0 | CL11: 0 | CM11: 0 | CN11: 0 | CO11: 0 | CQ11: 1495032.8 | CR11: #VALUE! | CS11: #VALUE!
A12: 0635 | D12: 11175 | E12: 0 | F12: 0 | G12: 11175 | I12: =G12-H12 -> 11175 | K12: 2258.18 | L12: 0 | M12: 0 | N12: 2258.18 | P12: 0 | R12: 738925 | S12: 0 | T12: 0 | U12: 738925 | V12: 738925 | W12: 0 | Y12: 383.08 | Z12: 0 | AA12: 0 | AB12: 383.08 | AC12: #VALUE! | AD12: #VALUE! | AF12: 0 | AG12: 0 | AH12: 0 | AI12: 0 | AJ12: 0 | AK12: 0 | AM12: 0 | AN12: 0 | AO12: 0 | AP12: 0 | AQ12: 0 | AR12: 0 | AT12: 0 | AU12: 0 | AV12: 0 | AW12: 0 | AX12: 0 | AY12: 0 | BA12: 0 | BB12: 0 | BC12: 0 | BD12: 0 | BE12: 0 | BF12: 0 | BH12: 3500 | BI12: 0 | BJ12: 0 | BK12: 3500 | BL12: 0 | BM12: -3500 | BO12: 0 | BP12: 0 | BQ12: 0 | BR12: 0 | BS12: 0 | BT12: 0 | BV12: 0 | BW12: 0 | BX12: 0 | BY12: 0 | BZ12: 0 | CA12: 0 | CC12: 0 | CD12: 0 | CE12: 0 | CF12: 0 | CG12: 0 | CH12: 0 | CJ12: 0 | CK12: 0 | CL12: 0 | CM12: 0 | CN12: 0 | CO12: 0 | CQ12: 756241.26 | CR12: #VALUE! | CS12: #VALUE!
A13: 0645 | D13: 73664.91 | E13: 0 | F13: 0 | G13: 73664.91 | I13: =G13-H13 -> 73664.91 | K13: 34768.75 | L13: 0 | M13: 0 | N13: 34768.75 | P13: 0 | R13: 84807.62 | S13: 0 | T13: 0 | U13: 84807.62 | V13: 84807.62 | W13: 0 | Y13: 6324.81 | Z13: 0 | AA13: 0 | AB13: 6324.81 | AC13: #VALUE! | AD13: #VALUE! | AF13: 4171.44 | AG13: 0 | AH13: 0 | AI13: 4171.44 | AJ13: 0 | AK13: -4171.44 | AM13: 0 | AN13: 0 | AO13: 0 | AP13: 0 | AQ13: 0 | AR13: 0 | AT13: 0 | AU13: 0 | AV13: 0 | AW13: 0 | AX13: 0 | AY13: 0 | BA13: 35621.31 | BB13: 0 | BC13: 0 | BD13: 35621.31 | BE13: 0 | BF13: -35621.31 | BH13: 0 | BI13: 0 | BJ13: 0 | BK13: 0 | BL13: 0 | BM13: 0 | BO13: 0 | BP13: 0 | BQ13: 0 | BR13: 0 | BS13: 0 | BT13: 0 | BV13: 6910 | BW13: 0 | BX13: 0 | BY13: 6910 | BZ13: 0 | CA13: -6910 | CC13: 238240.43 | CD13: 0 | CE13: 0 | CF13: 238240.43 | CG13: 0 | CH13: -238240.43 | CJ13: 0 | CK13: 0 | CL13: 0 | CM13: 0 | CN13: 0 | CO13: 0 | CQ13: 484509.27 | CR13: #VALUE! | CS13: #VALUE!
A14: 0647 | D14: 86529.8 | E14: 0 | F14: 0 | G14: 86529.8 | I14: =G14-H14 -> 86529.8 | K14: 2743.3 | L14: 0 | M14: 0 | N14: 2743.3 | P14: 0 | R14: 2707.52 | S14: 0 | T14: 0 | U14: 2707.52 | V14: 2707.62 | W14: 0.1 | Y14: 948.12 | Z14: 0 | AA14: 0 | AB14: 948.12 | AC14: #VALUE! | AD14: #VALUE! | AF14: 0 | AG14: 0 | AH14: 0 | AI14: 0 | AJ14: 11272.58 | AK14: 11272.58 | AM14: 0 | AN14: 0 | AO14: 0 | AP14: 0 | AQ14: 0 | AR14: 0 | AT14: 0 | AU14: 0 | AV14: 0 | AW14: 0 | AX14: 0 | AY14: 0 | BA14: 13032.06 | BB14: 0 | BC14: 0 | BD14: 13032.06 | BE14: 0 | BF14: -13032.06 | BH14: 0 | BI14: 0 | BJ14: 0 | BK14: 0 | BL14: 0 | BM14: 0 | BO14: 0 | BP14: 0 | BQ14: 0 | BR14: 0 | BS14: 0 | BT14: 0 | BV14: 5366 | BW14: 0 | BX14: 0 | BY14: 5366 | BZ14: 0 | CA14: -5366 | CC14: 0 | CD14: 0 | CE14: 0 | CF14: 0 | CG14: 27652 | CH14: 27652 | CJ14: 0 | CK14: 0 | CL14: 0 | CM14: 0 | CN14: 0 | CO14: 0 | CQ14: 111326.8 | CR14: #VALUE! | CS14: #VALUE!
A15: 0649 | D15: 0 | E15: 0 | F15: 0 | G15: 0 | I15: =G15-H15 -> 0 | K15: 0 | L15: 0 | M15: 0 | N15: 0 | P15: 0 | R15: 0 | S15: 0 | T15: 0 | U15: 0 | V15: 0 | W15: 0 | Y15: 0 | Z15: 0 | AA15: 0 | AB15: 0 | AC15: #VALUE! | AD15: #VALUE! | AF15: 0 | AG15: 0 | AH15: 0 | AI15: 0 | AJ15: 2408.13 | AK15: 2408.13 | AM15: 946 | AN15: 0 | AO15: 0 | AP15: 946 | AQ15: 0 | AR15: -946 | AT15: 0 | AU15: 0 | AV15: 0 | AW15: 0 | AX15: 0 | AY15: 0 | BA15: 0 | BB15: 0 | BC15: 0 | BD15: 0 | BE15: 0 | BF15: 0 | BH15: 0 | BI15: 0 | BJ15: 0 | BK15: 0 | BL15: 0 | BM15: 0 | BO15: 0 | BP15: 0 | BQ15: 0 | BR15: 0 | BS15: 0 | BT15: 0 | BV15: 0 | BW15: 0 | BX15: 0 | BY15: 0 | BZ15: 0 | CA15: 0 | CC15: 0 | CD15: 0 | CE15: 0 | CF15: 0 | CG15: 166047.6 | CH15: 166047.6 | CJ15: 0 | CK15: 0 | CL15: 0 | CM15: 0 | CN15: 0 | CO15: 0 | CQ15: 946 | CR15: #VALUE! | CS15: #VALUE!
A16: 0650 | D16: 187932.29 | E16: 0 | F16: 0 | G16: 187932.29 | I16: =G16-H16 -> 187932.29 | K16: 8632.09 | L16: 0 | M16: 0 | N16: 8632.09 | P16: 0.81 | R16: 175152.93 | S16: 0 | T16: 0 | U16: 175152.93 | V16: 175152.93 | W16: 0 | Y16: 12011.43 | Z16: 0 | AA16: 0 | AB16: 12011.43 | AC16: #VALUE! | AD16: #VALUE! | AF16: 59.49 | AG16: 0 | AH16: 0 | AI16: 59.49 | AJ16: 1875.21 | AK16: 1815.72 | AM16: 0 | AN16: 0 | AO16: 0 | AP16: 0 | AQ16: 0 | AR16: 0 | AT16: 0 | AU16: 0 | AV16: 0 | AW16: 0 | AX16: 0 | AY16: 0 | BA16: 64640.1 | BB16: 0 | BC16: 0 | BD16: 64640.1 | BE16: 0 | BF16: -64640.1 | BH16: 0 | BI16: 0 | BJ16: 0 | BK16: 0 | BL16: 0 | BM16: 0 | BO16: 0 | BP16: 0 | BQ16: 0 | BR16: 0 | BS16: 0 | BT16: 0 | BV16: 4576.18 | BW16: 0 | BX16: 0 | BY16: 4576.18 | BZ16: 0 | CA16: -4576.18 | CC16: 23340.08 | CD16: 0 | CE16: 0 | CF16: 23340.08 | CG16: 0 | CH16: -23340.08 | CJ16: 0 | CK16: 0 | CL16: 0 | CM16: 0 | CN16: 0 | CO16: 0 | CQ16: 476344.59 | CR16: #VALUE! | CS16: #VALUE!
... A24: 0695 | D24: 50497.94 | E24: 0 | F24: 0 | G24: 50497.94 | I24: =G24-H24 -> 50497.94 | K24: 5901.9 | L24: 0 | M24: 0 | N24: 5901.9 | P24: -0.01 | R24: 10400.23 | S24: 0 | T24: 0 | U24: 10400.23 | V24: 10400.23 | W24: 0 | Y24: 2740.29 | Z24: 0 | AA24: 0 | AB24: 2740.29 | AC24: #VALUE! | AD24: #VALUE! | AF24: 0 | AG24: 0 | AH24: 0 | AI24: 0 | AJ24: 0 | AK24: 0 | AM24: 0 | AN24: 0 | AO24: 0 | AP24: 0 | AQ24: 0 | AR24: 0 | AT24: 0 | AU24: 0 | AV24: 0 | AW24: 0 | AX24: 0 | AY24: 0 | BA24: 14038 | BB24: 0 | BC24: 0 | BD24: 14038 | BE24: 0 | BF24: -14038 | BH24: 0 | BI24: 0 | BJ24: 0 | BK24: 0 | BL24: 0 | BM24: 0 | BO24: 0 | BP24: 0 | BQ24: 0 | BR24: 0 | BS24: 0 | BT24: 0 | BV24: 3234 | BW24: 0 | BX24: 0 | BY24: 3234 | BZ24: 0 | CA24: -3234 | CC24: -0.32 | CD24: 0 | CE24: 0 | CF24: -0.32 | CG24: 0 | CH24: 0.32 | CJ24: 0 | CK24: 0 | CL24: 0 | CM24: 0 | CN24: 0 | CO24: 0 | CQ24: 86812.04 | CR24: #VALUE! | CS24: #VALUE!
A25: E06tot | D25: 1559593.1 | E25: 0 | F25: 0 | G25: 1559593.1 | I25: =G25-H25 -> 1559593.1 | K25: 182922.07 | L25: 0 | M25: 0 | N25: 182922.07 | P25: 951.06 | R25: 1603048.1 | S25: 0 | T25: 0 | U25: 1603048.1 | V25: 1603048.5 | W25: 0.41 | Y25: 95511.99 | Z25: 0 | AA25: 0 | AB25: 95511.99 | AC25: 0 | AD25: -95511.99 | AF25: 181764.09 | AG25: 0 | AH25: 0 | AI25: 181764.09 | AJ25: 0 | AK25: -181764.09 | AM25: 15766.47 | AN25: 0 | AO25: 0 | AP25: 15766.47 | AQ25: 0 | AR25: -15766.47 | AT25: 0 | AU25: 0 | AV25: 0 | AW25: 0 | AX25: 0 | AY25: 0 | BA25: 1034608.2 | BB25: 0 | BC25: 0 | BD25: 1034608.2 | BE25: 0 | BF25: -1034608.2 | BH25: 99486.57 | BI25: 0 | BJ25: 0 | BK25: 99486.57 | BL25: 0 | BM25: -99486.57 | BO25: 1622.39 | BP25: 0 | BQ25: 0 | BR25: 1622.39 | BS25: 0 | BT25: -1622.39 | BV25: 68883.82 | BW25: 0 | BX25: 0 | BY25: 68883.82 | BZ25: 0 | CA25: -68883.82 | CC25: 1472551.8 | CD25: 0 | CE25: 0 | CF25: 1472551.8 | CG25: 0 | CH25: -1472551.8 | CJ25: 0 | CK25: 0 | CL25: 0 | CM25: 0 | CN25: 0 | CO25: 0 | CQ25: 6315758.5 | CR25: 3346511.8 | CS25: -2969246.6
D27: 0 | E27: 0 | F27: 0 | G27: 0 | H27: 0 | I27: 0 | K27: 0 | L27: 0 | M27: 0 | N27: 0 | O27: 0 | P27: 0 | R27: 0 | S27: 0 | T27: 0 | U27: 0 | V27: 0 | W27: 0 | Y27: 0 | Z27: 0 | AA27: 0 | AB27: 0 | AC27: 0 | AD27: 0 | AF27: 0 | AG27: 0 | AH27: 0 | AI27: 0 | AJ27: 0 | AK27: 0 | AM27: 0 | AN27: 0 | AO27: 0 | AP27: 0 | AQ27: 0 | AR27: 0 | AT27: 0 | AU27: 0 | AV27: 0 | AW27: 0 | AX27: 0 | AY27: 0 | BA27: 0 | BB27: 0 | BC27: 0 | BD27: 0 | BE27: 0 | BF27: 0 | BH27: 0 | BI27: 0 | BJ27: 0 | BK27: 0 | BL27: 0 | BM27: 0 | BO27: 0 | BP27: 0 | BQ27: 0 | BR27: 0 | BS27: 0 | BT27: 0 | BV27: 0 | BW27: 0 | BX27: 0 | BY27: 0 | BZ27: 0 | CA27: 0 | CC27: 0 | CD27: 0 | CE27: 0 | CF27: 0 | CG27: 0 | CH27: 0 | CJ27: 0 | CK27: 0 | CL27: 0 | CM27: 0 | CN27: 0 | CO27: 0 | CQ27: 0 | CR27: 0 | CS27: 0
G28: 0 | H28: 0 | I28: 0 | N28: 0 | O28: 0 | P28: 0 | U28: 0 | V28: 0 | W28: 0 | AB28: 0 | AC28: 0 | AD28: 0 | AI28: 0 | AJ28: 0 | AK28: 0 | AP28: 0 | AQ28: 0 | AR28: 0 | AW28: 0 | AX28: 0 | AY28: 0 | BD28: 0 | BE28: 0 | BF28: 0 | BK28: 0 | BL28: 0 | BM28: 0 | BR28: 0 | BS28: 0 | BT28: 0 | BY28: 0 | BZ28: 0 | CA28: 0 | CF28: 0 | CG28: 0 | CH28: 0 | CM28: 0 | CN28: 0 | CO28: 0 | CQ28: 0 | CR28: 0 | CS28: 0
D29: 0 | E29: 0 | F29: 0 | G29: 0 | H29: 0 | I29: 0 | K29: 0 | L29: 0 | M29: 0 | N29: 0 | O29: 0 | P29: 0 | R29: 0 | S29: 0 | T29: 0 | U29: 0 | V29: 0 | W29: 0 | Y29: 0 | Z29: 0 | AA29: 0 | AB29: 0 | AC29: 0 | AD29: 0 | AF29: 0 | AG29: 0 | AH29: 0 | AI29: 0 | AJ29: 0 | AK29: 0 | AM29: 0 | AN29: 0 | AO29: 0 | AP29: 0 | AQ29: 0 | AR29: 0 | AT29: 0 | AU29: 0 | AV29: 0 | AW29: 0 | AX29: 0 | AY29: 0 | BA29: 0 | BB29: 0 | BC29: 0 | BD29: 0 | BE29: 0 | BF29: 0 | BH29: 0 | BI29: 0 | BJ29: 0 | BK29: 0 | BL29: 0 | BM29: 0 | BO29: 0 | BP29: 0 | BQ29: 0 | BR29: 0 | BS29: 0 | BT29: 0 | BV29: 0 | BW29: 0 | BX29: 0 | BY29: 0 | BZ29: 0 | CA29: 0 | CC29: 0 | CD29: 0 | CE29: 0 | CF29: 0 | CG29: 0 | CH29: 0 | CJ29: 0 | CK29: 0 | CL29: 0 | CM29: 0 | CN29: 0 | CO29: 0 | CQ29: 0 | CR29: 0 | CS29: 0
D31: 0 | E31: 0 | F31: 0 | G31: 0 | H31: 0 | I31: -1.3835688e-10 | J31: 0 | K31: 0 | L31: 0 | M31: 0 | N31: 0 | O31: 0.03 | P31: 0.03 | Q31: 0 | R31: 0 | S31: 0 | T31: 0 | U31: 0 | V31: -0.14 | W31: -0.14 | X31: 0 | Y31: 0 | Z31: 0 | AA31: 0 | AB31: 0 | AC31: #VALUE! | AD31: #VALUE! | AE31: 0 | AF31: 0 | AG31: 0 | AH31: 0 | AI31: 0 | AJ31: 160768.79 | AK31: 160768.79 | AL31: 0 | AM31: 0 | AN31: 0 | AO31: 0 | AP31: 0 | AQ31: 43144.63 | AR31: 43144.63 | AS31: 0 | AT31: 0 | AU31: 0 | AV31: 0 | AW31: 0 | AX31: 31650 | AY31: 31650 | AZ31: 0 | BA31: 0 | BB31: 0 | BC31: 0 | BD31: 0 | BE31: 23248.2 | BF31: 23248.2 | BG31: 0 | BH31: 0 | BI31: 0 | BJ31: 0 | BK31: 0 | BL31: 819 | BM31: 819 | BN31: 0 | BO31: 0 | BP31: 0 | BQ31: 0 | BR31: 0 | BS31: 3811 | BT31: 3811 | BU31: 0 | BV31: 0 | BW31: 0 | BX31: 0 | BY31: 0 | BZ31: 14423.08 | CA31: 14423.08 | CB31: 0 | CC31: 0 | CD31: 0 | CE31: 0 | CF31: 0 | CG31: 735065.55 | CH31: 735065.55 | CI31: 0 | CJ31: 0 | CK31: 0 | CL31: 0 | CM31: 0 | CN31: 1629.97 | CO31: 1629.97 | CP31: 0 | CQ31: 0 | CR31: #VALUE! | CS31: #VALUE!

Sheet JE - Cost
A1: =TEXT(#REF!,"MMMMMMMMM YYYY") -> #REF! | G1: JE #
A3: Description | E3: Account | F3: DR | G3: CR
B4: BRANCH | C4: BRANCH | D4: ACCOUNT
A5: =_xll.DBRA("RXLTM1:Account",D5,"ALIAS English") -> #NAME? | B5: 0301T_H | C5: =LEFT(B5,4) -> 0301 | D5: 1532 | E5: =LEFT(C5,4)&"2"&D5&"00" -> 03012153200 | F5: =IF(INDEX(#REF!,MATCH('JE - Cost'!B5,#REF!,0),MATCH('JE - Cost'!D5,#REF!,0)+3) > 0, INDEX(#REF!,MATCH('JE - Cost'!B5,#REF!,0),MATCH('JE - Cost'!D5,#REF!,0)+3),"") -> #REF! | G5: =IF(INDEX(#REF!,MATCH('JE - Cost'!B5,#REF!,0),MATCH('JE - Cost'!D5,#REF!,0)+3) < 0, -INDEX(#REF!,MATCH('JE - Cost'!B5,#REF!,0),MATCH('JE - Cost'!D5,#REF!,0)+3),"") -> #REF!
A6: =_xll.DBRA("RXLTM1:Account",D6,"ALIAS English") -> #NAME? | B6: 0302T_H | C6: =LEFT(B6,4) -> 0302 | D6: 1532 | E6: =LEFT(C6,4)&"2"&D6&"00" -> 03022153200 | F6: =IF(INDEX(#REF!,MATCH('JE - Cost'!B6,#REF!,0),MATCH('JE - Cost'!D6,#REF!,0)+3) > 0, INDEX(#REF!,MATCH('JE - Cost'!B6,#REF!,0),MATCH('JE - Cost'!D6,#REF!,0)+3),"") -> #REF! | G6: =IF(INDEX(#REF!,MATCH('JE - Cost'!B6,#REF!,0),MATCH('JE - Cost'!D6,#REF!,0)+3) < 0, -INDEX(#REF!,MATCH('JE - Cost'!B6,#REF!,0),MATCH('JE - Cost'!D6,#REF!,0)+3),"") -> #REF!
A7: =_xll.DBRA("RXLTM1:Account",D7,"ALIAS English") -> #NAME? | B7: 0303T_H | C7: =LEFT(B7,4) -> 0303 | D7: 1532 | E7: =LEFT(C7,4)&"2"&D7&"00" -> 03032153200 | F7: =IF(INDEX(#REF!,MATCH('JE - Cost'!B7,#REF!,0),MATCH('JE - Cost'!D7,#REF!,0)+3) > 0, INDEX(#REF!,MATCH('JE - Cost'!B7,#REF!,0),MATCH('JE - Cost'!D7,#REF!,0)+3),"") -> #REF! | G7: =IF(INDEX(#REF!,MATCH('JE - Cost'!B7,#REF!,0),MATCH('JE - Cost'!D7,#REF!,0)+3) < 0, -INDEX(#REF!,MATCH('JE - Cost'!B7,#REF!,0),MATCH('JE - Cost'!D7,#REF!,0)+3),"") -> #REF!
A8: =_xll.DBRA("RXLTM1:Account",D8,"ALIAS English") -> #NAME? | B8: 0304T_H | C8: =LEFT(B8,4) -> 0304 | D8: 1532 | E8: =LEFT(C8,4)&"2"&D8&"00" -> 03042153200 | F8: =IF(INDEX(#REF!,MATCH('JE - Cost'!B8,#REF!,0),MATCH('JE - Cost'!D8,#REF!,0)+3) > 0, INDEX(#REF!,MATCH('JE - Cost'!B8,#REF!,0),MATCH('JE - Cost'!D8,#REF!,0)+3),"") -> #REF! | G8: =IF(INDEX(#REF!,MATCH('JE - Cost'!B8,#REF!,0),MATCH('JE - Cost'!D8,#REF!,0)+3) < 0, -INDEX(#REF!,MATCH('JE - Cost'!B8,#REF!,0),MATCH('JE - Cost'!D8,#REF!,0)+3),"") -> #REF!
A9: =_xll.DBRA("RXLTM1:Account",D9,"ALIAS English") -> #NAME? | B9: 0305T_H | C9: =LEFT(B9,4) -> 0305 | D9: 1532 | E9: =LEFT(C9,4)&"2"&D9&"00" -> 03052153200 | F9: =IF(INDEX(#REF!,MATCH('JE - Cost'!B9,#REF!,0),MATCH('JE - Cost'!D9,#REF!,0)+3) > 0, INDEX(#REF!,MATCH('JE - Cost'!B9,#REF!,0),MATCH('JE - Cost'!D9,#REF!,0)+3),"") -> #REF! | G9: =IF(INDEX(#REF!,MATCH('JE - Cost'!B9,#REF!,0),MATCH('JE - Cost'!D9,#REF!,0)+3) < 0, -INDEX(#REF!,MATCH('JE - Cost'!B9,#REF!,0),MATCH('JE - Cost'!D9,#REF!,0)+3),"") -> #REF!
A10: =_xll.DBRA("RXLTM1:Account",D10,"ALIAS English") -> #NAME? | B10: 0306T_H | C10: =LEFT(B10,4) -> 0306 | D10: 1532 | E10: =LEFT(C10,4)&"2"&D10&"00" -> 03062153200 | F10: =IF(INDEX(#REF!,MATCH('JE - Cost'!B10,#REF!,0),MATCH('JE - Cost'!D10,#REF!,0)+3) > 0, INDEX(#REF!,MATCH('JE - Cost'!B10,#REF!,0),MATCH('JE - Cost'!D10,#REF!,0)+3),"") -> #REF! | G10: =IF(INDEX(#REF!,MATCH('JE - Cost'!B10,#REF!,0),MATCH('JE - Cost'!D10,#REF!,0)+3) < 0, -INDEX(#REF!,MATCH('JE - Cost'!B10,#REF!,0),MATCH('JE - Cost'!D10,#REF!,0)+3),"") -> #REF!
A11: =_xll.DBRA("RXLTM1:Account",D11,"ALIAS English") -> #NAME? | B11: 0308T_H | C11: =LEFT(B11,4) -> 0308 | D11: 1532 | E11: =LEFT(C11,4)&"2"&D11&"00" -> 03082153200 | F11: =IF(INDEX(#REF!,MATCH('JE - Cost'!B11,#REF!,0),MATCH('JE - Cost'!D11,#REF!,0)+3) > 0, INDEX(#REF!,MATCH('JE - Cost'!B11,#REF!,0),MATCH('JE - Cost'!D11,#REF!,0)+3),"") -> #REF! | G11: =IF(INDEX(#REF!,MATCH('JE - Cost'!B11,#REF!,0),MATCH('JE - Cost'!D11,#REF!,0)+3) < 0, -INDEX(#REF!,MATCH('JE - Cost'!B11,#REF!,0),MATCH('JE - Cost'!D11,#REF!,0)+3),"") -> #REF!
A12: =_xll.DBRA("RXLTM1:Account",D12,"ALIAS English") -> #NAME? | B12: 0309T_H | C12: =LEFT(B12,4) -> 0309 | D12: 1532 | E12: =LEFT(C12,4)&"2"&D12&"00" -> 03092153200 | F12: =IF(INDEX(#REF!,MATCH('JE - Cost'!B12,#REF!,0),MATCH('JE - Cost'!D12,#REF!,0)+3) > 0, INDEX(#REF!,MATCH('JE - Cost'!B12,#REF!,0),MATCH('JE - Cost'!D12,#REF!,0)+3),"") -> #REF! | G12: =IF(INDEX(#REF!,MATCH('JE - Cost'!B12,#REF!,0),MATCH('JE - Cost'!D12,#REF!,0)+3) < 0, -INDEX(#REF!,MATCH('JE - Cost'!B12,#REF!,0),MATCH('JE - Cost'!D12,#REF!,0)+3),"") -> #REF!
A13: =_xll.DBRA("RXLTM1:Account",D13,"ALIAS English") -> #NAME? | B13: 03ADMT_H | C13: 0311 | D13: 1532 | E13: =LEFT(C13,4)&"2"&D13&"00" -> 03112153200 | F13: =IF(INDEX(#REF!,MATCH('JE - Cost'!B13,#REF!,0),MATCH('JE - Cost'!D13,#REF!,0)+3) > 0, INDEX(#REF!,MATCH('JE - Cost'!B13,#REF!,0),MATCH('JE - Cost'!D13,#REF!,0)+3),"") -> #REF! | G13: =IF(INDEX(#REF!,MATCH('JE - Cost'!B13,#REF!,0),MATCH('JE - Cost'!D13,#REF!,0)+3) < 0, -INDEX(#REF!,MATCH('JE - Cost'!B13,#REF!,0),MATCH('JE - Cost'!D13,#REF!,0)+3),"") -> #REF!
A14: =_xll.DBRA("RXLTM1:Account",D14,"ALIAS English") -> #NAME? | B14: 0321T_H | C14: =LEFT(B14,4) -> 0321 | D14: 1532 | E14: =LEFT(C14,4)&"2"&D14&"00" -> 03212153200 | F14: =IF(INDEX(#REF!,MATCH('JE - Cost'!B14,#REF!,0),MATCH('JE - Cost'!D14,#REF!,0)+3) > 0, INDEX(#REF!,MATCH('JE - Cost'!B14,#REF!,0),MATCH('JE - Cost'!D14,#REF!,0)+3),"") -> #REF! | G14: =IF(INDEX(#REF!,MATCH('JE - Cost'!B14,#REF!,0),MATCH('JE - Cost'!D14,#REF!,0)+3) < 0, -INDEX(#REF!,MATCH('JE - Cost'!B14,#REF!,0),MATCH('JE - Cost'!D14,#REF!,0)+3),"") -> #REF!
A15: =_xll.DBRA("RXLTM1:Account",D15,"ALIAS English") -> #NAME? | B15: 0322T_H | C15: =LEFT(B15,4) -> 0322 | D15: 1532 | E15: =LEFT(C15,4)&"2"&D15&"00" -> 03222153200 | F15: =IF(INDEX(#REF!,MATCH('JE - Cost'!B15,#REF!,0),MATCH('JE - Cost'!D15,#REF!,0)+3) > 0, INDEX(#REF!,MATCH('JE - Cost'!B15,#REF!,0),MATCH('JE - Cost'!D15,#REF!,0)+3),"") -> #REF! | G15: =IF(INDEX(#REF!,MATCH('JE - Cost'!B15,#REF!,0),MATCH('JE - Cost'!D15,#REF!,0)+3) < 0, -INDEX(#REF!,MATCH('JE - Cost'!B15,#REF!,0),MATCH('JE - Cost'!D15,#REF!,0)+3),"") -> #REF!
A16: =_xll.DBRA("RXLTM1:Account",D16,"ALIAS English") -> #NAME? | B16: 0323T_H | C16: =LEFT(B16,4) -> 0323 | D16: 1532 | E16: =LEFT(C16,4)&"2"&D16&"00" -> 03232153200 | F16: =IF(INDEX(#REF!,MATCH('JE - Cost'!B16,#REF!,0),MATCH('JE - Cost'!D16,#REF!,0)+3) > 0, INDEX(#REF!,MATCH('JE - Cost'!B16,#REF!,0),MATCH('JE - Cost'!D16,#REF!,0)+3),"") -> #REF! | G16: =IF(INDEX(#REF!,MATCH('JE - Cost'!B16,#REF!,0),MATCH('JE - Cost'!D16,#REF!,0)+3) < 0, -INDEX(#REF!,MATCH('JE - Cost'!B16,#REF!,0),MATCH('JE - Cost'!D16,#REF!,0)+3),"") -> #REF!
A17: =_xll.DBRA("RXLTM1:Account",D17,"ALIAS English") -> #NAME? | B17: 0324T_H | C17: =LEFT(B17,4) -> 0324 | D17: 1532 | E17: =LEFT(C17,4)&"2"&D17&"00" -> 03242153200 | F17: =IF(INDEX(#REF!,MATCH('JE - Cost'!B17,#REF!,0),MATCH('JE - Cost'!D17,#REF!,0)+3) > 0, INDEX(#REF!,MATCH('JE - Cost'!B17,#REF!,0),MATCH('JE - Cost'!D17,#REF!,0)+3),"") -> #REF! | G17: =IF(INDEX(#REF!,MATCH('JE - Cost'!B17,#REF!,0),MATCH('JE - Cost'!D17,#REF!,0)+3) < 0, -INDEX(#REF!,MATCH('JE - Cost'!B17,#REF!,0),MATCH('JE - Cost'!D17,#REF!,0)+3),"") -> #REF!
A18: =_xll.DBRA("RXLTM1:Account",D18,"ALIAS English") -> #NAME? | B18: 0325T_H | C18: =LEFT(B18,4) -> 0325 | D18: 1532 | E18: =LEFT(C18,4)&"2"&D18&"00" -> 03252153200 | F18: =IF(INDEX(#REF!,MATCH('JE - Cost'!B18,#REF!,0),MATCH('JE - Cost'!D18,#REF!,0)+3) > 0, INDEX(#REF!,MATCH('JE - Cost'!B18,#REF!,0),MATCH('JE - Cost'!D18,#REF!,0)+3),"") -> #REF! | G18: =IF(INDEX(#REF!,MATCH('JE - Cost'!B18,#REF!,0),MATCH('JE - Cost'!D18,#REF!,0)+3) < 0, -INDEX(#REF!,MATCH('JE - Cost'!B18,#REF!,0),MATCH('JE - Cost'!D18,#REF!,0)+3),"") -> #REF!
A19: =_xll.DBRA("RXLTM1:Account",D19,"ALIAS English") -> #NAME? | B19: 0326T_H | C19: =LEFT(B19,4) -> 0326 | D19: 1532 | E19: =LEFT(C19,4)&"2"&D19&"00" -> 03262153200 | F19: =IF(INDEX(#REF!,MATCH('JE - Cost'!B19,#REF!,0),MATCH('JE - Cost'!D19,#REF!,0)+3) > 0, INDEX(#REF!,MATCH('JE - Cost'!B19,#REF!,0),MATCH('JE - Cost'!D19,#REF!,0)+3),"") -> #REF! | G19: =IF(INDEX(#REF!,MATCH('JE - Cost'!B19,#REF!,0),MATCH('JE - Cost'!D19,#REF!,0)+3) < 0, -INDEX(#REF!,MATCH('JE - Cost'!B19,#REF!,0),MATCH('JE - Cost'!D19,#REF!,0)+3),"") -> #REF!
A20: =_xll.DBRA("RXLTM1:Account",D20,"ALIAS English") -> #NAME? | B20: 0328T_H | C20: =LEFT(B20,4) -> 0328 | D20: 1532 | E20: =LEFT(C20,4)&"2"&D20&"00" -> 03282153200 | F20: =IF(INDEX(#REF!,MATCH('JE - Cost'!B20,#REF!,0),MATCH('JE - Cost'!D20,#REF!,0)+3) > 0, INDEX(#REF!,MATCH('JE - Cost'!B20,#REF!,0),MATCH('JE - Cost'!D20,#REF!,0)+3),"") -> #REF! | G20: =IF(INDEX(#REF!,MATCH('JE - Cost'!B20,#REF!,0),MATCH('JE - Cost'!D20,#REF!,0)+3) < 0, -INDEX(#REF!,MATCH('JE - Cost'!B20,#REF!,0),MATCH('JE - Cost'!D20,#REF!,0)+3),"") -> #REF!
A21: =_xll.DBRA("RXLTM1:Account",D21,"ALIAS English") -> #NAME? | B21: 0329T | C21: =LEFT(B21,4) -> 0329 | D21: 1532 | E21: =LEFT(C21,4)&"2"&D21&"00" -> 03292153200 | F21: =IF(INDEX(#REF!,MATCH('JE - Cost'!B21,#REF!,0),MATCH('JE - Cost'!D21,#REF!,0)+3) > 0, INDEX(#REF!,MATCH('JE - Cost'!B21,#REF!,0),MATCH('JE - Cost'!D21,#REF!,0)+3),"") -> #REF! | G21: =IF(INDEX(#REF!,MATCH('JE - Cost'!B21,#REF!,0),MATCH('JE - Cost'!D21,#REF!,0)+3) < 0, -INDEX(#REF!,MATCH('JE - Cost'!B21,#REF!,0),MATCH('JE - Cost'!D21,#REF!,0)+3),"") -> #REF!
A22: =_xll.DBRA("RXLTM1:Account",D22,"ALIAS English") -> #NAME? | B22: 0330T | C22: =LEFT(B22,4) -> 0330 | D22: 1532 | E22: =LEFT(C22,4)&"2"&D22&"00" -> 03302153200 | F22: =IF(INDEX(#REF!,MATCH('JE - Cost'!B22,#REF!,0),MATCH('JE - Cost'!D22,#REF!,0)+3) > 0, INDEX(#REF!,MATCH('JE - Cost'!B22,#REF!,0),MATCH('JE - Cost'!D22,#REF!,0)+3),"") -> #REF! | G22: =IF(INDEX(#REF!,MATCH('JE - Cost'!B22,#REF!,0),MATCH('JE - Cost'!D22,#REF!,0)+3) < 0, -INDEX(#REF!,MATCH('JE - Cost'!B22,#REF!,0),MATCH('JE - Cost'!D22,#REF!,0)+3),"") -> #REF!
A24: =_xll.DBRA("RXLTM1:Account",D24,"ALIAS English") -> #NAME? | B24: 0301T_H | C24: =LEFT(B24,4) -> 0301 | D24: 1542 | E24: =LEFT(C24,4)&"2"&D24&"00" -> 03012154200 | F24: =IF(INDEX(#REF!,MATCH('JE - Cost'!B24,#REF!,0),MATCH('JE - Cost'!D24,#REF!,0)+3) > 0, INDEX(#REF!,MATCH('JE - Cost'!B24,#REF!,0),MATCH('JE - Cost'!D24,#REF!,0)+3),"") -> #REF! | G24: =IF(INDEX(#REF!,MATCH('JE - Cost'!B24,#REF!,0),MATCH('JE - Cost'!D24,#REF!,0)+3) < 0, -INDEX(#REF!,MATCH('JE - Cost'!B24,#REF!,0),MATCH('JE - Cost'!D24,#REF!,0)+3),"") -> #REF!
A25: =_xll.DBRA("RXLTM1:Account",D25,"ALIAS English") -> #NAME? | B25: 0302T_H | C25: =LEFT(B25,4) -> 0302 | D25: 1542 | E25: =LEFT(C25,4)&"2"&D25&"00" -> 03022154200 | F25: =IF(INDEX(#REF!,MATCH('JE - Cost'!B25,#REF!,0),MATCH('JE - Cost'!D25,#REF!,0)+3) > 0, INDEX(#REF!,MATCH('JE - Cost'!B25,#REF!,0),MATCH('JE - Cost'!D25,#REF!,0)+3),"") -> #REF! | G25: =IF(INDEX(#REF!,MATCH('JE - Cost'!B25,#REF!,0),MATCH('JE - Cost'!D25,#REF!,0)+3) < 0, -INDEX(#REF!,MATCH('JE - Cost'!B25,#REF!,0),MATCH('JE - Cost'!D25,#REF!,0)+3),"") -> #REF!
A26: =_xll.DBRA("RXLTM1:Account",D26,"ALIAS English") -> #NAME? | B26: 0303T_H | C26: =LEFT(B26,4) -> 0303 | D26: 1542 | E26: =LEFT(C26,4)&"2"&D26&"00" -> 03032154200 | F26: =IF(INDEX(#REF!,MATCH('JE - Cost'!B26,#REF!,0),MATCH('JE - Cost'!D26,#REF!,0)+3) > 0, INDEX(#REF!,MATCH('JE - Cost'!B26,#REF!,0),MATCH('JE - Cost'!D26,#REF!,0)+3),"") -> #REF! | G26: =IF(INDEX(#REF!,MATCH('JE - Cost'!B26,#REF!,0),MATCH('JE - Cost'!D26,#REF!,0)+3) < 0, -INDEX(#REF!,MATCH('JE - Cost'!B26,#REF!,0),MATCH('JE - Cost'!D26,#REF!,0)+3),"") -> #REF!
... A31: =_xll.DBRA("RXLTM1:Account",D31,"ALIAS English") -> #NAME? | B31: 0309T_H | C31: =LEFT(B31,4) -> 0309 | D31: 1542 | E31: =LEFT(C31,4)&"2"&D31&"00" -> 03092154200 | F31: =IF(INDEX(#REF!,MATCH('JE - Cost'!B31,#REF!,0),MATCH('JE - Cost'!D31,#REF!,0)+3) > 0, INDEX(#REF!,MATCH('JE - Cost'!B31,#REF!,0),MATCH('JE - Cost'!D31,#REF!,0)+3),"") -> #REF! | G31: =IF(INDEX(#REF!,MATCH('JE - Cost'!B31,#REF!,0),MATCH('JE - Cost'!D31,#REF!,0)+3) < 0, -INDEX(#REF!,MATCH('JE - Cost'!B31,#REF!,0),MATCH('JE - Cost'!D31,#REF!,0)+3),"") -> #REF!
A32: =_xll.DBRA("RXLTM1:Account",D32,"ALIAS English") -> #NAME? | B32: 03ADMT_H | C32: 0311 | D32: 1542 | E32: =LEFT(C32,4)&"2"&D32&"00" -> 03112154200 | F32: =IF(INDEX(#REF!,MATCH('JE - Cost'!B32,#REF!,0),MATCH('JE - Cost'!D32,#REF!,0)+3) > 0, INDEX(#REF!,MATCH('JE - Cost'!B32,#REF!,0),MATCH('JE - Cost'!D32,#REF!,0)+3),"") -> #REF! | G32: =IF(INDEX(#REF!,MATCH('JE - Cost'!B32,#REF!,0),MATCH('JE - Cost'!D32,#REF!,0)+3) < 0, -INDEX(#REF!,MATCH('JE - Cost'!B32,#REF!,0),MATCH('JE - Cost'!D32,#REF!,0)+3),"") -> #REF!
A33: =_xll.DBRA("RXLTM1:Account",D33,"ALIAS English") -> #NAME? | B33: 0321T_H | C33: =LEFT(B33,4) -> 0321 | D33: 1542 | E33: =LEFT(C33,4)&"2"&D33&"00" -> 03212154200 | F33: =IF(INDEX(#REF!,MATCH('JE - Cost'!B33,#REF!,0),MATCH('JE - Cost'!D33,#REF!,0)+3) > 0, INDEX(#REF!,MATCH('JE - Cost'!B33,#REF!,0),MATCH('JE - Cost'!D33,#REF!,0)+3),"") -> #REF! | G33: =IF(INDEX(#REF!,MATCH('JE - Cost'!B33,#REF!,0),MATCH('JE - Cost'!D33,#REF!,0)+3) < 0, -INDEX(#REF!,MATCH('JE - Cost'!B33,#REF!,0),MATCH('JE - Cost'!D33,#REF!,0)+3),"") -> #REF!
A34: =_xll.DBRA("RXLTM1:Account",D34,"ALIAS English") -> #NAME? | B34: 0322T_H | C34: =LEFT(B34,4) -> 0322 | D34: 1542 | E34: =LEFT(C34,4)&"2"&D34&"00" -> 03222154200 | F34: =IF(INDEX(#REF!,MATCH('JE - Cost'!B34,#REF!,0),MATCH('JE - Cost'!D34,#REF!,0)+3) > 0, INDEX(#REF!,MATCH('JE - Cost'!B34,#REF!,0),MATCH('JE - Cost'!D34,#REF!,0)+3),"") -> #REF! | G34: =IF(INDEX(#REF!,MATCH('JE - Cost'!B34,#REF!,0),MATCH('JE - Cost'!D34,#REF!,0)+3) < 0, -INDEX(#REF!,MATCH('JE - Cost'!B34,#REF!,0),MATCH('JE - Cost'!D34,#REF!,0)+3),"") -> #REF!
A35: =_xll.DBRA("RXLTM1:Account",D35,"ALIAS English") -> #NAME? | B35: 0323T_H | C35: =LEFT(B35,4) -> 0323 | D35: 1542 | E35: =LEFT(C35,4)&"2"&D35&"00" -> 03232154200 | F35: =IF(INDEX(#REF!,MATCH('JE - Cost'!B35,#REF!,0),MATCH('JE - Cost'!D35,#REF!,0)+3) > 0, INDEX(#REF!,MATCH('JE - Cost'!B35,#REF!,0),MATCH('JE - Cost'!D35,#REF!,0)+3),"") -> #REF! | G35: =IF(INDEX(#REF!,MATCH('JE - Cost'!B35,#REF!,0),MATCH('JE - Cost'!D35,#REF!,0)+3) < 0, -INDEX(#REF!,MATCH('JE - Cost'!B35,#REF!,0),MATCH('JE - Cost'!D35,#REF!,0)+3),"") -> #REF!
A36: =_xll.DBRA("RXLTM1:Account",D36,"ALIAS English") -> #NAME? | B36: 0324T_H | C36: =LEFT(B36,4) -> 0324 | D36: 1542 | E36: =LEFT(C36,4)&"2"&D36&"00" -> 03242154200 | F36: =IF(INDEX(#REF!,MATCH('JE - Cost'!B36,#REF!,0),MATCH('JE - Cost'!D36,#REF!,0)+3) > 0, INDEX(#REF!,MATCH('JE - Cost'!B36,#REF!,0),MATCH('JE - Cost'!D36,#REF!,0)+3),"") -> #REF! | G36: =IF(INDEX(#REF!,MATCH('JE - Cost'!B36,#REF!,0),MATCH('JE - Cost'!D36,#REF!,0)+3) < 0, -INDEX(#REF!,MATCH('JE - Cost'!B36,#REF!,0),MATCH('JE - Cost'!D36,#REF!,0)+3),"") -> #REF!
A37: =_xll.DBRA("RXLTM1:Account",D37,"ALIAS English") -> #NAME? | B37: 0325T_H | C37: =LEFT(B37,4) -> 0325 | D37: 1542 | E37: =LEFT(C37,4)&"2"&D37&"00" -> 03252154200 | F37: =IF(INDEX(#REF!,MATCH('JE - Cost'!B37,#REF!,0),MATCH('JE - Cost'!D37,#REF!,0)+3) > 0, INDEX(#REF!,MATCH('JE - Cost'!B37,#REF!,0),MATCH('JE - Cost'!D37,#REF!,0)+3),"") -> #REF! | G37: =IF(INDEX(#REF!,MATCH('JE - Cost'!B37,#REF!,0),MATCH('JE - Cost'!D37,#REF!,0)+3) < 0, -INDEX(#REF!,MATCH('JE - Cost'!B37,#REF!,0),MATCH('JE - Cost'!D37,#REF!,0)+3),"") -> #REF!
A38: =_xll.DBRA("RXLTM1:Account",D38,"ALIAS English") -> #NAME? | B38: 0326T_H | C38: =LEFT(B38,4) -> 0326 | D38: 1542 | E38: =LEFT(C38,4)&"2"&D38&"00" -> 03262154200 | F38: =IF(INDEX(#REF!,MATCH('JE - Cost'!B38,#REF!,0),MATCH('JE - Cost'!D38,#REF!,0)+3) > 0, INDEX(#REF!,MATCH('JE - Cost'!B38,#REF!,0),MATCH('JE - Cost'!D38,#REF!,0)+3),"") -> #REF! | G38: =IF(INDEX(#REF!,MATCH('JE - Cost'!B38,#REF!,0),MATCH('JE - Cost'!D38,#REF!,0)+3) < 0, -INDEX(#REF!,MATCH('JE - Cost'!B38,#REF!,0),MATCH('JE - Cost'!D38,#REF!,0)+3),"") -> #REF!
A39: =_xll.DBRA("RXLTM1:Account",D39,"ALIAS English") -> #NAME? | B39: 0328T_H | C39: =LEFT(B39,4) -> 0328 | D39: 1542 | E39: =LEFT(C39,4)&"2"&D39&"00" -> 03282154200 | F39: =IF(INDEX(#REF!,MATCH('JE - Cost'!B39,#REF!,0),MATCH('JE - Cost'!D39,#REF!,0)+3) > 0, INDEX(#REF!,MATCH('JE - Cost'!B39,#REF!,0),MATCH('JE - Cost'!D39,#REF!,0)+3),"") -> #REF! | G39: =IF(INDEX(#REF!,MATCH('JE - Cost'!B39,#REF!,0),MATCH('JE - Cost'!D39,#REF!,0)+3) < 0, -INDEX(#REF!,MATCH('JE - Cost'!B39,#REF!,0),MATCH('JE - Cost'!D39,#REF!,0)+3),"") -> #REF!
A40: =_xll.DBRA("RXLTM1:Account",D40,"ALIAS English") -> #NAME? | B40: 0329T | C40: =LEFT(B40,4) -> 0329 | D40: 1542 | E40: =LEFT(C40,4)&"2"&D40&"00" -> 03292154200 | F40: =IF(INDEX(#REF!,MATCH('JE - Cost'!B40,#REF!,0),MATCH('JE - Cost'!D40,#REF!,0)+3) > 0, INDEX(#REF!,MATCH('JE - Cost'!B40,#REF!,0),MATCH('JE - Cost'!D40,#REF!,0)+3),"") -> #REF! | G40: =IF(INDEX(#REF!,MATCH('JE - Cost'!B40,#REF!,0),MATCH('JE - Cost'!D40,#REF!,0)+3) < 0, -INDEX(#REF!,MATCH('JE - Cost'!B40,#REF!,0),MATCH('JE - Cost'!D40,#REF!,0)+3),"") -> #REF!
A41: =_xll.DBRA("RXLTM1:Account",D41,"ALIAS English") -> #NAME? | B41: 0330T | C41: =LEFT(B41,4) -> 0330 | D41: 1542 | E41: =LEFT(C41,4)&"2"&D41&"00" -> 03302154200 | F41: =IF(INDEX(#REF!,MATCH('JE - Cost'!B41,#REF!,0),MATCH('JE - Cost'!D41,#REF!,0)+3) > 0, INDEX(#REF!,MATCH('JE - Cost'!B41,#REF!,0),MATCH('JE - Cost'!D41,#REF!,0)+3),"") -> #REF! | G41: =IF(INDEX(#REF!,MATCH('JE - Cost'!B41,#REF!,0),MATCH('JE - Cost'!D41,#REF!,0)+3) < 0, -INDEX(#REF!,MATCH('JE - Cost'!B41,#REF!,0),MATCH('JE - Cost'!D41,#REF!,0)+3),"") -> #REF!
A43: =_xll.DBRA("RXLTM1:Account",D43,"ALIAS English") -> #NAME? | B43: 0301T_H | C43: =LEFT(B43,4) -> 0301 | D43: 1552 | E43: =LEFT(C43,4)&"2"&D43&"00" -> 03012155200 | F43: =IF(INDEX(#REF!,MATCH('JE - Cost'!B43,#REF!,0),MATCH('JE - Cost'!D43,#REF!,0)+3) > 0, INDEX(#REF!,MATCH('JE - Cost'!B43,#REF!,0),MATCH('JE - Cost'!D43,#REF!,0)+3),"") -> #REF! | G43: =IF(INDEX(#REF!,MATCH('JE - Cost'!B43,#REF!,0),MATCH('JE - Cost'!D43,#REF!,0)+3) < 0, -INDEX(#REF!,MATCH('JE - Cost'!B43,#REF!,0),MATCH('JE - Cost'!D43,#REF!,0)+3),"") -> #REF!
A44: =_xll.DBRA("RXLTM1:Account",D44,"ALIAS English") -> #NAME? | B44: 0302T_H | C44: =LEFT(B44,4) -> 0302 | D44: 1552 | E44: =LEFT(C44,4)&"2"&D44&"00" -> 03022155200 | F44: =IF(INDEX(#REF!,MATCH('JE - Cost'!B44,#REF!,0),MATCH('JE - Cost'!D44,#REF!,0)+3) > 0, INDEX(#REF!,MATCH('JE - Cost'!B44,#REF!,0),MATCH('JE - Cost'!D44,#REF!,0)+3),"") -> #REF! | G44: =IF(INDEX(#REF!,MATCH('JE - Cost'!B44,#REF!,0),MATCH('JE - Cost'!D44,#REF!,0)+3) < 0, -INDEX(#REF!,MATCH('JE - Cost'!B44,#REF!,0),MATCH('JE - Cost'!D44,#REF!,0)+3),"") -> #REF!
A45: =_xll.DBRA("RXLTM1:Account",D45,"ALIAS English") -> #NAME? | B45: 0303T_H | C45: =LEFT(B45,4) -> 0303 | D45: 1552 | E45: =LEFT(C45,4)&"2"&D45&"00" -> 03032155200 | F45: =IF(INDEX(#REF!,MATCH('JE - Cost'!B45,#REF!,0),MATCH('JE - Cost'!D45,#REF!,0)+3) > 0, INDEX(#REF!,MATCH('JE - Cost'!B45,#REF!,0),MATCH('JE - Cost'!D45,#REF!,0)+3),"") -> #REF! | G45: =IF(INDEX(#REF!,MATCH('JE - Cost'!B45,#REF!,0),MATCH('JE - Cost'!D45,#REF!,0)+3) < 0, -INDEX(#REF!,MATCH('JE - Cost'!B45,#REF!,0),MATCH('JE - Cost'!D45,#REF!,0)+3),"") -> #REF!
... A50: =_xll.DBRA("RXLTM1:Account",D50,"ALIAS English") -> #NAME? | B50: 0309T_H | C50: =LEFT(B50,4) -> 0309 | D50: 1552 | E50: =LEFT(C50,4)&"2"&D50&"00" -> 03092155200 | F50: =IF(INDEX(#REF!,MATCH('JE - Cost'!B50,#REF!,0),MATCH('JE - Cost'!D50,#REF!,0)+3) > 0, INDEX(#REF!,MATCH('JE - Cost'!B50,#REF!,0),MATCH('JE - Cost'!D50,#REF!,0)+3),"") -> #REF! | G50: =IF(INDEX(#REF!,MATCH('JE - Cost'!B50,#REF!,0),MATCH('JE - Cost'!D50,#REF!,0)+3) < 0, -INDEX(#REF!,MATCH('JE - Cost'!B50,#REF!,0),MATCH('JE - Cost'!D50,#REF!,0)+3),"") -> #REF!
A51: =_xll.DBRA("RXLTM1:Account",D51,"ALIAS English") -> #NAME? | B51: 03ADMT_H | C51: 0311 | D51: 1552 | E51: =LEFT(C51,4)&"2"&D51&"00" -> 03112155200 | F51: =IF(INDEX(#REF!,MATCH('JE - Cost'!B51,#REF!,0),MATCH('JE - Cost'!D51,#REF!,0)+3) > 0, INDEX(#REF!,MATCH('JE - Cost'!B51,#REF!,0),MATCH('JE - Cost'!D51,#REF!,0)+3),"") -> #REF! | G51: =IF(INDEX(#REF!,MATCH('JE - Cost'!B51,#REF!,0),MATCH('JE - Cost'!D51,#REF!,0)+3) < 0, -INDEX(#REF!,MATCH('JE - Cost'!B51,#REF!,0),MATCH('JE - Cost'!D51,#REF!,0)+3),"") -> #REF!
A52: =_xll.DBRA("RXLTM1:Account",D52,"ALIAS English") -> #NAME? | B52: 0321T_H | C52: =LEFT(B52,4) -> 0321 | D52: 1552 | E52: =LEFT(C52,4)&"2"&D52&"00" -> 03212155200 | F52: =IF(INDEX(#REF!,MATCH('JE - Cost'!B52,#REF!,0),MATCH('JE - Cost'!D52,#REF!,0)+3) > 0, INDEX(#REF!,MATCH('JE - Cost'!B52,#REF!,0),MATCH('JE - Cost'!D52,#REF!,0)+3),"") -> #REF! | G52: =IF(INDEX(#REF!,MATCH('JE - Cost'!B52,#REF!,0),MATCH('JE - Cost'!D52,#REF!,0)+3) < 0, -INDEX(#REF!,MATCH('JE - Cost'!B52,#REF!,0),MATCH('JE - Cost'!D52,#REF!,0)+3),"") -> #REF!
A53: =_xll.DBRA("RXLTM1:Account",D53,"ALIAS English") -> #NAME? | B53: 0322T_H | C53: =LEFT(B53,4) -> 0322 | D53: 1552 | E53: =LEFT(C53,4)&"2"&D53&"00" -> 03222155200 | F53: =IF(INDEX(#REF!,MATCH('JE - Cost'!B53,#REF!,0),MATCH('JE - Cost'!D53,#REF!,0)+3) > 0, INDEX(#REF!,MATCH('JE - Cost'!B53,#REF!,0),MATCH('JE - Cost'!D53,#REF!,0)+3),"") -> #REF! | G53: =IF(INDEX(#REF!,MATCH('JE - Cost'!B53,#REF!,0),MATCH('JE - Cost'!D53,#REF!,0)+3) < 0, -INDEX(#REF!,MATCH('JE - Cost'!B53,#REF!,0),MATCH('JE - Cost'!D53,#REF!,0)+3),"") -> #REF!
A54: =_xll.DBRA("RXLTM1:Account",D54,"ALIAS English") -> #NAME? | B54: 0323T_H | C54: =LEFT(B54,4) -> 0323 | D54: 1552 | E54: =LEFT(C54,4)&"2"&D54&"00" -> 03232155200 | F54: =IF(INDEX(#REF!,MATCH('JE - Cost'!B54,#REF!,0),MATCH('JE - Cost'!D54,#REF!,0)+3) > 0, INDEX(#REF!,MATCH('JE - Cost'!B54,#REF!,0),MATCH('JE - Cost'!D54,#REF!,0)+3),"") -> #REF! | G54: =IF(INDEX(#REF!,MATCH('JE - Cost'!B54,#REF!,0),MATCH('JE - Cost'!D54,#REF!,0)+3) < 0, -INDEX(#REF!,MATCH('JE - Cost'!B54,#REF!,0),MATCH('JE - Cost'!D54,#REF!,0)+3),"") -> #REF!
A55: =_xll.DBRA("RXLTM1:Account",D55,"ALIAS English") -> #NAME? | B55: 0324T_H | C55: =LEFT(B55,4) -> 0324 | D55: 1552 | E55: =LEFT(C55,4)&"2"&D55&"00" -> 03242155200 | F55: =IF(INDEX(#REF!,MATCH('JE - Cost'!B55,#REF!,0),MATCH('JE - Cost'!D55,#REF!,0)+3) > 0, INDEX(#REF!,MATCH('JE - Cost'!B55,#REF!,0),MATCH('JE - Cost'!D55,#REF!,0)+3),"") -> #REF! | G55: =IF(INDEX(#REF!,MATCH('JE - Cost'!B55,#REF!,0),MATCH('JE - Cost'!D55,#REF!,0)+3) < 0, -INDEX(#REF!,MATCH('JE - Cost'!B55,#REF!,0),MATCH('JE - Cost'!D55,#REF!,0)+3),"") -> #REF!
A56: =_xll.DBRA("RXLTM1:Account",D56,"ALIAS English") -> #NAME? | B56: 0325T_H | C56: =LEFT(B56,4) -> 0325 | D56: 1552 | E56: =LEFT(C56,4)&"2"&D56&"00" -> 03252155200 | F56: =IF(INDEX(#REF!,MATCH('JE - Cost'!B56,#REF!,0),MATCH('JE - Cost'!D56,#REF!,0)+3) > 0, INDEX(#REF!,MATCH('JE - Cost'!B56,#REF!,0),MATCH('JE - Cost'!D56,#REF!,0)+3),"") -> #REF! | G56: =IF(INDEX(#REF!,MATCH('JE - Cost'!B56,#REF!,0),MATCH('JE - Cost'!D56,#REF!,0)+3) < 0, -INDEX(#REF!,MATCH('JE - Cost'!B56,#REF!,0),MATCH('JE - Cost'!D56,#REF!,0)+3),"") -> #REF!
A57: =_xll.DBRA("RXLTM1:Account",D57,"ALIAS English") -> #NAME? | B57: 0326T_H | C57: =LEFT(B57,4) -> 0326 | D57: 1552 | E57: =LEFT(C57,4)&"2"&D57&"00" -> 03262155200 | F57: =IF(INDEX(#REF!,MATCH('JE - Cost'!B57,#REF!,0),MATCH('JE - Cost'!D57,#REF!,0)+3) > 0, INDEX(#REF!,MATCH('JE - Cost'!B57,#REF!,0),MATCH('JE - Cost'!D57,#REF!,0)+3),"") -> #REF! | G57: =IF(INDEX(#REF!,MATCH('JE - Cost'!B57,#REF!,0),MATCH('JE - Cost'!D57,#REF!,0)+3) < 0, -INDEX(#REF!,MATCH('JE - Cost'!B57,#REF!,0),MATCH('JE - Cost'!D57,#REF!,0)+3),"") -> #REF!
A58: =_xll.DBRA("RXLTM1:Account",D58,"ALIAS English") -> #NAME? | B58: 0328T_H | C58: =LEFT(B58,4) -> 0328 | D58: 1552 | E58: =LEFT(C58,4)&"2"&D58&"00" -> 03282155200 | F58: =IF(INDEX(#REF!,MATCH('JE - Cost'!B58,#REF!,0),MATCH('JE - Cost'!D58,#REF!,0)+3) > 0, INDEX(#REF!,MATCH('JE - Cost'!B58,#REF!,0),MATCH('JE - Cost'!D58,#REF!,0)+3),"") -> #REF! | G58: =IF(INDEX(#REF!,MATCH('JE - Cost'!B58,#REF!,0),MATCH('JE - Cost'!D58,#REF!,0)+3) < 0, -INDEX(#REF!,MATCH('JE - Cost'!B58,#REF!,0),MATCH('JE - Cost'!D58,#REF!,0)+3),"") -> #REF!
A59: =_xll.DBRA("RXLTM1:Account",D59,"ALIAS English") -> #NAME? | B59: 0329T | C59: =LEFT(B59,4) -> 0329 | D59: 1552 | E59: =LEFT(C59,4)&"2"&D59&"00" -> 03292155200 | F59: =IF(INDEX(#REF!,MATCH('JE - Cost'!B59,#REF!,0),MATCH('JE - Cost'!D59,#REF!,0)+3) > 0, INDEX(#REF!,MATCH('JE - Cost'!B59,#REF!,0),MATCH('JE - Cost'!D59,#REF!,0)+3),"") -> #REF! | G59: =IF(INDEX(#REF!,MATCH('JE - Cost'!B59,#REF!,0),MATCH('JE - Cost'!D59,#REF!,0)+3) < 0, -INDEX(#REF!,MATCH('JE - Cost'!B59,#REF!,0),MATCH('JE - Cost'!D59,#REF!,0)+3),"") -> #REF!
A60: =_xll.DBRA("RXLTM1:Account",D60,"ALIAS English") -> #NAME? | B60: 0330T | C60: =LEFT(B60,4) -> 0330 | D60: 1552 | E60: =LEFT(C60,4)&"2"&D60&"00" -> 03302155200 | F60: =IF(INDEX(#REF!,MATCH('JE - Cost'!B60,#REF!,0),MATCH('JE - Cost'!D60,#REF!,0)+3) > 0, INDEX(#REF!,MATCH('JE - Cost'!B60,#REF!,0),MATCH('JE - Cost'!D60,#REF!,0)+3),"") -> #REF! | G60: =IF(INDEX(#REF!,MATCH('JE - Cost'!B60,#REF!,0),MATCH('JE - Cost'!D60,#REF!,0)+3) < 0, -INDEX(#REF!,MATCH('JE - Cost'!B60,#REF!,0),MATCH('JE - Cost'!D60,#REF!,0)+3),"") -> #REF!
A62: =_xll.DBRA("RXLTM1:Account",D62,"ALIAS English") -> #NAME? | B62: 0301T_H | C62: =LEFT(B62,4) -> 0301 | D62: 1562 | E62: =LEFT(C62,4)&"2"&D62&"00" -> 03012156200 | F62: =IF(INDEX(#REF!,MATCH('JE - Cost'!B62,#REF!,0),MATCH('JE - Cost'!D62,#REF!,0)+3) > 0, INDEX(#REF!,MATCH('JE - Cost'!B62,#REF!,0),MATCH('JE - Cost'!D62,#REF!,0)+3),"") -> #REF! | G62: =IF(INDEX(#REF!,MATCH('JE - Cost'!B62,#REF!,0),MATCH('JE - Cost'!D62,#REF!,0)+3) < 0, -INDEX(#REF!,MATCH('JE - Cost'!B62,#REF!,0),MATCH('JE - Cost'!D62,#REF!,0)+3),"") -> #REF!
A63: =_xll.DBRA("RXLTM1:Account",D63,"ALIAS English") -> #NAME? | B63: 0302T_H | C63: =LEFT(B63,4) -> 0302 | D63: 1562 | E63: =LEFT(C63,4)&"2"&D63&"00" -> 03022156200 | F63: =IF(INDEX(#REF!,MATCH('JE - Cost'!B63,#REF!,0),MATCH('JE - Cost'!D63,#REF!,0)+3) > 0, INDEX(#REF!,MATCH('JE - Cost'!B63,#REF!,0),MATCH('JE - Cost'!D63,#REF!,0)+3),"") -> #REF! | G63: =IF(INDEX(#REF!,MATCH('JE - Cost'!B63,#REF!,0),MATCH('JE - Cost'!D63,#REF!,0)+3) < 0, -INDEX(#REF!,MATCH('JE - Cost'!B63,#REF!,0),MATCH('JE - Cost'!D63,#REF!,0)+3),"") -> #REF!
A64: =_xll.DBRA("RXLTM1:Account",D64,"ALIAS English") -> #NAME? | B64: 0303T_H | C64: =LEFT(B64,4) -> 0303 | D64: 1562 | E64: =LEFT(C64,4)&"2"&D64&"00" -> 03032156200 | F64: =IF(INDEX(#REF!,MATCH('JE - Cost'!B64,#REF!,0),MATCH('JE - Cost'!D64,#REF!,0)+3) > 0, INDEX(#REF!,MATCH('JE - Cost'!B64,#REF!,0),MATCH('JE - Cost'!D64,#REF!,0)+3),"") -> #REF! | G64: =IF(INDEX(#REF!,MATCH('JE - Cost'!B64,#REF!,0),MATCH('JE - Cost'!D64,#REF!,0)+3) < 0, -INDEX(#REF!,MATCH('JE - Cost'!B64,#REF!,0),MATCH('JE - Cost'!D64,#REF!,0)+3),"") -> #REF!
... A69: =_xll.DBRA("RXLTM1:Account",D69,"ALIAS English") -> #NAME? | B69: 0309T_H | C69: =LEFT(B69,4) -> 0309 | D69: 1562 | E69: =LEFT(C69,4)&"2"&D69&"00" -> 03092156200 | F69: =IF(INDEX(#REF!,MATCH('JE - Cost'!B69,#REF!,0),MATCH('JE - Cost'!D69,#REF!,0)+3) > 0, INDEX(#REF!,MATCH('JE - Cost'!B69,#REF!,0),MATCH('JE - Cost'!D69,#REF!,0)+3),"") -> #REF! | G69: =IF(INDEX(#REF!,MATCH('JE - Cost'!B69,#REF!,0),MATCH('JE - Cost'!D69,#REF!,0)+3) < 0, -INDEX(#REF!,MATCH('JE - Cost'!B69,#REF!,0),MATCH('JE - Cost'!D69,#REF!,0)+3),"") -> #REF!
A70: =_xll.DBRA("RXLTM1:Account",D70,"ALIAS English") -> #NAME? | B70: 03ADMT_H | C70: 0311 | D70: 1562 | E70: =LEFT(C70,4)&"2"&D70&"00" -> 03112156200 | F70: =IF(INDEX(#REF!,MATCH('JE - Cost'!B70,#REF!,0),MATCH('JE - Cost'!D70,#REF!,0)+3) > 0, INDEX(#REF!,MATCH('JE - Cost'!B70,#REF!,0),MATCH('JE - Cost'!D70,#REF!,0)+3),"") -> #REF! | G70: =IF(INDEX(#REF!,MATCH('JE - Cost'!B70,#REF!,0),MATCH('JE - Cost'!D70,#REF!,0)+3) < 0, -INDEX(#REF!,MATCH('JE - Cost'!B70,#REF!,0),MATCH('JE - Cost'!D70,#REF!,0)+3),"") -> #REF!
A71: =_xll.DBRA("RXLTM1:Account",D71,"ALIAS English") -> #NAME? | B71: 0321T_H | C71: =LEFT(B71,4) -> 0321 | D71: 1562 | E71: =LEFT(C71,4)&"2"&D71&"00" -> 03212156200 | F71: =IF(INDEX(#REF!,MATCH('JE - Cost'!B71,#REF!,0),MATCH('JE - Cost'!D71,#REF!,0)+3) > 0, INDEX(#REF!,MATCH('JE - Cost'!B71,#REF!,0),MATCH('JE - Cost'!D71,#REF!,0)+3),"") -> #REF! | G71: =IF(INDEX(#REF!,MATCH('JE - Cost'!B71,#REF!,0),MATCH('JE - Cost'!D71,#REF!,0)+3) < 0, -INDEX(#REF!,MATCH('JE - Cost'!B71,#REF!,0),MATCH('JE - Cost'!D71,#REF!,0)+3),"") -> #REF!
A72: =_xll.DBRA("RXLTM1:Account",D72,"ALIAS English") -> #NAME? | B72: 0322T_H | C72: =LEFT(B72,4) -> 0322 | D72: 1562 | E72: =LEFT(C72,4)&"2"&D72&"00" -> 03222156200 | F72: =IF(INDEX(#REF!,MATCH('JE - Cost'!B72,#REF!,0),MATCH('JE - Cost'!D72,#REF!,0)+3) > 0, INDEX(#REF!,MATCH('JE - Cost'!B72,#REF!,0),MATCH('JE - Cost'!D72,#REF!,0)+3),"") -> #REF! | G72: =IF(INDEX(#REF!,MATCH('JE - Cost'!B72,#REF!,0),MATCH('JE - Cost'!D72,#REF!,0)+3) < 0, -INDEX(#REF!,MATCH('JE - Cost'!B72,#REF!,0),MATCH('JE - Cost'!D72,#REF!,0)+3),"") -> #REF!
A73: =_xll.DBRA("RXLTM1:Account",D73,"ALIAS English") -> #NAME? | B73: 0323T_H | C73: =LEFT(B73,4) -> 0323 | D73: 1562 | E73: =LEFT(C73,4)&"2"&D73&"00" -> 03232156200 | F73: =IF(INDEX(#REF!,MATCH('JE - Cost'!B73,#REF!,0),MATCH('JE - Cost'!D73,#REF!,0)+3) > 0, INDEX(#REF!,MATCH('JE - Cost'!B73,#REF!,0),MATCH('JE - Cost'!D73,#REF!,0)+3),"") -> #REF! | G73: =IF(INDEX(#REF!,MATCH('JE - Cost'!B73,#REF!,0),MATCH('JE - Cost'!D73,#REF!,0)+3) < 0, -INDEX(#REF!,MATCH('JE - Cost'!B73,#REF!,0),MATCH('JE - Cost'!D73,#REF!,0)+3),"") -> #REF!
A74: =_xll.DBRA("RXLTM1:Account",D74,"ALIAS English") -> #NAME? | B74: 0324T_H | C74: =LEFT(B74,4) -> 0324 | D74: 1562 | E74: =LEFT(C74,4)&"2"&D74&"00" -> 03242156200 | F74: =IF(INDEX(#REF!,MATCH('JE - Cost'!B74,#REF!,0),MATCH('JE - Cost'!D74,#REF!,0)+3) > 0, INDEX(#REF!,MATCH('JE - Cost'!B74,#REF!,0),MATCH('JE - Cost'!D74,#REF!,0)+3),"") -> #REF! | G74: =IF(INDEX(#REF!,MATCH('JE - Cost'!B74,#REF!,0),MATCH('JE - Cost'!D74,#REF!,0)+3) < 0, -INDEX(#REF!,MATCH('JE - Cost'!B74,#REF!,0),MATCH('JE - Cost'!D74,#REF!,0)+3),"") -> #REF!
A75: =_xll.DBRA("RXLTM1:Account",D75,"ALIAS English") -> #NAME? | B75: 0325T_H | C75: =LEFT(B75,4) -> 0325 | D75: 1562 | E75: =LEFT(C75,4)&"2"&D75&"00" -> 03252156200 | F75: =IF(INDEX(#REF!,MATCH('JE - Cost'!B75,#REF!,0),MATCH('JE - Cost'!D75,#REF!,0)+3) > 0, INDEX(#REF!,MATCH('JE - Cost'!B75,#REF!,0),MATCH('JE - Cost'!D75,#REF!,0)+3),"") -> #REF! | G75: =IF(INDEX(#REF!,MATCH('JE - Cost'!B75,#REF!,0),MATCH('JE - Cost'!D75,#REF!,0)+3) < 0, -INDEX(#REF!,MATCH('JE - Cost'!B75,#REF!,0),MATCH('JE - Cost'!D75,#REF!,0)+3),"") -> #REF!
A76: =_xll.DBRA("RXLTM1:Account",D76,"ALIAS English") -> #NAME? | B76: 0326T_H | C76: =LEFT(B76,4) -> 0326 | D76: 1562 | E76: =LEFT(C76,4)&"2"&D76&"00" -> 03262156200 | F76: =IF(INDEX(#REF!,MATCH('JE - Cost'!B76,#REF!,0),MATCH('JE - Cost'!D76,#REF!,0)+3) > 0, INDEX(#REF!,MATCH('JE - Cost'!B76,#REF!,0),MATCH('JE - Cost'!D76,#REF!,0)+3),"") -> #REF! | G76: =IF(INDEX(#REF!,MATCH('JE - Cost'!B76,#REF!,0),MATCH('JE - Cost'!D76,#REF!,0)+3) < 0, -INDEX(#REF!,MATCH('JE - Cost'!B76,#REF!,0),MATCH('JE - Cost'!D76,#REF!,0)+3),"") -> #REF!
A77: =_xll.DBRA("RXLTM1:Account",D77,"ALIAS English") -> #NAME? | B77: 0328T_H | C77: =LEFT(B77,4) -> 0328 | D77: 1562 | E77: =LEFT(C77,4)&"2"&D77&"00" -> 03282156200 | F77: =IF(INDEX(#REF!,MATCH('JE - Cost'!B77,#REF!,0),MATCH('JE - Cost'!D77,#REF!,0)+3) > 0, INDEX(#REF!,MATCH('JE - Cost'!B77,#REF!,0),MATCH('JE - Cost'!D77,#REF!,0)+3),"") -> #REF! | G77: =IF(INDEX(#REF!,MATCH('JE - Cost'!B77,#REF!,0),MATCH('JE - Cost'!D77,#REF!,0)+3) < 0, -INDEX(#REF!,MATCH('JE - Cost'!B77,#REF!,0),MATCH('JE - Cost'!D77,#REF!,0)+3),"") -> #REF!
A78: =_xll.DBRA("RXLTM1:Account",D78,"ALIAS English") -> #NAME? | B78: 0329T | C78: =LEFT(B78,4) -> 0329 | D78: 1562 | E78: =LEFT(C78,4)&"2"&D78&"00" -> 03292156200 | F78: =IF(INDEX(#REF!,MATCH('JE - Cost'!B78,#REF!,0),MATCH('JE - Cost'!D78,#REF!,0)+3) > 0, INDEX(#REF!,MATCH('JE - Cost'!B78,#REF!,0),MATCH('JE - Cost'!D78,#REF!,0)+3),"") -> #REF! | G78: =IF(INDEX(#REF!,MATCH('JE - Cost'!B78,#REF!,0),MATCH('JE - Cost'!D78,#REF!,0)+3) < 0, -INDEX(#REF!,MATCH('JE - Cost'!B78,#REF!,0),MATCH('JE - Cost'!D78,#REF!,0)+3),"") -> #REF!
A79: =_xll.DBRA("RXLTM1:Account",D79,"ALIAS English") -> #NAME? | B79: 0330T | C79: =LEFT(B79,4) -> 0330 | D79: 1562 | E79: =LEFT(C79,4)&"2"&D79&"00" -> 03302156200 | F79: =IF(INDEX(#REF!,MATCH('JE - Cost'!B79,#REF!,0),MATCH('JE - Cost'!D79,#REF!,0)+3) > 0, INDEX(#REF!,MATCH('JE - Cost'!B79,#REF!,0),MATCH('JE - Cost'!D79,#REF!,0)+3),"") -> #REF! | G79: =IF(INDEX(#REF!,MATCH('JE - Cost'!B79,#REF!,0),MATCH('JE - Cost'!D79,#REF!,0)+3) < 0, -INDEX(#REF!,MATCH('JE - Cost'!B79,#REF!,0),MATCH('JE - Cost'!D79,#REF!,0)+3),"") -> #REF!
A81: =_xll.DBRA("RXLTM1:Account",D81,"ALIAS English") -> #NAME? | B81: 0301T_H | C81: =LEFT(B81,4) -> 0301 | D81: 1572 | E81: =LEFT(C81,4)&"2"&D81&"00" -> 03012157200 | F81: =IF(INDEX(#REF!,MATCH('JE - Cost'!B81,#REF!,0),MATCH('JE - Cost'!D81,#REF!,0)+3) > 0, INDEX(#REF!,MATCH('JE - Cost'!B81,#REF!,0),MATCH('JE - Cost'!D81,#REF!,0)+3),"") -> #REF! | G81: =IF(INDEX(#REF!,MATCH('JE - Cost'!B81,#REF!,0),MATCH('JE - Cost'!D81,#REF!,0)+3) < 0, -INDEX(#REF!,MATCH('JE - Cost'!B81,#REF!,0),MATCH('JE - Cost'!D81,#REF!,0)+3),"") -> #REF!
A82: =_xll.DBRA("RXLTM1:Account",D82,"ALIAS English") -> #NAME? | B82: 0302T_H | C82: =LEFT(B82,4) -> 0302 | D82: 1572 | E82: =LEFT(C82,4)&"2"&D82&"00" -> 03022157200 | F82: =IF(INDEX(#REF!,MATCH('JE - Cost'!B82,#REF!,0),MATCH('JE - Cost'!D82,#REF!,0)+3) > 0, INDEX(#REF!,MATCH('JE - Cost'!B82,#REF!,0),MATCH('JE - Cost'!D82,#REF!,0)+3),"") -> #REF! | G82: =IF(INDEX(#REF!,MATCH('JE - Cost'!B82,#REF!,0),MATCH('JE - Cost'!D82,#REF!,0)+3) < 0, -INDEX(#REF!,MATCH('JE - Cost'!B82,#REF!,0),MATCH('JE - Cost'!D82,#REF!,0)+3),"") -> #REF!
A83: =_xll.DBRA("RXLTM1:Account",D83,"ALIAS English") -> #NAME? | B83: 0303T_H | C83: =LEFT(B83,4) -> 0303 | D83: 1572 | E83: =LEFT(C83,4)&"2"&D83&"00" -> 03032157200 | F83: =IF(INDEX(#REF!,MATCH('JE - Cost'!B83,#REF!,0),MATCH('JE - Cost'!D83,#REF!,0)+3) > 0, INDEX(#REF!,MATCH('JE - Cost'!B83,#REF!,0),MATCH('JE - Cost'!D83,#REF!,0)+3),"") -> #REF! | G83: =IF(INDEX(#REF!,MATCH('JE - Cost'!B83,#REF!,0),MATCH('JE - Cost'!D83,#REF!,0)+3) < 0, -INDEX(#REF!,MATCH('JE - Cost'!B83,#REF!,0),MATCH('JE - Cost'!D83,#REF!,0)+3),"") -> #REF!
... A88: =_xll.DBRA("RXLTM1:Account",D88,"ALIAS English") -> #NAME? | B88: 0309T_H | C88: =LEFT(B88,4) -> 0309 | D88: 1572 | E88: =LEFT(C88,4)&"2"&D88&"00" -> 03092157200 | F88: =IF(INDEX(#REF!,MATCH('JE - Cost'!B88,#REF!,0),MATCH('JE - Cost'!D88,#REF!,0)+3) > 0, INDEX(#REF!,MATCH('JE - Cost'!B88,#REF!,0),MATCH('JE - Cost'!D88,#REF!,0)+3),"") -> #REF! | G88: =IF(INDEX(#REF!,MATCH('JE - Cost'!B88,#REF!,0),MATCH('JE - Cost'!D88,#REF!,0)+3) < 0, -INDEX(#REF!,MATCH('JE - Cost'!B88,#REF!,0),MATCH('JE - Cost'!D88,#REF!,0)+3),"") -> #REF!
A89: =_xll.DBRA("RXLTM1:Account",D89,"ALIAS English") -> #NAME? | B89: 03ADMT_H | C89: 0311 | D89: 1572 | E89: =LEFT(C89,4)&"2"&D89&"00" -> 03112157200 | F89: =IF(INDEX(#REF!,MATCH('JE - Cost'!B89,#REF!,0),MATCH('JE - Cost'!D89,#REF!,0)+3) > 0, INDEX(#REF!,MATCH('JE - Cost'!B89,#REF!,0),MATCH('JE - Cost'!D89,#REF!,0)+3),"") -> #REF! | G89: =IF(INDEX(#REF!,MATCH('JE - Cost'!B89,#REF!,0),MATCH('JE - Cost'!D89,#REF!,0)+3) < 0, -INDEX(#REF!,MATCH('JE - Cost'!B89,#REF!,0),MATCH('JE - Cost'!D89,#REF!,0)+3),"") -> #REF!
A90: =_xll.DBRA("RXLTM1:Account",D90,"ALIAS English") -> #NAME? | B90: 0321T_H | C90: =LEFT(B90,4) -> 0321 | D90: 1572 | E90: =LEFT(C90,4)&"2"&D90&"00" -> 03212157200 | F90: =IF(INDEX(#REF!,MATCH('JE - Cost'!B90,#REF!,0),MATCH('JE - Cost'!D90,#REF!,0)+3) > 0, INDEX(#REF!,MATCH('JE - Cost'!B90,#REF!,0),MATCH('JE - Cost'!D90,#REF!,0)+3),"") -> #REF! | G90: =IF(INDEX(#REF!,MATCH('JE - Cost'!B90,#REF!,0),MATCH('JE - Cost'!D90,#REF!,0)+3) < 0, -INDEX(#REF!,MATCH('JE - Cost'!B90,#REF!,0),MATCH('JE - Cost'!D90,#REF!,0)+3),"") -> #REF!
A91: =_xll.DBRA("RXLTM1:Account",D91,"ALIAS English") -> #NAME? | B91: 0322T_H | C91: =LEFT(B91,4) -> 0322 | D91: 1572 | E91: =LEFT(C91,4)&"2"&D91&"00" -> 03222157200 | F91: =IF(INDEX(#REF!,MATCH('JE - Cost'!B91,#REF!,0),MATCH('JE - Cost'!D91,#REF!,0)+3) > 0, INDEX(#REF!,MATCH('JE - Cost'!B91,#REF!,0),MATCH('JE - Cost'!D91,#REF!,0)+3),"") -> #REF! | G91: =IF(INDEX(#REF!,MATCH('JE - Cost'!B91,#REF!,0),MATCH('JE - Cost'!D91,#REF!,0)+3) < 0, -INDEX(#REF!,MATCH('JE - Cost'!B91,#REF!,0),MATCH('JE - Cost'!D91,#REF!,0)+3),"") -> #REF!
A92: =_xll.DBRA("RXLTM1:Account",D92,"ALIAS English") -> #NAME? | B92: 0323T_H | C92: =LEFT(B92,4) -> 0323 | D92: 1572 | E92: =LEFT(C92,4)&"2"&D92&"00" -> 03232157200 | F92: =IF(INDEX(#REF!,MATCH('JE - Cost'!B92,#REF!,0),MATCH('JE - Cost'!D92,#REF!,0)+3) > 0, INDEX(#REF!,MATCH('JE - Cost'!B92,#REF!,0),MATCH('JE - Cost'!D92,#REF!,0)+3),"") -> #REF! | G92: =IF(INDEX(#REF!,MATCH('JE - Cost'!B92,#REF!,0),MATCH('JE - Cost'!D92,#REF!,0)+3) < 0, -INDEX(#REF!,MATCH('JE - Cost'!B92,#REF!,0),MATCH('JE - Cost'!D92,#REF!,0)+3),"") -> #REF!
A93: =_xll.DBRA("RXLTM1:Account",D93,"ALIAS English") -> #NAME? | B93: 0324T_H | C93: =LEFT(B93,4) -> 0324 | D93: 1572 | E93: =LEFT(C93,4)&"2"&D93&"00" -> 03242157200 | F93: =IF(INDEX(#REF!,MATCH('JE - Cost'!B93,#REF!,0),MATCH('JE - Cost'!D93,#REF!,0)+3) > 0, INDEX(#REF!,MATCH('JE - Cost'!B93,#REF!,0),MATCH('JE - Cost'!D93,#REF!,0)+3),"") -> #REF! | G93: =IF(INDEX(#REF!,MATCH('JE - Cost'!B93,#REF!,0),MATCH('JE - Cost'!D93,#REF!,0)+3) < 0, -INDEX(#REF!,MATCH('JE - Cost'!B93,#REF!,0),MATCH('JE - Cost'!D93,#REF!,0)+3),"") -> #REF!
A94: =_xll.DBRA("RXLTM1:Account",D94,"ALIAS English") -> #NAME? | B94: 0325T_H | C94: =LEFT(B94,4) -> 0325 | D94: 1572 | E94: =LEFT(C94,4)&"2"&D94&"00" -> 03252157200 | F94: =IF(INDEX(#REF!,MATCH('JE - Cost'!B94,#REF!,0),MATCH('JE - Cost'!D94,#REF!,0)+3) > 0, INDEX(#REF!,MATCH('JE - Cost'!B94,#REF!,0),MATCH('JE - Cost'!D94,#REF!,0)+3),"") -> #REF! | G94: =IF(INDEX(#REF!,MATCH('JE - Cost'!B94,#REF!,0),MATCH('JE - Cost'!D94,#REF!,0)+3) < 0, -INDEX(#REF!,MATCH('JE - Cost'!B94,#REF!,0),MATCH('JE - Cost'!D94,#REF!,0)+3),"") -> #REF!
A95: =_xll.DBRA("RXLTM1:Account",D95,"ALIAS English") -> #NAME? | B95: 0326T_H | C95: =LEFT(B95,4) -> 0326 | D95: 1572 | E95: =LEFT(C95,4)&"2"&D95&"00" -> 03262157200 | F95: =IF(INDEX(#REF!,MATCH('JE - Cost'!B95,#REF!,0),MATCH('JE - Cost'!D95,#REF!,0)+3) > 0, INDEX(#REF!,MATCH('JE - Cost'!B95,#REF!,0),MATCH('JE - Cost'!D95,#REF!,0)+3),"") -> #REF! | G95: =IF(INDEX(#REF!,MATCH('JE - Cost'!B95,#REF!,0),MATCH('JE - Cost'!D95,#REF!,0)+3) < 0, -INDEX(#REF!,MATCH('JE - Cost'!B95,#REF!,0),MATCH('JE - Cost'!D95,#REF!,0)+3),"") -> #REF!
A96: =_xll.DBRA("RXLTM1:Account",D96,"ALIAS English") -> #NAME? | B96: 0328T_H | C96: =LEFT(B96,4) -> 0328 | D96: 1572 | E96: =LEFT(C96,4)&"2"&D96&"00" -> 03282157200 | F96: =IF(INDEX(#REF!,MATCH('JE - Cost'!B96,#REF!,0),MATCH('JE - Cost'!D96,#REF!,0)+3) > 0, INDEX(#REF!,MATCH('JE - Cost'!B96,#REF!,0),MATCH('JE - Cost'!D96,#REF!,0)+3),"") -> #REF! | G96: =IF(INDEX(#REF!,MATCH('JE - Cost'!B96,#REF!,0),MATCH('JE - Cost'!D96,#REF!,0)+3) < 0, -INDEX(#REF!,MATCH('JE - Cost'!B96,#REF!,0),MATCH('JE - Cost'!D96,#REF!,0)+3),"") -> #REF!
A97: =_xll.DBRA("RXLTM1:Account",D97,"ALIAS English") -> #NAME? | B97: 0329T | C97: =LEFT(B97,4) -> 0329 | D97: 1572 | E97: =LEFT(C97,4)&"2"&D97&"00" -> 03292157200 | F97: =IF(INDEX(#REF!,MATCH('JE - Cost'!B97,#REF!,0),MATCH('JE - Cost'!D97,#REF!,0)+3) > 0, INDEX(#REF!,MATCH('JE - Cost'!B97,#REF!,0),MATCH('JE - Cost'!D97,#REF!,0)+3),"") -> #REF! | G97: =IF(INDEX(#REF!,MATCH('JE - Cost'!B97,#REF!,0),MATCH('JE - Cost'!D97,#REF!,0)+3) < 0, -INDEX(#REF!,MATCH('JE - Cost'!B97,#REF!,0),MATCH('JE - Cost'!D97,#REF!,0)+3),"") -> #REF!
A98: =_xll.DBRA("RXLTM1:Account",D98,"ALIAS English") -> #NAME? | B98: 0330T | C98: =LEFT(B98,4) -> 0330 | D98: 1572 | E98: =LEFT(C98,4)&"2"&D98&"00" -> 03302157200 | F98: =IF(INDEX(#REF!,MATCH('JE - Cost'!B98,#REF!,0),MATCH('JE - Cost'!D98,#REF!,0)+3) > 0, INDEX(#REF!,MATCH('JE - Cost'!B98,#REF!,0),MATCH('JE - Cost'!D98,#REF!,0)+3),"") -> #REF! | G98: =IF(INDEX(#REF!,MATCH('JE - Cost'!B98,#REF!,0),MATCH('JE - Cost'!D98,#REF!,0)+3) < 0, -INDEX(#REF!,MATCH('JE - Cost'!B98,#REF!,0),MATCH('JE - Cost'!D98,#REF!,0)+3),"") -> #REF!
A100: =_xll.DBRA("RXLTM1:Account",D100,"ALIAS English") -> #NAME? | B100: 0301T_H | C100: =LEFT(B100,4) -> 0301 | D100: 1577 | E100: =LEFT(C100,4)&"2"&D100&"00" -> 03012157700 | F100: =IF(INDEX(#REF!,MATCH('JE - Cost'!B100,#REF!,0),MATCH('JE - Cost'!D100,#REF!,0)+3) > 0, INDEX(#REF!,MATCH('JE - Cost'!B100,#REF!,0),MATCH('JE - Cost'!D100,#REF!,0)+3),"") -> #REF! | G100: =IF(INDEX(#REF!,MATCH('JE - Cost'!B100,#REF!,0),MATCH('JE - Cost'!D100,#REF!,0)+3) < 0, -INDEX(#REF!,MATCH('JE - Cost'!B100,#REF!,0),MATCH('JE - Cost'!D100,#REF!,0)+3),"") -> #REF!
A101: =_xll.DBRA("RXLTM1:Account",D101,"ALIAS English") -> #NAME? | B101: 0302T_H | C101: =LEFT(B101,4) -> 0302 | D101: 1577 | E101: =LEFT(C101,4)&"2"&D101&"00" -> 03022157700 | F101: =IF(INDEX(#REF!,MATCH('JE - Cost'!B101,#REF!,0),MATCH('JE - Cost'!D101,#REF!,0)+3) > 0, INDEX(#REF!,MATCH('JE - Cost'!B101,#REF!,0),MATCH('JE - Cost'!D101,#REF!,0)+3),"") -> #REF! | G101: =IF(INDEX(#REF!,MATCH('JE - Cost'!B101,#REF!,0),MATCH('JE - Cost'!D101,#REF!,0)+3) < 0, -INDEX(#REF!,MATCH('JE - Cost'!B101,#REF!,0),MATCH('JE - Cost'!D101,#REF!,0)+3),"") -> #REF!
A102: =_xll.DBRA("RXLTM1:Account",D102,"ALIAS English") -> #NAME? | B102: 0303T_H | C102: =LEFT(B102,4) -> 0303 | D102: 1577 | E102: =LEFT(C102,4)&"2"&D102&"00" -> 03032157700 | F102: =IF(INDEX(#REF!,MATCH('JE - Cost'!B102,#REF!,0),MATCH('JE - Cost'!D102,#REF!,0)+3) > 0, INDEX(#REF!,MATCH('JE - Cost'!B102,#REF!,0),MATCH('JE - Cost'!D102,#REF!,0)+3),"") -> #REF! | G102: =IF(INDEX(#REF!,MATCH('JE - Cost'!B102,#REF!,0),MATCH('JE - Cost'!D102,#REF!,0)+3) < 0, -INDEX(#REF!,MATCH('JE - Cost'!B102,#REF!,0),MATCH('JE - Cost'!D102,#REF!,0)+3),"") -> #REF!
... A107: =_xll.DBRA("RXLTM1:Account",D107,"ALIAS English") -> #NAME? | B107: 0309T_H | C107: =LEFT(B107,4) -> 0309 | D107: 1577 | E107: =LEFT(C107,4)&"2"&D107&"00" -> 03092157700 | F107: =IF(INDEX(#REF!,MATCH('JE - Cost'!B107,#REF!,0),MATCH('JE - Cost'!D107,#REF!,0)+3) > 0, INDEX(#REF!,MATCH('JE - Cost'!B107,#REF!,0),MATCH('JE - Cost'!D107,#REF!,0)+3),"") -> #REF! | G107: =IF(INDEX(#REF!,MATCH('JE - Cost'!B107,#REF!,0),MATCH('JE - Cost'!D107,#REF!,0)+3) < 0, -INDEX(#REF!,MATCH('JE - Cost'!B107,#REF!,0),MATCH('JE - Cost'!D107,#REF!,0)+3),"") -> #REF!
A108: =_xll.DBRA("RXLTM1:Account",D108,"ALIAS English") -> #NAME? | B108: 03ADMT_H | C108: 0311 | D108: 1577 | E108: =LEFT(C108,4)&"2"&D108&"00" -> 03112157700 | F108: =IF(INDEX(#REF!,MATCH('JE - Cost'!B108,#REF!,0),MATCH('JE - Cost'!D108,#REF!,0)+3) > 0, INDEX(#REF!,MATCH('JE - Cost'!B108,#REF!,0),MATCH('JE - Cost'!D108,#REF!,0)+3),"") -> #REF! | G108: =IF(INDEX(#REF!,MATCH('JE - Cost'!B108,#REF!,0),MATCH('JE - Cost'!D108,#REF!,0)+3) < 0, -INDEX(#REF!,MATCH('JE - Cost'!B108,#REF!,0),MATCH('JE - Cost'!D108,#REF!,0)+3),"") -> #REF!
A109: =_xll.DBRA("RXLTM1:Account",D109,"ALIAS English") -> #NAME? | B109: 0321T_H | C109: =LEFT(B109,4) -> 0321 | D109: 1577 | E109: =LEFT(C109,4)&"2"&D109&"00" -> 03212157700 | F109: =IF(INDEX(#REF!,MATCH('JE - Cost'!B109,#REF!,0),MATCH('JE - Cost'!D109,#REF!,0)+3) > 0, INDEX(#REF!,MATCH('JE - Cost'!B109,#REF!,0),MATCH('JE - Cost'!D109,#REF!,0)+3),"") -> #REF! | G109: =IF(INDEX(#REF!,MATCH('JE - Cost'!B109,#REF!,0),MATCH('JE - Cost'!D109,#REF!,0)+3) < 0, -INDEX(#REF!,MATCH('JE - Cost'!B109,#REF!,0),MATCH('JE - Cost'!D109,#REF!,0)+3),"") -> #REF!
A110: =_xll.DBRA("RXLTM1:Account",D110,"ALIAS English") -> #NAME? | B110: 0322T_H | C110: =LEFT(B110,4) -> 0322 | D110: 1577 | E110: =LEFT(C110,4)&"2"&D110&"00" -> 03222157700 | F110: =IF(INDEX(#REF!,MATCH('JE - Cost'!B110,#REF!,0),MATCH('JE - Cost'!D110,#REF!,0)+3) > 0, INDEX(#REF!,MATCH('JE - Cost'!B110,#REF!,0),MATCH('JE - Cost'!D110,#REF!,0)+3),"") -> #REF! | G110: =IF(INDEX(#REF!,MATCH('JE - Cost'!B110,#REF!,0),MATCH('JE - Cost'!D110,#REF!,0)+3) < 0, -INDEX(#REF!,MATCH('JE - Cost'!B110,#REF!,0),MATCH('JE - Cost'!D110,#REF!,0)+3),"") -> #REF!
A111: =_xll.DBRA("RXLTM1:Account",D111,"ALIAS English") -> #NAME? | B111: 0323T_H | C111: =LEFT(B111,4) -> 0323 | D111: 1577 | E111: =LEFT(C111,4)&"2"&D111&"00" -> 03232157700 | F111: =IF(INDEX(#REF!,MATCH('JE - Cost'!B111,#REF!,0),MATCH('JE - Cost'!D111,#REF!,0)+3) > 0, INDEX(#REF!,MATCH('JE - Cost'!B111,#REF!,0),MATCH('JE - Cost'!D111,#REF!,0)+3),"") -> #REF! | G111: =IF(INDEX(#REF!,MATCH('JE - Cost'!B111,#REF!,0),MATCH('JE - Cost'!D111,#REF!,0)+3) < 0, -INDEX(#REF!,MATCH('JE - Cost'!B111,#REF!,0),MATCH('JE - Cost'!D111,#REF!,0)+3),"") -> #REF!
A112: =_xll.DBRA("RXLTM1:Account",D112,"ALIAS English") -> #NAME? | B112: 0324T_H | C112: =LEFT(B112,4) -> 0324 | D112: 1577 | E112: =LEFT(C112,4)&"2"&D112&"00" -> 03242157700 | F112: =IF(INDEX(#REF!,MATCH('JE - Cost'!B112,#REF!,0),MATCH('JE - Cost'!D112,#REF!,0)+3) > 0, INDEX(#REF!,MATCH('JE - Cost'!B112,#REF!,0),MATCH('JE - Cost'!D112,#REF!,0)+3),"") -> #REF! | G112: =IF(INDEX(#REF!,MATCH('JE - Cost'!B112,#REF!,0),MATCH('JE - Cost'!D112,#REF!,0)+3) < 0, -INDEX(#REF!,MATCH('JE - Cost'!B112,#REF!,0),MATCH('JE - Cost'!D112,#REF!,0)+3),"") -> #REF!
A113: =_xll.DBRA("RXLTM1:Account",D113,"ALIAS English") -> #NAME? | B113: 0325T_H | C113: =LEFT(B113,4) -> 0325 | D113: 1577 | E113: =LEFT(C113,4)&"2"&D113&"00" -> 03252157700 | F113: =IF(INDEX(#REF!,MATCH('JE - Cost'!B113,#REF!,0),MATCH('JE - Cost'!D113,#REF!,0)+3) > 0, INDEX(#REF!,MATCH('JE - Cost'!B113,#REF!,0),MATCH('JE - Cost'!D113,#REF!,0)+3),"") -> #REF! | G113: =IF(INDEX(#REF!,MATCH('JE - Cost'!B113,#REF!,0),MATCH('JE - Cost'!D113,#REF!,0)+3) < 0, -INDEX(#REF!,MATCH('JE - Cost'!B113,#REF!,0),MATCH('JE - Cost'!D113,#REF!,0)+3),"") -> #REF!
A114: =_xll.DBRA("RXLTM1:Account",D114,"ALIAS English") -> #NAME? | B114: 0326T_H | C114: =LEFT(B114,4) -> 0326 | D114: 1577 | E114: =LEFT(C114,4)&"2"&D114&"00" -> 03262157700 | F114: =IF(INDEX(#REF!,MATCH('JE - Cost'!B114,#REF!,0),MATCH('JE - Cost'!D114,#REF!,0)+3) > 0, INDEX(#REF!,MATCH('JE - Cost'!B114,#REF!,0),MATCH('JE - Cost'!D114,#REF!,0)+3),"") -> #REF! | G114: =IF(INDEX(#REF!,MATCH('JE - Cost'!B114,#REF!,0),MATCH('JE - Cost'!D114,#REF!,0)+3) < 0, -INDEX(#REF!,MATCH('JE - Cost'!B114,#REF!,0),MATCH('JE - Cost'!D114,#REF!,0)+3),"") -> #REF!
A115: =_xll.DBRA("RXLTM1:Account",D115,"ALIAS English") -> #NAME? | B115: 0328T_H | C115: =LEFT(B115,4) -> 0328 | D115: 1577 | E115: =LEFT(C115,4)&"2"&D115&"00" -> 03282157700 | F115: =IF(INDEX(#REF!,MATCH('JE - Cost'!B115,#REF!,0),MATCH('JE - Cost'!D115,#REF!,0)+3) > 0, INDEX(#REF!,MATCH('JE - Cost'!B115,#REF!,0),MATCH('JE - Cost'!D115,#REF!,0)+3),"") -> #REF! | G115: =IF(INDEX(#REF!,MATCH('JE - Cost'!B115,#REF!,0),MATCH('JE - Cost'!D115,#REF!,0)+3) < 0, -INDEX(#REF!,MATCH('JE - Cost'!B115,#REF!,0),MATCH('JE - Cost'!D115,#REF!,0)+3),"") -> #REF!
A116: =_xll.DBRA("RXLTM1:Account",D116,"ALIAS English") -> #NAME? | B116: 0329T | C116: =LEFT(B116,4) -> 0329 | D116: 1577 | E116: =LEFT(C116,4)&"2"&D116&"00" -> 03292157700 | F116: =IF(INDEX(#REF!,MATCH('JE - Cost'!B116,#REF!,0),MATCH('JE - Cost'!D116,#REF!,0)+3) > 0, INDEX(#REF!,MATCH('JE - Cost'!B116,#REF!,0),MATCH('JE - Cost'!D116,#REF!,0)+3),"") -> #REF! | G116: =IF(INDEX(#REF!,MATCH('JE - Cost'!B116,#REF!,0),MATCH('JE - Cost'!D116,#REF!,0)+3) < 0, -INDEX(#REF!,MATCH('JE - Cost'!B116,#REF!,0),MATCH('JE - Cost'!D116,#REF!,0)+3),"") -> #REF!
A117: =_xll.DBRA("RXLTM1:Account",D117,"ALIAS English") -> #NAME? | B117: 0330T | C117: =LEFT(B117,4) -> 0330 | D117: 1577 | E117: =LEFT(C117,4)&"2"&D117&"00" -> 03302157700 | F117: =IF(INDEX(#REF!,MATCH('JE - Cost'!B117,#REF!,0),MATCH('JE - Cost'!D117,#REF!,0)+3) > 0, INDEX(#REF!,MATCH('JE - Cost'!B117,#REF!,0),MATCH('JE - Cost'!D117,#REF!,0)+3),"") -> #REF! | G117: =IF(INDEX(#REF!,MATCH('JE - Cost'!B117,#REF!,0),MATCH('JE - Cost'!D117,#REF!,0)+3) < 0, -INDEX(#REF!,MATCH('JE - Cost'!B117,#REF!,0),MATCH('JE - Cost'!D117,#REF!,0)+3),"") -> #REF!
A119: =_xll.DBRA("RXLTM1:Account",D119,"ALIAS English") -> #NAME? | B119: 0301T_H | C119: =LEFT(B119,4) -> 0301 | D119: 1592 | E119: =LEFT(C119,4)&"2"&D119&"00" -> 03012159200 | F119: =IF(INDEX(#REF!,MATCH('JE - Cost'!B119,#REF!,0),MATCH('JE - Cost'!D119,#REF!,0)+3) > 0, INDEX(#REF!,MATCH('JE - Cost'!B119,#REF!,0),MATCH('JE - Cost'!D119,#REF!,0)+3),"") -> #REF! | G119: =IF(INDEX(#REF!,MATCH('JE - Cost'!B119,#REF!,0),MATCH('JE - Cost'!D119,#REF!,0)+3) < 0, -INDEX(#REF!,MATCH('JE - Cost'!B119,#REF!,0),MATCH('JE - Cost'!D119,#REF!,0)+3),"") -> #REF!
A120: =_xll.DBRA("RXLTM1:Account",D120,"ALIAS English") -> #NAME? | B120: 0302T_H | C120: =LEFT(B120,4) -> 0302 | D120: 1592 | E120: =LEFT(C120,4)&"2"&D120&"00" -> 03022159200 | F120: =IF(INDEX(#REF!,MATCH('JE - Cost'!B120,#REF!,0),MATCH('JE - Cost'!D120,#REF!,0)+3) > 0, INDEX(#REF!,MATCH('JE - Cost'!B120,#REF!,0),MATCH('JE - Cost'!D120,#REF!,0)+3),"") -> #REF! | G120: =IF(INDEX(#REF!,MATCH('JE - Cost'!B120,#REF!,0),MATCH('JE - Cost'!D120,#REF!,0)+3) < 0, -INDEX(#REF!,MATCH('JE - Cost'!B120,#REF!,0),MATCH('JE - Cost'!D120,#REF!,0)+3),"") -> #REF!
A121: =_xll.DBRA("RXLTM1:Account",D121,"ALIAS English") -> #NAME? | B121: 0303T_H | C121: =LEFT(B121,4) -> 0303 | D121: 1592 | E121: =LEFT(C121,4)&"2"&D121&"00" -> 03032159200 | F121: =IF(INDEX(#REF!,MATCH('JE - Cost'!B121,#REF!,0),MATCH('JE - Cost'!D121,#REF!,0)+3) > 0, INDEX(#REF!,MATCH('JE - Cost'!B121,#REF!,0),MATCH('JE - Cost'!D121,#REF!,0)+3),"") -> #REF! | G121: =IF(INDEX(#REF!,MATCH('JE - Cost'!B121,#REF!,0),MATCH('JE - Cost'!D121,#REF!,0)+3) < 0, -INDEX(#REF!,MATCH('JE - Cost'!B121,#REF!,0),MATCH('JE - Cost'!D121,#REF!,0)+3),"") -> #REF!
... A126: =_xll.DBRA("RXLTM1:Account",D126,"ALIAS English") -> #NAME? | B126: 0309T_H | C126: =LEFT(B126,4) -> 0309 | D126: 1592 | E126: =LEFT(C126,4)&"2"&D126&"00" -> 03092159200 | F126: =IF(INDEX(#REF!,MATCH('JE - Cost'!B126,#REF!,0),MATCH('JE - Cost'!D126,#REF!,0)+3) > 0, INDEX(#REF!,MATCH('JE - Cost'!B126,#REF!,0),MATCH('JE - Cost'!D126,#REF!,0)+3),"") -> #REF! | G126: =IF(INDEX(#REF!,MATCH('JE - Cost'!B126,#REF!,0),MATCH('JE - Cost'!D126,#REF!,0)+3) < 0, -INDEX(#REF!,MATCH('JE - Cost'!B126,#REF!,0),MATCH('JE - Cost'!D126,#REF!,0)+3),"") -> #REF!
A127: =_xll.DBRA("RXLTM1:Account",D127,"ALIAS English") -> #NAME? | B127: 03ADMT_H | C127: 0311 | D127: 1592 | E127: =LEFT(C127,4)&"2"&D127&"00" -> 03112159200 | F127: =IF(INDEX(#REF!,MATCH('JE - Cost'!B127,#REF!,0),MATCH('JE - Cost'!D127,#REF!,0)+3) > 0, INDEX(#REF!,MATCH('JE - Cost'!B127,#REF!,0),MATCH('JE - Cost'!D127,#REF!,0)+3),"") -> #REF! | G127: =IF(INDEX(#REF!,MATCH('JE - Cost'!B127,#REF!,0),MATCH('JE - Cost'!D127,#REF!,0)+3) < 0, -INDEX(#REF!,MATCH('JE - Cost'!B127,#REF!,0),MATCH('JE - Cost'!D127,#REF!,0)+3),"") -> #REF!
A128: =_xll.DBRA("RXLTM1:Account",D128,"ALIAS English") -> #NAME? | B128: 0321T_H | C128: =LEFT(B128,4) -> 0321 | D128: 1592 | E128: =LEFT(C128,4)&"2"&D128&"00" -> 03212159200 | F128: =IF(INDEX(#REF!,MATCH('JE - Cost'!B128,#REF!,0),MATCH('JE - Cost'!D128,#REF!,0)+3) > 0, INDEX(#REF!,MATCH('JE - Cost'!B128,#REF!,0),MATCH('JE - Cost'!D128,#REF!,0)+3),"") -> #REF! | G128: =IF(INDEX(#REF!,MATCH('JE - Cost'!B128,#REF!,0),MATCH('JE - Cost'!D128,#REF!,0)+3) < 0, -INDEX(#REF!,MATCH('JE - Cost'!B128,#REF!,0),MATCH('JE - Cost'!D128,#REF!,0)+3),"") -> #REF!
A129: =_xll.DBRA("RXLTM1:Account",D129,"ALIAS English") -> #NAME? | B129: 0322T_H | C129: =LEFT(B129,4) -> 0322 | D129: 1592 | E129: =LEFT(C129,4)&"2"&D129&"00" -> 03222159200 | F129: =IF(INDEX(#REF!,MATCH('JE - Cost'!B129,#REF!,0),MATCH('JE - Cost'!D129,#REF!,0)+3) > 0, INDEX(#REF!,MATCH('JE - Cost'!B129,#REF!,0),MATCH('JE - Cost'!D129,#REF!,0)+3),"") -> #REF! | G129: =IF(INDEX(#REF!,MATCH('JE - Cost'!B129,#REF!,0),MATCH('JE - Cost'!D129,#REF!,0)+3) < 0, -INDEX(#REF!,MATCH('JE - Cost'!B129,#REF!,0),MATCH('JE - Cost'!D129,#REF!,0)+3),"") -> #REF!
A130: =_xll.DBRA("RXLTM1:Account",D130,"ALIAS English") -> #NAME? | B130: 0323T_H | C130: =LEFT(B130,4) -> 0323 | D130: 1592 | E130: =LEFT(C130,4)&"2"&D130&"00" -> 03232159200 | F130: =IF(INDEX(#REF!,MATCH('JE - Cost'!B130,#REF!,0),MATCH('JE - Cost'!D130,#REF!,0)+3) > 0, INDEX(#REF!,MATCH('JE - Cost'!B130,#REF!,0),MATCH('JE - Cost'!D130,#REF!,0)+3),"") -> #REF! | G130: =IF(INDEX(#REF!,MATCH('JE - Cost'!B130,#REF!,0),MATCH('JE - Cost'!D130,#REF!,0)+3) < 0, -INDEX(#REF!,MATCH('JE - Cost'!B130,#REF!,0),MATCH('JE - Cost'!D130,#REF!,0)+3),"") -> #REF!
A131: =_xll.DBRA("RXLTM1:Account",D131,"ALIAS English") -> #NAME? | B131: 0324T_H | C131: =LEFT(B131,4) -> 0324 | D131: 1592 | E131: =LEFT(C131,4)&"2"&D131&"00" -> 03242159200 | F131: =IF(INDEX(#REF!,MATCH('JE - Cost'!B131,#REF!,0),MATCH('JE - Cost'!D131,#REF!,0)+3) > 0, INDEX(#REF!,MATCH('JE - Cost'!B131,#REF!,0),MATCH('JE - Cost'!D131,#REF!,0)+3),"") -> #REF! | G131: =IF(INDEX(#REF!,MATCH('JE - Cost'!B131,#REF!,0),MATCH('JE - Cost'!D131,#REF!,0)+3) < 0, -INDEX(#REF!,MATCH('JE - Cost'!B131,#REF!,0),MATCH('JE - Cost'!D131,#REF!,0)+3),"") -> #REF!
...

Sheet JE - Acc Dep
A1: =TEXT(#REF!,"MMMMMMMMM YYYY") -> #REF! | G1: JE #
A3: Description | E3: Account | F3: DR | G3: CR
B4: BRANCH | C4: BRANCH | D4: ACCOUNT
A5: =_xll.DBRA("RXLTM1:Account",D5,"ALIAS English") -> #NAME? | B5: 0301T_H | C5: =LEFT(B5,4) -> 0301 | D5: 1732 | E5: =LEFT(C5,4)&"2"&D5&"00" -> 03012173200 | F5: =IF(INDEX(#REF!,MATCH('JE - Acc Dep'!B5,#REF!,0),MATCH('JE - Acc Dep'!D5,#REF!,0)+3) < 0, -INDEX(#REF!,MATCH('JE - Acc Dep'!B5,#REF!,0),MATCH('JE - Acc Dep'!D5,#REF!,0)+3),"") -> #REF! | G5: =IF(INDEX(#REF!,MATCH('JE - Acc Dep'!B5,#REF!,0),MATCH('JE - Acc Dep'!D5,#REF!,0)+3) > 0, INDEX(#REF!,MATCH('JE - Acc Dep'!B5,#REF!,0),MATCH('JE - Acc Dep'!D5,#REF!,0)+3),"") -> #REF!
A6: =_xll.DBRA("RXLTM1:Account",D6,"ALIAS English") -> #NAME? | B6: 0302T_H | C6: =LEFT(B6,4) -> 0302 | D6: 1732 | E6: =LEFT(C6,4)&"2"&D6&"00" -> 03022173200 | F6: =IF(INDEX(#REF!,MATCH('JE - Acc Dep'!B6,#REF!,0),MATCH('JE - Acc Dep'!D6,#REF!,0)+3) < 0, -INDEX(#REF!,MATCH('JE - Acc Dep'!B6,#REF!,0),MATCH('JE - Acc Dep'!D6,#REF!,0)+3),"") -> #REF! | G6: =IF(INDEX(#REF!,MATCH('JE - Acc Dep'!B6,#REF!,0),MATCH('JE - Acc Dep'!D6,#REF!,0)+3) > 0, INDEX(#REF!,MATCH('JE - Acc Dep'!B6,#REF!,0),MATCH('JE - Acc Dep'!D6,#REF!,0)+3),"") -> #REF!
A7: =_xll.DBRA("RXLTM1:Account",D7,"ALIAS English") -> #NAME? | B7: 0303T_H | C7: =LEFT(B7,4) -> 0303 | D7: 1732 | E7: =LEFT(C7,4)&"2"&D7&"00" -> 03032173200 | F7: =IF(INDEX(#REF!,MATCH('JE - Acc Dep'!B7,#REF!,0),MATCH('JE - Acc Dep'!D7,#REF!,0)+3) < 0, -INDEX(#REF!,MATCH('JE - Acc Dep'!B7,#REF!,0),MATCH('JE - Acc Dep'!D7,#REF!,0)+3),"") -> #REF! | G7: =IF(INDEX(#REF!,MATCH('JE - Acc Dep'!B7,#REF!,0),MATCH('JE - Acc Dep'!D7,#REF!,0)+3) > 0, INDEX(#REF!,MATCH('JE - Acc Dep'!B7,#REF!,0),MATCH('JE - Acc Dep'!D7,#REF!,0)+3),"") -> #REF!
A8: =_xll.DBRA("RXLTM1:Account",D8,"ALIAS English") -> #NAME? | B8: 0304T_H | C8: =LEFT(B8,4) -> 0304 | D8: 1732 | E8: =LEFT(C8,4)&"2"&D8&"00" -> 03042173200 | F8: =IF(INDEX(#REF!,MATCH('JE - Acc Dep'!B8,#REF!,0),MATCH('JE - Acc Dep'!D8,#REF!,0)+3) < 0, -INDEX(#REF!,MATCH('JE - Acc Dep'!B8,#REF!,0),MATCH('JE - Acc Dep'!D8,#REF!,0)+3),"") -> #REF! | G8: =IF(INDEX(#REF!,MATCH('JE - Acc Dep'!B8,#REF!,0),MATCH('JE - Acc Dep'!D8,#REF!,0)+3) > 0, INDEX(#REF!,MATCH('JE - Acc Dep'!B8,#REF!,0),MATCH('JE - Acc Dep'!D8,#REF!,0)+3),"") -> #REF!
A9: =_xll.DBRA("RXLTM1:Account",D9,"ALIAS English") -> #NAME? | B9: 0305T_H | C9: =LEFT(B9,4) -> 0305 | D9: 1732 | E9: =LEFT(C9,4)&"2"&D9&"00" -> 03052173200 | F9: =IF(INDEX(#REF!,MATCH('JE - Acc Dep'!B9,#REF!,0),MATCH('JE - Acc Dep'!D9,#REF!,0)+3) < 0, -INDEX(#REF!,MATCH('JE - Acc Dep'!B9,#REF!,0),MATCH('JE - Acc Dep'!D9,#REF!,0)+3),"") -> #REF! | G9: =IF(INDEX(#REF!,MATCH('JE - Acc Dep'!B9,#REF!,0),MATCH('JE - Acc Dep'!D9,#REF!,0)+3) > 0, INDEX(#REF!,MATCH('JE - Acc Dep'!B9,#REF!,0),MATCH('JE - Acc Dep'!D9,#REF!,0)+3),"") -> #REF!
A10: =_xll.DBRA("RXLTM1:Account",D10,"ALIAS English") -> #NAME? | B10: 0306T_H | C10: =LEFT(B10,4) -> 0306 | D10: 1732 | E10: =LEFT(C10,4)&"2"&D10&"00" -> 03062173200 | F10: =IF(INDEX(#REF!,MATCH('JE - Acc Dep'!B10,#REF!,0),MATCH('JE - Acc Dep'!D10,#REF!,0)+3) < 0, -INDEX(#REF!,MATCH('JE - Acc Dep'!B10,#REF!,0),MATCH('JE - Acc Dep'!D10,#REF!,0)+3),"") -> #REF! | G10: =IF(INDEX(#REF!,MATCH('JE - Acc Dep'!B10,#REF!,0),MATCH('JE - Acc Dep'!D10,#REF!,0)+3) > 0, INDEX(#REF!,MATCH('JE - Acc Dep'!B10,#REF!,0),MATCH('JE - Acc Dep'!D10,#REF!,0)+3),"") -> #REF!
A11: =_xll.DBRA("RXLTM1:Account",D11,"ALIAS English") -> #NAME? | B11: 0308T_H | C11: =LEFT(B11,4) -> 0308 | D11: 1732 | E11: =LEFT(C11,4)&"2"&D11&"00" -> 03082173200 | F11: =IF(INDEX(#REF!,MATCH('JE - Acc Dep'!B11,#REF!,0),MATCH('JE - Acc Dep'!D11,#REF!,0)+3) < 0, -INDEX(#REF!,MATCH('JE - Acc Dep'!B11,#REF!,0),MATCH('JE - Acc Dep'!D11,#REF!,0)+3),"") -> #REF! | G11: =IF(INDEX(#REF!,MATCH('JE - Acc Dep'!B11,#REF!,0),MATCH('JE - Acc Dep'!D11,#REF!,0)+3) > 0, INDEX(#REF!,MATCH('JE - Acc Dep'!B11,#REF!,0),MATCH('JE - Acc Dep'!D11,#REF!,0)+3),"") -> #REF!
A12: =_xll.DBRA("RXLTM1:Account",D12,"ALIAS English") -> #NAME? | B12: 0309T_H | C12: =LEFT(B12,4) -> 0309 | D12: 1732 | E12: =LEFT(C12,4)&"2"&D12&"00" -> 03092173200 | F12: =IF(INDEX(#REF!,MATCH('JE - Acc Dep'!B12,#REF!,0),MATCH('JE - Acc Dep'!D12,#REF!,0)+3) < 0, -INDEX(#REF!,MATCH('JE - Acc Dep'!B12,#REF!,0),MATCH('JE - Acc Dep'!D12,#REF!,0)+3),"") -> #REF! | G12: =IF(INDEX(#REF!,MATCH('JE - Acc Dep'!B12,#REF!,0),MATCH('JE - Acc Dep'!D12,#REF!,0)+3) > 0, INDEX(#REF!,MATCH('JE - Acc Dep'!B12,#REF!,0),MATCH('JE - Acc Dep'!D12,#REF!,0)+3),"") -> #REF!
A13: =_xll.DBRA("RXLTM1:Account",D13,"ALIAS English") -> #NAME? | B13: 03ADMT_H | C13: 0311 | D13: 1732 | E13: =LEFT(C13,4)&"2"&D13&"00" -> 03112173200 | F13: =IF(INDEX(#REF!,MATCH('JE - Acc Dep'!B13,#REF!,0),MATCH('JE - Acc Dep'!D13,#REF!,0)+3) < 0, -INDEX(#REF!,MATCH('JE - Acc Dep'!B13,#REF!,0),MATCH('JE - Acc Dep'!D13,#REF!,0)+3),"") -> #REF! | G13: =IF(INDEX(#REF!,MATCH('JE - Acc Dep'!B13,#REF!,0),MATCH('JE - Acc Dep'!D13,#REF!,0)+3) > 0, INDEX(#REF!,MATCH('JE - Acc Dep'!B13,#REF!,0),MATCH('JE - Acc Dep'!D13,#REF!,0)+3),"") -> #REF!
A14: =_xll.DBRA("RXLTM1:Account",D14,"ALIAS English") -> #NAME? | B14: 0321T_H | C14: =LEFT(B14,4) -> 0321 | D14: 1732 | E14: =LEFT(C14,4)&"2"&D14&"00" -> 03212173200 | F14: =IF(INDEX(#REF!,MATCH('JE - Acc Dep'!B14,#REF!,0),MATCH('JE - Acc Dep'!D14,#REF!,0)+3) < 0, -INDEX(#REF!,MATCH('JE - Acc Dep'!B14,#REF!,0),MATCH('JE - Acc Dep'!D14,#REF!,0)+3),"") -> #REF! | G14: =IF(INDEX(#REF!,MATCH('JE - Acc Dep'!B14,#REF!,0),MATCH('JE - Acc Dep'!D14,#REF!,0)+3) > 0, INDEX(#REF!,MATCH('JE - Acc Dep'!B14,#REF!,0),MATCH('JE - Acc Dep'!D14,#REF!,0)+3),"") -> #REF!
A15: =_xll.DBRA("RXLTM1:Account",D15,"ALIAS English") -> #NAME? | B15: 0322T_H | C15: =LEFT(B15,4) -> 0322 | D15: 1732 | E15: =LEFT(C15,4)&"2"&D15&"00" -> 03222173200 | F15: =IF(INDEX(#REF!,MATCH('JE - Acc Dep'!B15,#REF!,0),MATCH('JE - Acc Dep'!D15,#REF!,0)+3) < 0, -INDEX(#REF!,MATCH('JE - Acc Dep'!B15,#REF!,0),MATCH('JE - Acc Dep'!D15,#REF!,0)+3),"") -> #REF! | G15: =IF(INDEX(#REF!,MATCH('JE - Acc Dep'!B15,#REF!,0),MATCH('JE - Acc Dep'!D15,#REF!,0)+3) > 0, INDEX(#REF!,MATCH('JE - Acc Dep'!B15,#REF!,0),MATCH('JE - Acc Dep'!D15,#REF!,0)+3),"") -> #REF!
A16: =_xll.DBRA("RXLTM1:Account",D16,"ALIAS English") -> #NAME? | B16: 0323T_H | C16: =LEFT(B16,4) -> 0323 | D16: 1732 | E16: =LEFT(C16,4)&"2"&D16&"00" -> 03232173200 | F16: =IF(INDEX(#REF!,MATCH('JE - Acc Dep'!B16,#REF!,0),MATCH('JE - Acc Dep'!D16,#REF!,0)+3) < 0, -INDEX(#REF!,MATCH('JE - Acc Dep'!B16,#REF!,0),MATCH('JE - Acc Dep'!D16,#REF!,0)+3),"") -> #REF! | G16: =IF(INDEX(#REF!,MATCH('JE - Acc Dep'!B16,#REF!,0),MATCH('JE - Acc Dep'!D16,#REF!,0)+3) > 0, INDEX(#REF!,MATCH('JE - Acc Dep'!B16,#REF!,0),MATCH('JE - Acc Dep'!D16,#REF!,0)+3),"") -> #REF!
A17: =_xll.DBRA("RXLTM1:Account",D17,"ALIAS English") -> #NAME? | B17: 0324T_H | C17: =LEFT(B17,4) -> 0324 | D17: 1732 | E17: =LEFT(C17,4)&"2"&D17&"00" -> 03242173200 | F17: =IF(INDEX(#REF!,MATCH('JE - Acc Dep'!B17,#REF!,0),MATCH('JE - Acc Dep'!D17,#REF!,0)+3) < 0, -INDEX(#REF!,MATCH('JE - Acc Dep'!B17,#REF!,0),MATCH('JE - Acc Dep'!D17,#REF!,0)+3),"") -> #REF! | G17: =IF(INDEX(#REF!,MATCH('JE - Acc Dep'!B17,#REF!,0),MATCH('JE - Acc Dep'!D17,#REF!,0)+3) > 0, INDEX(#REF!,MATCH('JE - Acc Dep'!B17,#REF!,0),MATCH('JE - Acc Dep'!D17,#REF!,0)+3),"") -> #REF!
A18: =_xll.DBRA("RXLTM1:Account",D18,"ALIAS English") -> #NAME? | B18: 0325T_H | C18: =LEFT(B18,4) -> 0325 | D18: 1732 | E18: =LEFT(C18,4)&"2"&D18&"00" -> 03252173200 | F18: =IF(INDEX(#REF!,MATCH('JE - Acc Dep'!B18,#REF!,0),MATCH('JE - Acc Dep'!D18,#REF!,0)+3) < 0, -INDEX(#REF!,MATCH('JE - Acc Dep'!B18,#REF!,0),MATCH('JE - Acc Dep'!D18,#REF!,0)+3),"") -> #REF! | G18: =IF(INDEX(#REF!,MATCH('JE - Acc Dep'!B18,#REF!,0),MATCH('JE - Acc Dep'!D18,#REF!,0)+3) > 0, INDEX(#REF!,MATCH('JE - Acc Dep'!B18,#REF!,0),MATCH('JE - Acc Dep'!D18,#REF!,0)+3),"") -> #REF!
A19: =_xll.DBRA("RXLTM1:Account",D19,"ALIAS English") -> #NAME? | B19: 0326T_H | C19: =LEFT(B19,4) -> 0326 | D19: 1732 | E19: =LEFT(C19,4)&"2"&D19&"00" -> 03262173200 | F19: =IF(INDEX(#REF!,MATCH('JE - Acc Dep'!B19,#REF!,0),MATCH('JE - Acc Dep'!D19,#REF!,0)+3) < 0, -INDEX(#REF!,MATCH('JE - Acc Dep'!B19,#REF!,0),MATCH('JE - Acc Dep'!D19,#REF!,0)+3),"") -> #REF! | G19: =IF(INDEX(#REF!,MATCH('JE - Acc Dep'!B19,#REF!,0),MATCH('JE - Acc Dep'!D19,#REF!,0)+3) > 0, INDEX(#REF!,MATCH('JE - Acc Dep'!B19,#REF!,0),MATCH('JE - Acc Dep'!D19,#REF!,0)+3),"") -> #REF!
A20: =_xll.DBRA("RXLTM1:Account",D20,"ALIAS English") -> #NAME? | B20: 0328T_H | C20: =LEFT(B20,4) -> 0328 | D20: 1732 | E20: =LEFT(C20,4)&"2"&D20&"00" -> 03282173200 | F20: =IF(INDEX(#REF!,MATCH('JE - Acc Dep'!B20,#REF!,0),MATCH('JE - Acc Dep'!D20,#REF!,0)+3) < 0, -INDEX(#REF!,MATCH('JE - Acc Dep'!B20,#REF!,0),MATCH('JE - Acc Dep'!D20,#REF!,0)+3),"") -> #REF! | G20: =IF(INDEX(#REF!,MATCH('JE - Acc Dep'!B20,#REF!,0),MATCH('JE - Acc Dep'!D20,#REF!,0)+3) > 0, INDEX(#REF!,MATCH('JE - Acc Dep'!B20,#REF!,0),MATCH('JE - Acc Dep'!D20,#REF!,0)+3),"") -> #REF!
A21: =_xll.DBRA("RXLTM1:Account",D21,"ALIAS English") -> #NAME? | B21: 0329T | C21: =LEFT(B21,4) -> 0329 | D21: 1732 | E21: =LEFT(C21,4)&"2"&D21&"00" -> 03292173200 | F21: =IF(INDEX(#REF!,MATCH('JE - Acc Dep'!B21,#REF!,0),MATCH('JE - Acc Dep'!D21,#REF!,0)+3) < 0, -INDEX(#REF!,MATCH('JE - Acc Dep'!B21,#REF!,0),MATCH('JE - Acc Dep'!D21,#REF!,0)+3),"") -> #REF! | G21: =IF(INDEX(#REF!,MATCH('JE - Acc Dep'!B21,#REF!,0),MATCH('JE - Acc Dep'!D21,#REF!,0)+3) > 0, INDEX(#REF!,MATCH('JE - Acc Dep'!B21,#REF!,0),MATCH('JE - Acc Dep'!D21,#REF!,0)+3),"") -> #REF!
A22: =_xll.DBRA("RXLTM1:Account",D22,"ALIAS English") -> #NAME? | B22: 0330T | C22: =LEFT(B22,4) -> 0330 | D22: 1732 | E22: =LEFT(C22,4)&"2"&D22&"00" -> 03302173200 | F22: =IF(INDEX(#REF!,MATCH('JE - Acc Dep'!B22,#REF!,0),MATCH('JE - Acc Dep'!D22,#REF!,0)+3) < 0, -INDEX(#REF!,MATCH('JE - Acc Dep'!B22,#REF!,0),MATCH('JE - Acc Dep'!D22,#REF!,0)+3),"") -> #REF! | G22: =IF(INDEX(#REF!,MATCH('JE - Acc Dep'!B22,#REF!,0),MATCH('JE - Acc Dep'!D22,#REF!,0)+3) > 0, INDEX(#REF!,MATCH('JE - Acc Dep'!B22,#REF!,0),MATCH('JE - Acc Dep'!D22,#REF!,0)+3),"") -> #REF!
A24: =_xll.DBRA("RXLTM1:Account",D24,"ALIAS English") -> #NAME? | B24: 0301T_H | C24: =LEFT(B24,4) -> 0301 | D24: 1742 | E24: =LEFT(C24,4)&"2"&D24&"00" -> 03012174200 | F24: =IF(INDEX(#REF!,MATCH('JE - Acc Dep'!B24,#REF!,0),MATCH('JE - Acc Dep'!D24,#REF!,0)+3) < 0, -INDEX(#REF!,MATCH('JE - Acc Dep'!B24,#REF!,0),MATCH('JE - Acc Dep'!D24,#REF!,0)+3),"") -> #REF! | G24: =IF(INDEX(#REF!,MATCH('JE - Acc Dep'!B24,#REF!,0),MATCH('JE - Acc Dep'!D24,#REF!,0)+3) > 0, INDEX(#REF!,MATCH('JE - Acc Dep'!B24,#REF!,0),MATCH('JE - Acc Dep'!D24,#REF!,0)+3),"") -> #REF!
A25: =_xll.DBRA("RXLTM1:Account",D25,"ALIAS English") -> #NAME? | B25: 0302T_H | C25: =LEFT(B25,4) -> 0302 | D25: 1742 | E25: =LEFT(C25,4)&"2"&D25&"00" -> 03022174200 | F25: =IF(INDEX(#REF!,MATCH('JE - Acc Dep'!B25,#REF!,0),MATCH('JE - Acc Dep'!D25,#REF!,0)+3) < 0, -INDEX(#REF!,MATCH('JE - Acc Dep'!B25,#REF!,0),MATCH('JE - Acc Dep'!D25,#REF!,0)+3),"") -> #REF! | G25: =IF(INDEX(#REF!,MATCH('JE - Acc Dep'!B25,#REF!,0),MATCH('JE - Acc Dep'!D25,#REF!,0)+3) > 0, INDEX(#REF!,MATCH('JE - Acc Dep'!B25,#REF!,0),MATCH('JE - Acc Dep'!D25,#REF!,0)+3),"") -> #REF!
A26: =_xll.DBRA("RXLTM1:Account",D26,"ALIAS English") -> #NAME? | B26: 0303T_H | C26: =LEFT(B26,4) -> 0303 | D26: 1742 | E26: =LEFT(C26,4)&"2"&D26&"00" -> 03032174200 | F26: =IF(INDEX(#REF!,MATCH('JE - Acc Dep'!B26,#REF!,0),MATCH('JE - Acc Dep'!D26,#REF!,0)+3) < 0, -INDEX(#REF!,MATCH('JE - Acc Dep'!B26,#REF!,0),MATCH('JE - Acc Dep'!D26,#REF!,0)+3),"") -> #REF! | G26: =IF(INDEX(#REF!,MATCH('JE - Acc Dep'!B26,#REF!,0),MATCH('JE - Acc Dep'!D26,#REF!,0)+3) > 0, INDEX(#REF!,MATCH('JE - Acc Dep'!B26,#REF!,0),MATCH('JE - Acc Dep'!D26,#REF!,0)+3),"") -> #REF!
... A31: =_xll.DBRA("RXLTM1:Account",D31,"ALIAS English") -> #NAME? | B31: 0309T_H | C31: =LEFT(B31,4) -> 0309 | D31: 1742 | E31: =LEFT(C31,4)&"2"&D31&"00" -> 03092174200 | F31: =IF(INDEX(#REF!,MATCH('JE - Acc Dep'!B31,#REF!,0),MATCH('JE - Acc Dep'!D31,#REF!,0)+3) < 0, -INDEX(#REF!,MATCH('JE - Acc Dep'!B31,#REF!,0),MATCH('JE - Acc Dep'!D31,#REF!,0)+3),"") -> #REF! | G31: =IF(INDEX(#REF!,MATCH('JE - Acc Dep'!B31,#REF!,0),MATCH('JE - Acc Dep'!D31,#REF!,0)+3) > 0, INDEX(#REF!,MATCH('JE - Acc Dep'!B31,#REF!,0),MATCH('JE - Acc Dep'!D31,#REF!,0)+3),"") -> #REF!
A32: =_xll.DBRA("RXLTM1:Account",D32,"ALIAS English") -> #NAME? | B32: 03ADMT_H | C32: 0311 | D32: 1742 | E32: =LEFT(C32,4)&"2"&D32&"00" -> 03112174200 | F32: =IF(INDEX(#REF!,MATCH('JE - Acc Dep'!B32,#REF!,0),MATCH('JE - Acc Dep'!D32,#REF!,0)+3) < 0, -INDEX(#REF!,MATCH('JE - Acc Dep'!B32,#REF!,0),MATCH('JE - Acc Dep'!D32,#REF!,0)+3),"") -> #REF! | G32: =IF(INDEX(#REF!,MATCH('JE - Acc Dep'!B32,#REF!,0),MATCH('JE - Acc Dep'!D32,#REF!,0)+3) > 0, INDEX(#REF!,MATCH('JE - Acc Dep'!B32,#REF!,0),MATCH('JE - Acc Dep'!D32,#REF!,0)+3),"") -> #REF!
A33: =_xll.DBRA("RXLTM1:Account",D33,"ALIAS English") -> #NAME? | B33: 0321T_H | C33: =LEFT(B33,4) -> 0321 | D33: 1742 | E33: =LEFT(C33,4)&"2"&D33&"00" -> 03212174200 | F33: =IF(INDEX(#REF!,MATCH('JE - Acc Dep'!B33,#REF!,0),MATCH('JE - Acc Dep'!D33,#REF!,0)+3) < 0, -INDEX(#REF!,MATCH('JE - Acc Dep'!B33,#REF!,0),MATCH('JE - Acc Dep'!D33,#REF!,0)+3),"") -> #REF! | G33: =IF(INDEX(#REF!,MATCH('JE - Acc Dep'!B33,#REF!,0),MATCH('JE - Acc Dep'!D33,#REF!,0)+3) > 0, INDEX(#REF!,MATCH('JE - Acc Dep'!B33,#REF!,0),MATCH('JE - Acc Dep'!D33,#REF!,0)+3),"") -> #REF!
A34: =_xll.DBRA("RXLTM1:Account",D34,"ALIAS English") -> #NAME? | B34: 0322T_H | C34: =LEFT(B34,4) -> 0322 | D34: 1742 | E34: =LEFT(C34,4)&"2"&D34&"00" -> 03222174200 | F34: =IF(INDEX(#REF!,MATCH('JE - Acc Dep'!B34,#REF!,0),MATCH('JE - Acc Dep'!D34,#REF!,0)+3) < 0, -INDEX(#REF!,MATCH('JE - Acc Dep'!B34,#REF!,0),MATCH('JE - Acc Dep'!D34,#REF!,0)+3),"") -> #REF! | G34: =IF(INDEX(#REF!,MATCH('JE - Acc Dep'!B34,#REF!,0),MATCH('JE - Acc Dep'!D34,#REF!,0)+3) > 0, INDEX(#REF!,MATCH('JE - Acc Dep'!B34,#REF!,0),MATCH('JE - Acc Dep'!D34,#REF!,0)+3),"") -> #REF!
A35: =_xll.DBRA("RXLTM1:Account",D35,"ALIAS English") -> #NAME? | B35: 0323T_H | C35: =LEFT(B35,4) -> 0323 | D35: 1742 | E35: =LEFT(C35,4)&"2"&D35&"00" -> 03232174200 | F35: =IF(INDEX(#REF!,MATCH('JE - Acc Dep'!B35,#REF!,0),MATCH('JE - Acc Dep'!D35,#REF!,0)+3) < 0, -INDEX(#REF!,MATCH('JE - Acc Dep'!B35,#REF!,0),MATCH('JE - Acc Dep'!D35,#REF!,0)+3),"") -> #REF! | G35: =IF(INDEX(#REF!,MATCH('JE - Acc Dep'!B35,#REF!,0),MATCH('JE - Acc Dep'!D35,#REF!,0)+3) > 0, INDEX(#REF!,MATCH('JE - Acc Dep'!B35,#REF!,0),MATCH('JE - Acc Dep'!D35,#REF!,0)+3),"") -> #REF!
A36: =_xll.DBRA("RXLTM1:Account",D36,"ALIAS English") -> #NAME? | B36: 0324T_H | C36: =LEFT(B36,4) -> 0324 | D36: 1742 | E36: =LEFT(C36,4)&"2"&D36&"00" -> 03242174200 | F36: =IF(INDEX(#REF!,MATCH('JE - Acc Dep'!B36,#REF!,0),MATCH('JE - Acc Dep'!D36,#REF!,0)+3) < 0, -INDEX(#REF!,MATCH('JE - Acc Dep'!B36,#REF!,0),MATCH('JE - Acc Dep'!D36,#REF!,0)+3),"") -> #REF! | G36: =IF(INDEX(#REF!,MATCH('JE - Acc Dep'!B36,#REF!,0),MATCH('JE - Acc Dep'!D36,#REF!,0)+3) > 0, INDEX(#REF!,MATCH('JE - Acc Dep'!B36,#REF!,0),MATCH('JE - Acc Dep'!D36,#REF!,0)+3),"") -> #REF!
A37: =_xll.DBRA("RXLTM1:Account",D37,"ALIAS English") -> #NAME? | B37: 0325T_H | C37: =LEFT(B37,4) -> 0325 | D37: 1742 | E37: =LEFT(C37,4)&"2"&D37&"00" -> 03252174200 | F37: =IF(INDEX(#REF!,MATCH('JE - Acc Dep'!B37,#REF!,0),MATCH('JE - Acc Dep'!D37,#REF!,0)+3) < 0, -INDEX(#REF!,MATCH('JE - Acc Dep'!B37,#REF!,0),MATCH('JE - Acc Dep'!D37,#REF!,0)+3),"") -> #REF! | G37: =IF(INDEX(#REF!,MATCH('JE - Acc Dep'!B37,#REF!,0),MATCH('JE - Acc Dep'!D37,#REF!,0)+3) > 0, INDEX(#REF!,MATCH('JE - Acc Dep'!B37,#REF!,0),MATCH('JE - Acc Dep'!D37,#REF!,0)+3),"") -> #REF!
A38: =_xll.DBRA("RXLTM1:Account",D38,"ALIAS English") -> #NAME? | B38: 0326T_H | C38: =LEFT(B38,4) -> 0326 | D38: 1742 | E38: =LEFT(C38,4)&"2"&D38&"00" -> 03262174200 | F38: =IF(INDEX(#REF!,MATCH('JE - Acc Dep'!B38,#REF!,0),MATCH('JE - Acc Dep'!D38,#REF!,0)+3) < 0, -INDEX(#REF!,MATCH('JE - Acc Dep'!B38,#REF!,0),MATCH('JE - Acc Dep'!D38,#REF!,0)+3),"") -> #REF! | G38: =IF(INDEX(#REF!,MATCH('JE - Acc Dep'!B38,#REF!,0),MATCH('JE - Acc Dep'!D38,#REF!,0)+3) > 0, INDEX(#REF!,MATCH('JE - Acc Dep'!B38,#REF!,0),MATCH('JE - Acc Dep'!D38,#REF!,0)+3),"") -> #REF!
A39: =_xll.DBRA("RXLTM1:Account",D39,"ALIAS English") -> #NAME? | B39: 0328T_H | C39: =LEFT(B39,4) -> 0328 | D39: 1742 | E39: =LEFT(C39,4)&"2"&D39&"00" -> 03282174200 | F39: =IF(INDEX(#REF!,MATCH('JE - Acc Dep'!B39,#REF!,0),MATCH('JE - Acc Dep'!D39,#REF!,0)+3) < 0, -INDEX(#REF!,MATCH('JE - Acc Dep'!B39,#REF!,0),MATCH('JE - Acc Dep'!D39,#REF!,0)+3),"") -> #REF! | G39: =IF(INDEX(#REF!,MATCH('JE - Acc Dep'!B39,#REF!,0),MATCH('JE - Acc Dep'!D39,#REF!,0)+3) > 0, INDEX(#REF!,MATCH('JE - Acc Dep'!B39,#REF!,0),MATCH('JE - Acc Dep'!D39,#REF!,0)+3),"") -> #REF!
A40: =_xll.DBRA("RXLTM1:Account",D40,"ALIAS English") -> #NAME? | B40: 0329T | C40: =LEFT(B40,4) -> 0329 | D40: 1742 | E40: =LEFT(C40,4)&"2"&D40&"00" -> 03292174200 | F40: =IF(INDEX(#REF!,MATCH('JE - Acc Dep'!B40,#REF!,0),MATCH('JE - Acc Dep'!D40,#REF!,0)+3) < 0, -INDEX(#REF!,MATCH('JE - Acc Dep'!B40,#REF!,0),MATCH('JE - Acc Dep'!D40,#REF!,0)+3),"") -> #REF! | G40: =IF(INDEX(#REF!,MATCH('JE - Acc Dep'!B40,#REF!,0),MATCH('JE - Acc Dep'!D40,#REF!,0)+3) > 0, INDEX(#REF!,MATCH('JE - Acc Dep'!B40,#REF!,0),MATCH('JE - Acc Dep'!D40,#REF!,0)+3),"") -> #REF!
A41: =_xll.DBRA("RXLTM1:Account",D41,"ALIAS English") -> #NAME? | B41: 0330T | C41: =LEFT(B41,4) -> 0330 | D41: 1742 | E41: =LEFT(C41,4)&"2"&D41&"00" -> 03302174200 | F41: =IF(INDEX(#REF!,MATCH('JE - Acc Dep'!B41,#REF!,0),MATCH('JE - Acc Dep'!D41,#REF!,0)+3) < 0, -INDEX(#REF!,MATCH('JE - Acc Dep'!B41,#REF!,0),MATCH('JE - Acc Dep'!D41,#REF!,0)+3),"") -> #REF! | G41: =IF(INDEX(#REF!,MATCH('JE - Acc Dep'!B41,#REF!,0),MATCH('JE - Acc Dep'!D41,#REF!,0)+3) > 0, INDEX(#REF!,MATCH('JE - Acc Dep'!B41,#REF!,0),MATCH('JE - Acc Dep'!D41,#REF!,0)+3),"") -> #REF!
A43: =_xll.DBRA("RXLTM1:Account",D43,"ALIAS English") -> #NAME? | B43: 0301T_H | C43: =LEFT(B43,4) -> 0301 | D43: 1752 | E43: =LEFT(C43,4)&"2"&D43&"00" -> 03012175200 | F43: =IF(INDEX(#REF!,MATCH('JE - Acc Dep'!B43,#REF!,0),MATCH('JE - Acc Dep'!D43,#REF!,0)+3) < 0, -INDEX(#REF!,MATCH('JE - Acc Dep'!B43,#REF!,0),MATCH('JE - Acc Dep'!D43,#REF!,0)+3),"") -> #REF! | G43: =IF(INDEX(#REF!,MATCH('JE - Acc Dep'!B43,#REF!,0),MATCH('JE - Acc Dep'!D43,#REF!,0)+3) > 0, INDEX(#REF!,MATCH('JE - Acc Dep'!B43,#REF!,0),MATCH('JE - Acc Dep'!D43,#REF!,0)+3),"") -> #REF!
A44: =_xll.DBRA("RXLTM1:Account",D44,"ALIAS English") -> #NAME? | B44: 0302T_H | C44: =LEFT(B44,4) -> 0302 | D44: 1752 | E44: =LEFT(C44,4)&"2"&D44&"00" -> 03022175200 | F44: =IF(INDEX(#REF!,MATCH('JE - Acc Dep'!B44,#REF!,0),MATCH('JE - Acc Dep'!D44,#REF!,0)+3) < 0, -INDEX(#REF!,MATCH('JE - Acc Dep'!B44,#REF!,0),MATCH('JE - Acc Dep'!D44,#REF!,0)+3),"") -> #REF! | G44: =IF(INDEX(#REF!,MATCH('JE - Acc Dep'!B44,#REF!,0),MATCH('JE - Acc Dep'!D44,#REF!,0)+3) > 0, INDEX(#REF!,MATCH('JE - Acc Dep'!B44,#REF!,0),MATCH('JE - Acc Dep'!D44,#REF!,0)+3),"") -> #REF!
A45: =_xll.DBRA("RXLTM1:Account",D45,"ALIAS English") -> #NAME? | B45: 0303T_H | C45: =LEFT(B45,4) -> 0303 | D45: 1752 | E45: =LEFT(C45,4)&"2"&D45&"00" -> 03032175200 | F45: =IF(INDEX(#REF!,MATCH('JE - Acc Dep'!B45,#REF!,0),MATCH('JE - Acc Dep'!D45,#REF!,0)+3) < 0, -INDEX(#REF!,MATCH('JE - Acc Dep'!B45,#REF!,0),MATCH('JE - Acc Dep'!D45,#REF!,0)+3),"") -> #REF! | G45: =IF(INDEX(#REF!,MATCH('JE - Acc Dep'!B45,#REF!,0),MATCH('JE - Acc Dep'!D45,#REF!,0)+3) > 0, INDEX(#REF!,MATCH('JE - Acc Dep'!B45,#REF!,0),MATCH('JE - Acc Dep'!D45,#REF!,0)+3),"") -> #REF!
... A50: =_xll.DBRA("RXLTM1:Account",D50,"ALIAS English") -> #NAME? | B50: 0309T_H | C50: =LEFT(B50,4) -> 0309 | D50: 1752 | E50: =LEFT(C50,4)&"2"&D50&"00" -> 03092175200 | F50: =IF(INDEX(#REF!,MATCH('JE - Acc Dep'!B50,#REF!,0),MATCH('JE - Acc Dep'!D50,#REF!,0)+3) < 0, -INDEX(#REF!,MATCH('JE - Acc Dep'!B50,#REF!,0),MATCH('JE - Acc Dep'!D50,#REF!,0)+3),"") -> #REF! | G50: =IF(INDEX(#REF!,MATCH('JE - Acc Dep'!B50,#REF!,0),MATCH('JE - Acc Dep'!D50,#REF!,0)+3) > 0, INDEX(#REF!,MATCH('JE - Acc Dep'!B50,#REF!,0),MATCH('JE - Acc Dep'!D50,#REF!,0)+3),"") -> #REF!
A51: =_xll.DBRA("RXLTM1:Account",D51,"ALIAS English") -> #NAME? | B51: 03ADMT_H | C51: 0311 | D51: 1752 | E51: =LEFT(C51,4)&"2"&D51&"00" -> 03112175200 | F51: =IF(INDEX(#REF!,MATCH('JE - Acc Dep'!B51,#REF!,0),MATCH('JE - Acc Dep'!D51,#REF!,0)+3) < 0, -INDEX(#REF!,MATCH('JE - Acc Dep'!B51,#REF!,0),MATCH('JE - Acc Dep'!D51,#REF!,0)+3),"") -> #REF! | G51: =IF(INDEX(#REF!,MATCH('JE - Acc Dep'!B51,#REF!,0),MATCH('JE - Acc Dep'!D51,#REF!,0)+3) > 0, INDEX(#REF!,MATCH('JE - Acc Dep'!B51,#REF!,0),MATCH('JE - Acc Dep'!D51,#REF!,0)+3),"") -> #REF!
A52: =_xll.DBRA("RXLTM1:Account",D52,"ALIAS English") -> #NAME? | B52: 0321T_H | C52: =LEFT(B52,4) -> 0321 | D52: 1752 | E52: =LEFT(C52,4)&"2"&D52&"00" -> 03212175200 | F52: =IF(INDEX(#REF!,MATCH('JE - Acc Dep'!B52,#REF!,0),MATCH('JE - Acc Dep'!D52,#REF!,0)+3) < 0, -INDEX(#REF!,MATCH('JE - Acc Dep'!B52,#REF!,0),MATCH('JE - Acc Dep'!D52,#REF!,0)+3),"") -> #REF! | G52: =IF(INDEX(#REF!,MATCH('JE - Acc Dep'!B52,#REF!,0),MATCH('JE - Acc Dep'!D52,#REF!,0)+3) > 0, INDEX(#REF!,MATCH('JE - Acc Dep'!B52,#REF!,0),MATCH('JE - Acc Dep'!D52,#REF!,0)+3),"") -> #REF!
A53: =_xll.DBRA("RXLTM1:Account",D53,"ALIAS English") -> #NAME? | B53: 0322T_H | C53: =LEFT(B53,4) -> 0322 | D53: 1752 | E53: =LEFT(C53,4)&"2"&D53&"00" -> 03222175200 | F53: =IF(INDEX(#REF!,MATCH('JE - Acc Dep'!B53,#REF!,0),MATCH('JE - Acc Dep'!D53,#REF!,0)+3) < 0, -INDEX(#REF!,MATCH('JE - Acc Dep'!B53,#REF!,0),MATCH('JE - Acc Dep'!D53,#REF!,0)+3),"") -> #REF! | G53: =IF(INDEX(#REF!,MATCH('JE - Acc Dep'!B53,#REF!,0),MATCH('JE - Acc Dep'!D53,#REF!,0)+3) > 0, INDEX(#REF!,MATCH('JE - Acc Dep'!B53,#REF!,0),MATCH('JE - Acc Dep'!D53,#REF!,0)+3),"") -> #REF!
A54: =_xll.DBRA("RXLTM1:Account",D54,"ALIAS English") -> #NAME? | B54: 0323T_H | C54: =LEFT(B54,4) -> 0323 | D54: 1752 | E54: =LEFT(C54,4)&"2"&D54&"00" -> 03232175200 | F54: =IF(INDEX(#REF!,MATCH('JE - Acc Dep'!B54,#REF!,0),MATCH('JE - Acc Dep'!D54,#REF!,0)+3) < 0, -INDEX(#REF!,MATCH('JE - Acc Dep'!B54,#REF!,0),MATCH('JE - Acc Dep'!D54,#REF!,0)+3),"") -> #REF! | G54: =IF(INDEX(#REF!,MATCH('JE - Acc Dep'!B54,#REF!,0),MATCH('JE - Acc Dep'!D54,#REF!,0)+3) > 0, INDEX(#REF!,MATCH('JE - Acc Dep'!B54,#REF!,0),MATCH('JE - Acc Dep'!D54,#REF!,0)+3),"") -> #REF!
A55: =_xll.DBRA("RXLTM1:Account",D55,"ALIAS English") -> #NAME? | B55: 0324T_H | C55: =LEFT(B55,4) -> 0324 | D55: 1752 | E55: =LEFT(C55,4)&"2"&D55&"00" -> 03242175200 | F55: =IF(INDEX(#REF!,MATCH('JE - Acc Dep'!B55,#REF!,0),MATCH('JE - Acc Dep'!D55,#REF!,0)+3) < 0, -INDEX(#REF!,MATCH('JE - Acc Dep'!B55,#REF!,0),MATCH('JE - Acc Dep'!D55,#REF!,0)+3),"") -> #REF! | G55: =IF(INDEX(#REF!,MATCH('JE - Acc Dep'!B55,#REF!,0),MATCH('JE - Acc Dep'!D55,#REF!,0)+3) > 0, INDEX(#REF!,MATCH('JE - Acc Dep'!B55,#REF!,0),MATCH('JE - Acc Dep'!D55,#REF!,0)+3),"") -> #REF!
A56: =_xll.DBRA("RXLTM1:Account",D56,"ALIAS English") -> #NAME? | B56: 0325T_H | C56: =LEFT(B56,4) -> 0325 | D56: 1752 | E56: =LEFT(C56,4)&"2"&D56&"00" -> 03252175200 | F56: =IF(INDEX(#REF!,MATCH('JE - Acc Dep'!B56,#REF!,0),MATCH('JE - Acc Dep'!D56,#REF!,0)+3) < 0, -INDEX(#REF!,MATCH('JE - Acc Dep'!B56,#REF!,0),MATCH('JE - Acc Dep'!D56,#REF!,0)+3),"") -> #REF! | G56: =IF(INDEX(#REF!,MATCH('JE - Acc Dep'!B56,#REF!,0),MATCH('JE - Acc Dep'!D56,#REF!,0)+3) > 0, INDEX(#REF!,MATCH('JE - Acc Dep'!B56,#REF!,0),MATCH('JE - Acc Dep'!D56,#REF!,0)+3),"") -> #REF!
A57: =_xll.DBRA("RXLTM1:Account",D57,"ALIAS English") -> #NAME? | B57: 0326T_H | C57: =LEFT(B57,4) -> 0326 | D57: 1752 | E57: =LEFT(C57,4)&"2"&D57&"00" -> 03262175200 | F57: =IF(INDEX(#REF!,MATCH('JE - Acc Dep'!B57,#REF!,0),MATCH('JE - Acc Dep'!D57,#REF!,0)+3) < 0, -INDEX(#REF!,MATCH('JE - Acc Dep'!B57,#REF!,0),MATCH('JE - Acc Dep'!D57,#REF!,0)+3),"") -> #REF! | G57: =IF(INDEX(#REF!,MATCH('JE - Acc Dep'!B57,#REF!,0),MATCH('JE - Acc Dep'!D57,#REF!,0)+3) > 0, INDEX(#REF!,MATCH('JE - Acc Dep'!B57,#REF!,0),MATCH('JE - Acc Dep'!D57,#REF!,0)+3),"") -> #REF!
A58: =_xll.DBRA("RXLTM1:Account",D58,"ALIAS English") -> #NAME? | B58: 0328T_H | C58: =LEFT(B58,4) -> 0328 | D58: 1752 | E58: =LEFT(C58,4)&"2"&D58&"00" -> 03282175200 | F58: =IF(INDEX(#REF!,MATCH('JE - Acc Dep'!B58,#REF!,0),MATCH('JE - Acc Dep'!D58,#REF!,0)+3) < 0, -INDEX(#REF!,MATCH('JE - Acc Dep'!B58,#REF!,0),MATCH('JE - Acc Dep'!D58,#REF!,0)+3),"") -> #REF! | G58: =IF(INDEX(#REF!,MATCH('JE - Acc Dep'!B58,#REF!,0),MATCH('JE - Acc Dep'!D58,#REF!,0)+3) > 0, INDEX(#REF!,MATCH('JE - Acc Dep'!B58,#REF!,0),MATCH('JE - Acc Dep'!D58,#REF!,0)+3),"") -> #REF!
A59: =_xll.DBRA("RXLTM1:Account",D59,"ALIAS English") -> #NAME? | B59: 0329T | C59: =LEFT(B59,4) -> 0329 | D59: 1752 | E59: =LEFT(C59,4)&"2"&D59&"00" -> 03292175200 | F59: =IF(INDEX(#REF!,MATCH('JE - Acc Dep'!B59,#REF!,0),MATCH('JE - Acc Dep'!D59,#REF!,0)+3) < 0, -INDEX(#REF!,MATCH('JE - Acc Dep'!B59,#REF!,0),MATCH('JE - Acc Dep'!D59,#REF!,0)+3),"") -> #REF! | G59: =IF(INDEX(#REF!,MATCH('JE - Acc Dep'!B59,#REF!,0),MATCH('JE - Acc Dep'!D59,#REF!,0)+3) > 0, INDEX(#REF!,MATCH('JE - Acc Dep'!B59,#REF!,0),MATCH('JE - Acc Dep'!D59,#REF!,0)+3),"") -> #REF!
A60: =_xll.DBRA("RXLTM1:Account",D60,"ALIAS English") -> #NAME? | B60: 0330T | C60: =LEFT(B60,4) -> 0330 | D60: 1752 | E60: =LEFT(C60,4)&"2"&D60&"00" -> 03302175200 | F60: =IF(INDEX(#REF!,MATCH('JE - Acc Dep'!B60,#REF!,0),MATCH('JE - Acc Dep'!D60,#REF!,0)+3) < 0, -INDEX(#REF!,MATCH('JE - Acc Dep'!B60,#REF!,0),MATCH('JE - Acc Dep'!D60,#REF!,0)+3),"") -> #REF! | G60: =IF(INDEX(#REF!,MATCH('JE - Acc Dep'!B60,#REF!,0),MATCH('JE - Acc Dep'!D60,#REF!,0)+3) > 0, INDEX(#REF!,MATCH('JE - Acc Dep'!B60,#REF!,0),MATCH('JE - Acc Dep'!D60,#REF!,0)+3),"") -> #REF!
A62: =_xll.DBRA("RXLTM1:Account",D62,"ALIAS English") -> #NAME? | B62: 0301T_H | C62: =LEFT(B62,4) -> 0301 | D62: 1762 | E62: =LEFT(C62,4)&"2"&D62&"00" -> 03012176200 | F62: =IF(INDEX(#REF!,MATCH('JE - Acc Dep'!B62,#REF!,0),MATCH('JE - Acc Dep'!D62,#REF!,0)+3) < 0, -INDEX(#REF!,MATCH('JE - Acc Dep'!B62,#REF!,0),MATCH('JE - Acc Dep'!D62,#REF!,0)+3),"") -> #REF! | G62: =IF(INDEX(#REF!,MATCH('JE - Acc Dep'!B62,#REF!,0),MATCH('JE - Acc Dep'!D62,#REF!,0)+3) > 0, INDEX(#REF!,MATCH('JE - Acc Dep'!B62,#REF!,0),MATCH('JE - Acc Dep'!D62,#REF!,0)+3),"") -> #REF!
A63: =_xll.DBRA("RXLTM1:Account",D63,"ALIAS English") -> #NAME? | B63: 0302T_H | C63: =LEFT(B63,4) -> 0302 | D63: 1762 | E63: =LEFT(C63,4)&"2"&D63&"00" -> 03022176200 | F63: =IF(INDEX(#REF!,MATCH('JE - Acc Dep'!B63,#REF!,0),MATCH('JE - Acc Dep'!D63,#REF!,0)+3) < 0, -INDEX(#REF!,MATCH('JE - Acc Dep'!B63,#REF!,0),MATCH('JE - Acc Dep'!D63,#REF!,0)+3),"") -> #REF! | G63: =IF(INDEX(#REF!,MATCH('JE - Acc Dep'!B63,#REF!,0),MATCH('JE - Acc Dep'!D63,#REF!,0)+3) > 0, INDEX(#REF!,MATCH('JE - Acc Dep'!B63,#REF!,0),MATCH('JE - Acc Dep'!D63,#REF!,0)+3),"") -> #REF!
A64: =_xll.DBRA("RXLTM1:Account",D64,"ALIAS English") -> #NAME? | B64: 0303T_H | C64: =LEFT(B64,4) -> 0303 | D64: 1762 | E64: =LEFT(C64,4)&"2"&D64&"00" -> 03032176200 | F64: =IF(INDEX(#REF!,MATCH('JE - Acc Dep'!B64,#REF!,0),MATCH('JE - Acc Dep'!D64,#REF!,0)+3) < 0, -INDEX(#REF!,MATCH('JE - Acc Dep'!B64,#REF!,0),MATCH('JE - Acc Dep'!D64,#REF!,0)+3),"") -> #REF! | G64: =IF(INDEX(#REF!,MATCH('JE - Acc Dep'!B64,#REF!,0),MATCH('JE - Acc Dep'!D64,#REF!,0)+3) > 0, INDEX(#REF!,MATCH('JE - Acc Dep'!B64,#REF!,0),MATCH('JE - Acc Dep'!D64,#REF!,0)+3),"") -> #REF!
... A69: =_xll.DBRA("RXLTM1:Account",D69,"ALIAS English") -> #NAME? | B69: 0309T_H | C69: =LEFT(B69,4) -> 0309 | D69: 1762 | E69: =LEFT(C69,4)&"2"&D69&"00" -> 03092176200 | F69: =IF(INDEX(#REF!,MATCH('JE - Acc Dep'!B69,#REF!,0),MATCH('JE - Acc Dep'!D69,#REF!,0)+3) < 0, -INDEX(#REF!,MATCH('JE - Acc Dep'!B69,#REF!,0),MATCH('JE - Acc Dep'!D69,#REF!,0)+3),"") -> #REF! | G69: =IF(INDEX(#REF!,MATCH('JE - Acc Dep'!B69,#REF!,0),MATCH('JE - Acc Dep'!D69,#REF!,0)+3) > 0, INDEX(#REF!,MATCH('JE - Acc Dep'!B69,#REF!,0),MATCH('JE - Acc Dep'!D69,#REF!,0)+3),"") -> #REF!
A70: =_xll.DBRA("RXLTM1:Account",D70,"ALIAS English") -> #NAME? | B70: 03ADMT_H | C70: 0311 | D70: 1762 | E70: =LEFT(C70,4)&"2"&D70&"00" -> 03112176200 | F70: =IF(INDEX(#REF!,MATCH('JE - Acc Dep'!B70,#REF!,0),MATCH('JE - Acc Dep'!D70,#REF!,0)+3) < 0, -INDEX(#REF!,MATCH('JE - Acc Dep'!B70,#REF!,0),MATCH('JE - Acc Dep'!D70,#REF!,0)+3),"") -> #REF! | G70: =IF(INDEX(#REF!,MATCH('JE - Acc Dep'!B70,#REF!,0),MATCH('JE - Acc Dep'!D70,#REF!,0)+3) > 0, INDEX(#REF!,MATCH('JE - Acc Dep'!B70,#REF!,0),MATCH('JE - Acc Dep'!D70,#REF!,0)+3),"") -> #REF!
A71: =_xll.DBRA("RXLTM1:Account",D71,"ALIAS English") -> #NAME? | B71: 0321T_H | C71: =LEFT(B71,4) -> 0321 | D71: 1762 | E71: =LEFT(C71,4)&"2"&D71&"00" -> 03212176200 | F71: =IF(INDEX(#REF!,MATCH('JE - Acc Dep'!B71,#REF!,0),MATCH('JE - Acc Dep'!D71,#REF!,0)+3) < 0, -INDEX(#REF!,MATCH('JE - Acc Dep'!B71,#REF!,0),MATCH('JE - Acc Dep'!D71,#REF!,0)+3),"") -> #REF! | G71: =IF(INDEX(#REF!,MATCH('JE - Acc Dep'!B71,#REF!,0),MATCH('JE - Acc Dep'!D71,#REF!,0)+3) > 0, INDEX(#REF!,MATCH('JE - Acc Dep'!B71,#REF!,0),MATCH('JE - Acc Dep'!D71,#REF!,0)+3),"") -> #REF!
A72: =_xll.DBRA("RXLTM1:Account",D72,"ALIAS English") -> #NAME? | B72: 0322T_H | C72: =LEFT(B72,4) -> 0322 | D72: 1762 | E72: =LEFT(C72,4)&"2"&D72&"00" -> 03222176200 | F72: =IF(INDEX(#REF!,MATCH('JE - Acc Dep'!B72,#REF!,0),MATCH('JE - Acc Dep'!D72,#REF!,0)+3) < 0, -INDEX(#REF!,MATCH('JE - Acc Dep'!B72,#REF!,0),MATCH('JE - Acc Dep'!D72,#REF!,0)+3),"") -> #REF! | G72: =IF(INDEX(#REF!,MATCH('JE - Acc Dep'!B72,#REF!,0),MATCH('JE - Acc Dep'!D72,#REF!,0)+3) > 0, INDEX(#REF!,MATCH('JE - Acc Dep'!B72,#REF!,0),MATCH('JE - Acc Dep'!D72,#REF!,0)+3),"") -> #REF!
A73: =_xll.DBRA("RXLTM1:Account",D73,"ALIAS English") -> #NAME? | B73: 0323T_H | C73: =LEFT(B73,4) -> 0323 | D73: 1762 | E73: =LEFT(C73,4)&"2"&D73&"00" -> 03232176200 | F73: =IF(INDEX(#REF!,MATCH('JE - Acc Dep'!B73,#REF!,0),MATCH('JE - Acc Dep'!D73,#REF!,0)+3) < 0, -INDEX(#REF!,MATCH('JE - Acc Dep'!B73,#REF!,0),MATCH('JE - Acc Dep'!D73,#REF!,0)+3),"") -> #REF! | G73: =IF(INDEX(#REF!,MATCH('JE - Acc Dep'!B73,#REF!,0),MATCH('JE - Acc Dep'!D73,#REF!,0)+3) > 0, INDEX(#REF!,MATCH('JE - Acc Dep'!B73,#REF!,0),MATCH('JE - Acc Dep'!D73,#REF!,0)+3),"") -> #REF!
A74: =_xll.DBRA("RXLTM1:Account",D74,"ALIAS English") -> #NAME? | B74: 0324T_H | C74: =LEFT(B74,4) -> 0324 | D74: 1762 | E74: =LEFT(C74,4)&"2"&D74&"00" -> 03242176200 | F74: =IF(INDEX(#REF!,MATCH('JE - Acc Dep'!B74,#REF!,0),MATCH('JE - Acc Dep'!D74,#REF!,0)+3) < 0, -INDEX(#REF!,MATCH('JE - Acc Dep'!B74,#REF!,0),MATCH('JE - Acc Dep'!D74,#REF!,0)+3),"") -> #REF! | G74: =IF(INDEX(#REF!,MATCH('JE - Acc Dep'!B74,#REF!,0),MATCH('JE - Acc Dep'!D74,#REF!,0)+3) > 0, INDEX(#REF!,MATCH('JE - Acc Dep'!B74,#REF!,0),MATCH('JE - Acc Dep'!D74,#REF!,0)+3),"") -> #REF!
A75: =_xll.DBRA("RXLTM1:Account",D75,"ALIAS English") -> #NAME? | B75: 0325T_H | C75: =LEFT(B75,4) -> 0325 | D75: 1762 | E75: =LEFT(C75,4)&"2"&D75&"00" -> 03252176200 | F75: =IF(INDEX(#REF!,MATCH('JE - Acc Dep'!B75,#REF!,0),MATCH('JE - Acc Dep'!D75,#REF!,0)+3) < 0, -INDEX(#REF!,MATCH('JE - Acc Dep'!B75,#REF!,0),MATCH('JE - Acc Dep'!D75,#REF!,0)+3),"") -> #REF! | G75: =IF(INDEX(#REF!,MATCH('JE - Acc Dep'!B75,#REF!,0),MATCH('JE - Acc Dep'!D75,#REF!,0)+3) > 0, INDEX(#REF!,MATCH('JE - Acc Dep'!B75,#REF!,0),MATCH('JE - Acc Dep'!D75,#REF!,0)+3),"") -> #REF!
A76: =_xll.DBRA("RXLTM1:Account",D76,"ALIAS English") -> #NAME? | B76: 0326T_H | C76: =LEFT(B76,4) -> 0326 | D76: 1762 | E76: =LEFT(C76,4)&"2"&D76&"00" -> 03262176200 | F76: =IF(INDEX(#REF!,MATCH('JE - Acc Dep'!B76,#REF!,0),MATCH('JE - Acc Dep'!D76,#REF!,0)+3) < 0, -INDEX(#REF!,MATCH('JE - Acc Dep'!B76,#REF!,0),MATCH('JE - Acc Dep'!D76,#REF!,0)+3),"") -> #REF! | G76: =IF(INDEX(#REF!,MATCH('JE - Acc Dep'!B76,#REF!,0),MATCH('JE - Acc Dep'!D76,#REF!,0)+3) > 0, INDEX(#REF!,MATCH('JE - Acc Dep'!B76,#REF!,0),MATCH('JE - Acc Dep'!D76,#REF!,0)+3),"") -> #REF!
A77: =_xll.DBRA("RXLTM1:Account",D77,"ALIAS English") -> #NAME? | B77: 0328T_H | C77: =LEFT(B77,4) -> 0328 | D77: 1762 | E77: =LEFT(C77,4)&"2"&D77&"00" -> 03282176200 | F77: =IF(INDEX(#REF!,MATCH('JE - Acc Dep'!B77,#REF!,0),MATCH('JE - Acc Dep'!D77,#REF!,0)+3) < 0, -INDEX(#REF!,MATCH('JE - Acc Dep'!B77,#REF!,0),MATCH('JE - Acc Dep'!D77,#REF!,0)+3),"") -> #REF! | G77: =IF(INDEX(#REF!,MATCH('JE - Acc Dep'!B77,#REF!,0),MATCH('JE - Acc Dep'!D77,#REF!,0)+3) > 0, INDEX(#REF!,MATCH('JE - Acc Dep'!B77,#REF!,0),MATCH('JE - Acc Dep'!D77,#REF!,0)+3),"") -> #REF!
A78: =_xll.DBRA("RXLTM1:Account",D78,"ALIAS English") -> #NAME? | B78: 0329T | C78: =LEFT(B78,4) -> 0329 | D78: 1762 | E78: =LEFT(C78,4)&"2"&D78&"00" -> 03292176200 | F78: =IF(INDEX(#REF!,MATCH('JE - Acc Dep'!B78,#REF!,0),MATCH('JE - Acc Dep'!D78,#REF!,0)+3) < 0, -INDEX(#REF!,MATCH('JE - Acc Dep'!B78,#REF!,0),MATCH('JE - Acc Dep'!D78,#REF!,0)+3),"") -> #REF! | G78: =IF(INDEX(#REF!,MATCH('JE - Acc Dep'!B78,#REF!,0),MATCH('JE - Acc Dep'!D78,#REF!,0)+3) > 0, INDEX(#REF!,MATCH('JE - Acc Dep'!B78,#REF!,0),MATCH('JE - Acc Dep'!D78,#REF!,0)+3),"") -> #REF!
A79: =_xll.DBRA("RXLTM1:Account",D79,"ALIAS English") -> #NAME? | B79: 0330T | C79: =LEFT(B79,4) -> 0330 | D79: 1762 | E79: =LEFT(C79,4)&"2"&D79&"00" -> 03302176200 | F79: =IF(INDEX(#REF!,MATCH('JE - Acc Dep'!B79,#REF!,0),MATCH('JE - Acc Dep'!D79,#REF!,0)+3) < 0, -INDEX(#REF!,MATCH('JE - Acc Dep'!B79,#REF!,0),MATCH('JE - Acc Dep'!D79,#REF!,0)+3),"") -> #REF! | G79: =IF(INDEX(#REF!,MATCH('JE - Acc Dep'!B79,#REF!,0),MATCH('JE - Acc Dep'!D79,#REF!,0)+3) > 0, INDEX(#REF!,MATCH('JE - Acc Dep'!B79,#REF!,0),MATCH('JE - Acc Dep'!D79,#REF!,0)+3),"") -> #REF!
A81: =_xll.DBRA("RXLTM1:Account",D81,"ALIAS English") -> #NAME? | B81: 0301T_H | C81: =LEFT(B81,4) -> 0301 | D81: 1772 | E81: =LEFT(C81,4)&"2"&D81&"00" -> 03012177200 | F81: =IF(INDEX(#REF!,MATCH('JE - Acc Dep'!B81,#REF!,0),MATCH('JE - Acc Dep'!D81,#REF!,0)+3) < 0, -INDEX(#REF!,MATCH('JE - Acc Dep'!B81,#REF!,0),MATCH('JE - Acc Dep'!D81,#REF!,0)+3),"") -> #REF! | G81: =IF(INDEX(#REF!,MATCH('JE - Acc Dep'!B81,#REF!,0),MATCH('JE - Acc Dep'!D81,#REF!,0)+3) > 0, INDEX(#REF!,MATCH('JE - Acc Dep'!B81,#REF!,0),MATCH('JE - Acc Dep'!D81,#REF!,0)+3),"") -> #REF!
A82: =_xll.DBRA("RXLTM1:Account",D82,"ALIAS English") -> #NAME? | B82: 0302T_H | C82: =LEFT(B82,4) -> 0302 | D82: 1772 | E82: =LEFT(C82,4)&"2"&D82&"00" -> 03022177200 | F82: =IF(INDEX(#REF!,MATCH('JE - Acc Dep'!B82,#REF!,0),MATCH('JE - Acc Dep'!D82,#REF!,0)+3) < 0, -INDEX(#REF!,MATCH('JE - Acc Dep'!B82,#REF!,0),MATCH('JE - Acc Dep'!D82,#REF!,0)+3),"") -> #REF! | G82: =IF(INDEX(#REF!,MATCH('JE - Acc Dep'!B82,#REF!,0),MATCH('JE - Acc Dep'!D82,#REF!,0)+3) > 0, INDEX(#REF!,MATCH('JE - Acc Dep'!B82,#REF!,0),MATCH('JE - Acc Dep'!D82,#REF!,0)+3),"") -> #REF!
A83: =_xll.DBRA("RXLTM1:Account",D83,"ALIAS English") -> #NAME? | B83: 0303T_H | C83: =LEFT(B83,4) -> 0303 | D83: 1772 | E83: =LEFT(C83,4)&"2"&D83&"00" -> 03032177200 | F83: =IF(INDEX(#REF!,MATCH('JE - Acc Dep'!B83,#REF!,0),MATCH('JE - Acc Dep'!D83,#REF!,0)+3) < 0, -INDEX(#REF!,MATCH('JE - Acc Dep'!B83,#REF!,0),MATCH('JE - Acc Dep'!D83,#REF!,0)+3),"") -> #REF! | G83: =IF(INDEX(#REF!,MATCH('JE - Acc Dep'!B83,#REF!,0),MATCH('JE - Acc Dep'!D83,#REF!,0)+3) > 0, INDEX(#REF!,MATCH('JE - Acc Dep'!B83,#REF!,0),MATCH('JE - Acc Dep'!D83,#REF!,0)+3),"") -> #REF!
... A88: =_xll.DBRA("RXLTM1:Account",D88,"ALIAS English") -> #NAME? | B88: 0309T_H | C88: =LEFT(B88,4) -> 0309 | D88: 1772 | E88: =LEFT(C88,4)&"2"&D88&"00" -> 03092177200 | F88: =IF(INDEX(#REF!,MATCH('JE - Acc Dep'!B88,#REF!,0),MATCH('JE - Acc Dep'!D88,#REF!,0)+3) < 0, -INDEX(#REF!,MATCH('JE - Acc Dep'!B88,#REF!,0),MATCH('JE - Acc Dep'!D88,#REF!,0)+3),"") -> #REF! | G88: =IF(INDEX(#REF!,MATCH('JE - Acc Dep'!B88,#REF!,0),MATCH('JE - Acc Dep'!D88,#REF!,0)+3) > 0, INDEX(#REF!,MATCH('JE - Acc Dep'!B88,#REF!,0),MATCH('JE - Acc Dep'!D88,#REF!,0)+3),"") -> #REF!
A89: =_xll.DBRA("RXLTM1:Account",D89,"ALIAS English") -> #NAME? | B89: 03ADMT_H | C89: 0311 | D89: 1772 | E89: =LEFT(C89,4)&"2"&D89&"00" -> 03112177200 | F89: =IF(INDEX(#REF!,MATCH('JE - Acc Dep'!B89,#REF!,0),MATCH('JE - Acc Dep'!D89,#REF!,0)+3) < 0, -INDEX(#REF!,MATCH('JE - Acc Dep'!B89,#REF!,0),MATCH('JE - Acc Dep'!D89,#REF!,0)+3),"") -> #REF! | G89: =IF(INDEX(#REF!,MATCH('JE - Acc Dep'!B89,#REF!,0),MATCH('JE - Acc Dep'!D89,#REF!,0)+3) > 0, INDEX(#REF!,MATCH('JE - Acc Dep'!B89,#REF!,0),MATCH('JE - Acc Dep'!D89,#REF!,0)+3),"") -> #REF!
A90: =_xll.DBRA("RXLTM1:Account",D90,"ALIAS English") -> #NAME? | B90: 0321T_H | C90: =LEFT(B90,4) -> 0321 | D90: 1772 | E90: =LEFT(C90,4)&"2"&D90&"00" -> 03212177200 | F90: =IF(INDEX(#REF!,MATCH('JE - Acc Dep'!B90,#REF!,0),MATCH('JE - Acc Dep'!D90,#REF!,0)+3) < 0, -INDEX(#REF!,MATCH('JE - Acc Dep'!B90,#REF!,0),MATCH('JE - Acc Dep'!D90,#REF!,0)+3),"") -> #REF! | G90: =IF(INDEX(#REF!,MATCH('JE - Acc Dep'!B90,#REF!,0),MATCH('JE - Acc Dep'!D90,#REF!,0)+3) > 0, INDEX(#REF!,MATCH('JE - Acc Dep'!B90,#REF!,0),MATCH('JE - Acc Dep'!D90,#REF!,0)+3),"") -> #REF!
A91: =_xll.DBRA("RXLTM1:Account",D91,"ALIAS English") -> #NAME? | B91: 0322T_H | C91: =LEFT(B91,4) -> 0322 | D91: 1772 | E91: =LEFT(C91,4)&"2"&D91&"00" -> 03222177200 | F91: =IF(INDEX(#REF!,MATCH('JE - Acc Dep'!B91,#REF!,0),MATCH('JE - Acc Dep'!D91,#REF!,0)+3) < 0, -INDEX(#REF!,MATCH('JE - Acc Dep'!B91,#REF!,0),MATCH('JE - Acc Dep'!D91,#REF!,0)+3),"") -> #REF! | G91: =IF(INDEX(#REF!,MATCH('JE - Acc Dep'!B91,#REF!,0),MATCH('JE - Acc Dep'!D91,#REF!,0)+3) > 0, INDEX(#REF!,MATCH('JE - Acc Dep'!B91,#REF!,0),MATCH('JE - Acc Dep'!D91,#REF!,0)+3),"") -> #REF!
A92: =_xll.DBRA("RXLTM1:Account",D92,"ALIAS English") -> #NAME? | B92: 0323T_H | C92: =LEFT(B92,4) -> 0323 | D92: 1772 | E92: =LEFT(C92,4)&"2"&D92&"00" -> 03232177200 | F92: =IF(INDEX(#REF!,MATCH('JE - Acc Dep'!B92,#REF!,0),MATCH('JE - Acc Dep'!D92,#REF!,0)+3) < 0, -INDEX(#REF!,MATCH('JE - Acc Dep'!B92,#REF!,0),MATCH('JE - Acc Dep'!D92,#REF!,0)+3),"") -> #REF! | G92: =IF(INDEX(#REF!,MATCH('JE - Acc Dep'!B92,#REF!,0),MATCH('JE - Acc Dep'!D92,#REF!,0)+3) > 0, INDEX(#REF!,MATCH('JE - Acc Dep'!B92,#REF!,0),MATCH('JE - Acc Dep'!D92,#REF!,0)+3),"") -> #REF!
A93: =_xll.DBRA("RXLTM1:Account",D93,"ALIAS English") -> #NAME? | B93: 0324T_H | C93: =LEFT(B93,4) -> 0324 | D93: 1772 | E93: =LEFT(C93,4)&"2"&D93&"00" -> 03242177200 | F93: =IF(INDEX(#REF!,MATCH('JE - Acc Dep'!B93,#REF!,0),MATCH('JE - Acc Dep'!D93,#REF!,0)+3) < 0, -INDEX(#REF!,MATCH('JE - Acc Dep'!B93,#REF!,0),MATCH('JE - Acc Dep'!D93,#REF!,0)+3),"") -> #REF! | G93: =IF(INDEX(#REF!,MATCH('JE - Acc Dep'!B93,#REF!,0),MATCH('JE - Acc Dep'!D93,#REF!,0)+3) > 0, INDEX(#REF!,MATCH('JE - Acc Dep'!B93,#REF!,0),MATCH('JE - Acc Dep'!D93,#REF!,0)+3),"") -> #REF!
A94: =_xll.DBRA("RXLTM1:Account",D94,"ALIAS English") -> #NAME? | B94: 0325T_H | C94: =LEFT(B94,4) -> 0325 | D94: 1772 | E94: =LEFT(C94,4)&"2"&D94&"00" -> 03252177200 | F94: =IF(INDEX(#REF!,MATCH('JE - Acc Dep'!B94,#REF!,0),MATCH('JE - Acc Dep'!D94,#REF!,0)+3) < 0, -INDEX(#REF!,MATCH('JE - Acc Dep'!B94,#REF!,0),MATCH('JE - Acc Dep'!D94,#REF!,0)+3),"") -> #REF! | G94: =IF(INDEX(#REF!,MATCH('JE - Acc Dep'!B94,#REF!,0),MATCH('JE - Acc Dep'!D94,#REF!,0)+3) > 0, INDEX(#REF!,MATCH('JE - Acc Dep'!B94,#REF!,0),MATCH('JE - Acc Dep'!D94,#REF!,0)+3),"") -> #REF!
A95: =_xll.DBRA("RXLTM1:Account",D95,"ALIAS English") -> #NAME? | B95: 0326T_H | C95: =LEFT(B95,4) -> 0326 | D95: 1772 | E95: =LEFT(C95,4)&"2"&D95&"00" -> 03262177200 | F95: =IF(INDEX(#REF!,MATCH('JE - Acc Dep'!B95,#REF!,0),MATCH('JE - Acc Dep'!D95,#REF!,0)+3) < 0, -INDEX(#REF!,MATCH('JE - Acc Dep'!B95,#REF!,0),MATCH('JE - Acc Dep'!D95,#REF!,0)+3),"") -> #REF! | G95: =IF(INDEX(#REF!,MATCH('JE - Acc Dep'!B95,#REF!,0),MATCH('JE - Acc Dep'!D95,#REF!,0)+3) > 0, INDEX(#REF!,MATCH('JE - Acc Dep'!B95,#REF!,0),MATCH('JE - Acc Dep'!D95,#REF!,0)+3),"") -> #REF!
A96: =_xll.DBRA("RXLTM1:Account",D96,"ALIAS English") -> #NAME? | B96: 0328T_H | C96: =LEFT(B96,4) -> 0328 | D96: 1772 | E96: =LEFT(C96,4)&"2"&D96&"00" -> 03282177200 | F96: =IF(INDEX(#REF!,MATCH('JE - Acc Dep'!B96,#REF!,0),MATCH('JE - Acc Dep'!D96,#REF!,0)+3) < 0, -INDEX(#REF!,MATCH('JE - Acc Dep'!B96,#REF!,0),MATCH('JE - Acc Dep'!D96,#REF!,0)+3),"") -> #REF! | G96: =IF(INDEX(#REF!,MATCH('JE - Acc Dep'!B96,#REF!,0),MATCH('JE - Acc Dep'!D96,#REF!,0)+3) > 0, INDEX(#REF!,MATCH('JE - Acc Dep'!B96,#REF!,0),MATCH('JE - Acc Dep'!D96,#REF!,0)+3),"") -> #REF!
A97: =_xll.DBRA("RXLTM1:Account",D97,"ALIAS English") -> #NAME? | B97: 0329T | C97: =LEFT(B97,4) -> 0329 | D97: 1772 | E97: =LEFT(C97,4)&"2"&D97&"00" -> 03292177200 | F97: =IF(INDEX(#REF!,MATCH('JE - Acc Dep'!B97,#REF!,0),MATCH('JE - Acc Dep'!D97,#REF!,0)+3) < 0, -INDEX(#REF!,MATCH('JE - Acc Dep'!B97,#REF!,0),MATCH('JE - Acc Dep'!D97,#REF!,0)+3),"") -> #REF! | G97: =IF(INDEX(#REF!,MATCH('JE - Acc Dep'!B97,#REF!,0),MATCH('JE - Acc Dep'!D97,#REF!,0)+3) > 0, INDEX(#REF!,MATCH('JE - Acc Dep'!B97,#REF!,0),MATCH('JE - Acc Dep'!D97,#REF!,0)+3),"") -> #REF!
A98: =_xll.DBRA("RXLTM1:Account",D98,"ALIAS English") -> #NAME? | B98: 0330T | C98: =LEFT(B98,4) -> 0330 | D98: 1772 | E98: =LEFT(C98,4)&"2"&D98&"00" -> 03302177200 | F98: =IF(INDEX(#REF!,MATCH('JE - Acc Dep'!B98,#REF!,0),MATCH('JE - Acc Dep'!D98,#REF!,0)+3) < 0, -INDEX(#REF!,MATCH('JE - Acc Dep'!B98,#REF!,0),MATCH('JE - Acc Dep'!D98,#REF!,0)+3),"") -> #REF! | G98: =IF(INDEX(#REF!,MATCH('JE - Acc Dep'!B98,#REF!,0),MATCH('JE - Acc Dep'!D98,#REF!,0)+3) > 0, INDEX(#REF!,MATCH('JE - Acc Dep'!B98,#REF!,0),MATCH('JE - Acc Dep'!D98,#REF!,0)+3),"") -> #REF!
A100: =_xll.DBRA("RXLTM1:Account",D100,"ALIAS English") -> #NAME? | B100: 0301T_H | C100: =LEFT(B100,4) -> 0301 | D100: 1777 | E100: =LEFT(C100,4)&"2"&D100&"00" -> 03012177700 | F100: =IF(INDEX(#REF!,MATCH('JE - Acc Dep'!B100,#REF!,0),MATCH('JE - Acc Dep'!D100,#REF!,0)+3) < 0, -INDEX(#REF!,MATCH('JE - Acc Dep'!B100,#REF!,0),MATCH('JE - Acc Dep'!D100,#REF!,0)+3),"") -> #REF! | G100: =IF(INDEX(#REF!,MATCH('JE - Acc Dep'!B100,#REF!,0),MATCH('JE - Acc Dep'!D100,#REF!,0)+3) > 0, INDEX(#REF!,MATCH('JE - Acc Dep'!B100,#REF!,0),MATCH('JE - Acc Dep'!D100,#REF!,0)+3),"") -> #REF!
A101: =_xll.DBRA("RXLTM1:Account",D101,"ALIAS English") -> #NAME? | B101: 0302T_H | C101: =LEFT(B101,4) -> 0302 | D101: 1777 | E101: =LEFT(C101,4)&"2"&D101&"00" -> 03022177700 | F101: =IF(INDEX(#REF!,MATCH('JE - Acc Dep'!B101,#REF!,0),MATCH('JE - Acc Dep'!D101,#REF!,0)+3) < 0, -INDEX(#REF!,MATCH('JE - Acc Dep'!B101,#REF!,0),MATCH('JE - Acc Dep'!D101,#REF!,0)+3),"") -> #REF! | G101: =IF(INDEX(#REF!,MATCH('JE - Acc Dep'!B101,#REF!,0),MATCH('JE - Acc Dep'!D101,#REF!,0)+3) > 0, INDEX(#REF!,MATCH('JE - Acc Dep'!B101,#REF!,0),MATCH('JE - Acc Dep'!D101,#REF!,0)+3),"") -> #REF!
A102: =_xll.DBRA("RXLTM1:Account",D102,"ALIAS English") -> #NAME? | B102: 0303T_H | C102: =LEFT(B102,4) -> 0303 | D102: 1777 | E102: =LEFT(C102,4)&"2"&D102&"00" -> 03032177700 | F102: =IF(INDEX(#REF!,MATCH('JE - Acc Dep'!B102,#REF!,0),MATCH('JE - Acc Dep'!D102,#REF!,0)+3) < 0, -INDEX(#REF!,MATCH('JE - Acc Dep'!B102,#REF!,0),MATCH('JE - Acc Dep'!D102,#REF!,0)+3),"") -> #REF! | G102: =IF(INDEX(#REF!,MATCH('JE - Acc Dep'!B102,#REF!,0),MATCH('JE - Acc Dep'!D102,#REF!,0)+3) > 0, INDEX(#REF!,MATCH('JE - Acc Dep'!B102,#REF!,0),MATCH('JE - Acc Dep'!D102,#REF!,0)+3),"") -> #REF!
... A107: =_xll.DBRA("RXLTM1:Account",D107,"ALIAS English") -> #NAME? | B107: 0309T_H | C107: =LEFT(B107,4) -> 0309 | D107: 1777 | E107: =LEFT(C107,4)&"2"&D107&"00" -> 03092177700 | F107: =IF(INDEX(#REF!,MATCH('JE - Acc Dep'!B107,#REF!,0),MATCH('JE - Acc Dep'!D107,#REF!,0)+3) < 0, -INDEX(#REF!,MATCH('JE - Acc Dep'!B107,#REF!,0),MATCH('JE - Acc Dep'!D107,#REF!,0)+3),"") -> #REF! | G107: =IF(INDEX(#REF!,MATCH('JE - Acc Dep'!B107,#REF!,0),MATCH('JE - Acc Dep'!D107,#REF!,0)+3) > 0, INDEX(#REF!,MATCH('JE - Acc Dep'!B107,#REF!,0),MATCH('JE - Acc Dep'!D107,#REF!,0)+3),"") -> #REF!
A108: =_xll.DBRA("RXLTM1:Account",D108,"ALIAS English") -> #NAME? | B108: 03ADMT_H | C108: 0311 | D108: 1777 | E108: =LEFT(C108,4)&"2"&D108&"00" -> 03112177700 | F108: =IF(INDEX(#REF!,MATCH('JE - Acc Dep'!B108,#REF!,0),MATCH('JE - Acc Dep'!D108,#REF!,0)+3) < 0, -INDEX(#REF!,MATCH('JE - Acc Dep'!B108,#REF!,0),MATCH('JE - Acc Dep'!D108,#REF!,0)+3),"") -> #REF! | G108: =IF(INDEX(#REF!,MATCH('JE - Acc Dep'!B108,#REF!,0),MATCH('JE - Acc Dep'!D108,#REF!,0)+3) > 0, INDEX(#REF!,MATCH('JE - Acc Dep'!B108,#REF!,0),MATCH('JE - Acc Dep'!D108,#REF!,0)+3),"") -> #REF!
A109: =_xll.DBRA("RXLTM1:Account",D109,"ALIAS English") -> #NAME? | B109: 0321T_H | C109: =LEFT(B109,4) -> 0321 | D109: 1777 | E109: =LEFT(C109,4)&"2"&D109&"00" -> 03212177700 | F109: =IF(INDEX(#REF!,MATCH('JE - Acc Dep'!B109,#REF!,0),MATCH('JE - Acc Dep'!D109,#REF!,0)+3) < 0, -INDEX(#REF!,MATCH('JE - Acc Dep'!B109,#REF!,0),MATCH('JE - Acc Dep'!D109,#REF!,0)+3),"") -> #REF! | G109: =IF(INDEX(#REF!,MATCH('JE - Acc Dep'!B109,#REF!,0),MATCH('JE - Acc Dep'!D109,#REF!,0)+3) > 0, INDEX(#REF!,MATCH('JE - Acc Dep'!B109,#REF!,0),MATCH('JE - Acc Dep'!D109,#REF!,0)+3),"") -> #REF!
A110: =_xll.DBRA("RXLTM1:Account",D110,"ALIAS English") -> #NAME? | B110: 0322T_H | C110: =LEFT(B110,4) -> 0322 | D110: 1777 | E110: =LEFT(C110,4)&"2"&D110&"00" -> 03222177700 | F110: =IF(INDEX(#REF!,MATCH('JE - Acc Dep'!B110,#REF!,0),MATCH('JE - Acc Dep'!D110,#REF!,0)+3) < 0, -INDEX(#REF!,MATCH('JE - Acc Dep'!B110,#REF!,0),MATCH('JE - Acc Dep'!D110,#REF!,0)+3),"") -> #REF! | G110: =IF(INDEX(#REF!,MATCH('JE - Acc Dep'!B110,#REF!,0),MATCH('JE - Acc Dep'!D110,#REF!,0)+3) > 0, INDEX(#REF!,MATCH('JE - Acc Dep'!B110,#REF!,0),MATCH('JE - Acc Dep'!D110,#REF!,0)+3),"") -> #REF!
A111: =_xll.DBRA("RXLTM1:Account",D111,"ALIAS English") -> #NAME? | B111: 0323T_H | C111: =LEFT(B111,4) -> 0323 | D111: 1777 | E111: =LEFT(C111,4)&"2"&D111&"00" -> 03232177700 | F111: =IF(INDEX(#REF!,MATCH('JE - Acc Dep'!B111,#REF!,0),MATCH('JE - Acc Dep'!D111,#REF!,0)+3) < 0, -INDEX(#REF!,MATCH('JE - Acc Dep'!B111,#REF!,0),MATCH('JE - Acc Dep'!D111,#REF!,0)+3),"") -> #REF! | G111: =IF(INDEX(#REF!,MATCH('JE - Acc Dep'!B111,#REF!,0),MATCH('JE - Acc Dep'!D111,#REF!,0)+3) > 0, INDEX(#REF!,MATCH('JE - Acc Dep'!B111,#REF!,0),MATCH('JE - Acc Dep'!D111,#REF!,0)+3),"") -> #REF!
A112: =_xll.DBRA("RXLTM1:Account",D112,"ALIAS English") -> #NAME? | B112: 0324T_H | C112: =LEFT(B112,4) -> 0324 | D112: 1777 | E112: =LEFT(C112,4)&"2"&D112&"00" -> 03242177700 | F112: =IF(INDEX(#REF!,MATCH('JE - Acc Dep'!B112,#REF!,0),MATCH('JE - Acc Dep'!D112,#REF!,0)+3) < 0, -INDEX(#REF!,MATCH('JE - Acc Dep'!B112,#REF!,0),MATCH('JE - Acc Dep'!D112,#REF!,0)+3),"") -> #REF! | G112: =IF(INDEX(#REF!,MATCH('JE - Acc Dep'!B112,#REF!,0),MATCH('JE - Acc Dep'!D112,#REF!,0)+3) > 0, INDEX(#REF!,MATCH('JE - Acc Dep'!B112,#REF!,0),MATCH('JE - Acc Dep'!D112,#REF!,0)+3),"") -> #REF!
A113: =_xll.DBRA("RXLTM1:Account",D113,"ALIAS English") -> #NAME? | B113: 0325T_H | C113: =LEFT(B113,4) -> 0325 | D113: 1777 | E113: =LEFT(C113,4)&"2"&D113&"00" -> 03252177700 | F113: =IF(INDEX(#REF!,MATCH('JE - Acc Dep'!B113,#REF!,0),MATCH('JE - Acc Dep'!D113,#REF!,0)+3) < 0, -INDEX(#REF!,MATCH('JE - Acc Dep'!B113,#REF!,0),MATCH('JE - Acc Dep'!D113,#REF!,0)+3),"") -> #REF! | G113: =IF(INDEX(#REF!,MATCH('JE - Acc Dep'!B113,#REF!,0),MATCH('JE - Acc Dep'!D113,#REF!,0)+3) > 0, INDEX(#REF!,MATCH('JE - Acc Dep'!B113,#REF!,0),MATCH('JE - Acc Dep'!D113,#REF!,0)+3),"") -> #REF!
A114: =_xll.DBRA("RXLTM1:Account",D114,"ALIAS English") -> #NAME? | B114: 0326T_H | C114: =LEFT(B114,4) -> 0326 | D114: 1777 | E114: =LEFT(C114,4)&"2"&D114&"00" -> 03262177700 | F114: =IF(INDEX(#REF!,MATCH('JE - Acc Dep'!B114,#REF!,0),MATCH('JE - Acc Dep'!D114,#REF!,0)+3) < 0, -INDEX(#REF!,MATCH('JE - Acc Dep'!B114,#REF!,0),MATCH('JE - Acc Dep'!D114,#REF!,0)+3),"") -> #REF! | G114: =IF(INDEX(#REF!,MATCH('JE - Acc Dep'!B114,#REF!,0),MATCH('JE - Acc Dep'!D114,#REF!,0)+3) > 0, INDEX(#REF!,MATCH('JE - Acc Dep'!B114,#REF!,0),MATCH('JE - Acc Dep'!D114,#REF!,0)+3),"") -> #REF!
A115: =_xll.DBRA("RXLTM1:Account",D115,"ALIAS English") -> #NAME? | B115: 0328T_H | C115: =LEFT(B115,4) -> 0328 | D115: 1777 | E115: =LEFT(C115,4)&"2"&D115&"00" -> 03282177700 | F115: =IF(INDEX(#REF!,MATCH('JE - Acc Dep'!B115,#REF!,0),MATCH('JE - Acc Dep'!D115,#REF!,0)+3) < 0, -INDEX(#REF!,MATCH('JE - Acc Dep'!B115,#REF!,0),MATCH('JE - Acc Dep'!D115,#REF!,0)+3),"") -> #REF! | G115: =IF(INDEX(#REF!,MATCH('JE - Acc Dep'!B115,#REF!,0),MATCH('JE - Acc Dep'!D115,#REF!,0)+3) > 0, INDEX(#REF!,MATCH('JE - Acc Dep'!B115,#REF!,0),MATCH('JE - Acc Dep'!D115,#REF!,0)+3),"") -> #REF!
A116: =_xll.DBRA("RXLTM1:Account",D116,"ALIAS English") -> #NAME? | B116: 0329T | C116: =LEFT(B116,4) -> 0329 | D116: 1777 | E116: =LEFT(C116,4)&"2"&D116&"00" -> 03292177700 | F116: =IF(INDEX(#REF!,MATCH('JE - Acc Dep'!B116,#REF!,0),MATCH('JE - Acc Dep'!D116,#REF!,0)+3) < 0, -INDEX(#REF!,MATCH('JE - Acc Dep'!B116,#REF!,0),MATCH('JE - Acc Dep'!D116,#REF!,0)+3),"") -> #REF! | G116: =IF(INDEX(#REF!,MATCH('JE - Acc Dep'!B116,#REF!,0),MATCH('JE - Acc Dep'!D116,#REF!,0)+3) > 0, INDEX(#REF!,MATCH('JE - Acc Dep'!B116,#REF!,0),MATCH('JE - Acc Dep'!D116,#REF!,0)+3),"") -> #REF!
A117: =_xll.DBRA("RXLTM1:Account",D117,"ALIAS English") -> #NAME? | B117: 0330T | C117: =LEFT(B117,4) -> 0330 | D117: 1777 | E117: =LEFT(C117,4)&"2"&D117&"00" -> 03302177700 | F117: =IF(INDEX(#REF!,MATCH('JE - Acc Dep'!B117,#REF!,0),MATCH('JE - Acc Dep'!D117,#REF!,0)+3) < 0, -INDEX(#REF!,MATCH('JE - Acc Dep'!B117,#REF!,0),MATCH('JE - Acc Dep'!D117,#REF!,0)+3),"") -> #REF! | G117: =IF(INDEX(#REF!,MATCH('JE - Acc Dep'!B117,#REF!,0),MATCH('JE - Acc Dep'!D117,#REF!,0)+3) > 0, INDEX(#REF!,MATCH('JE - Acc Dep'!B117,#REF!,0),MATCH('JE - Acc Dep'!D117,#REF!,0)+3),"") -> #REF!
A119: =_xll.DBRA("RXLTM1:Account",D119,"ALIAS English") -> #NAME? | B119: 0301T_H | C119: =LEFT(B119,4) -> 0301 | D119: 1792 | E119: =LEFT(C119,4)&"2"&D119&"00" -> 03012179200 | F119: =IF(INDEX(#REF!,MATCH('JE - Acc Dep'!B119,#REF!,0),MATCH('JE - Acc Dep'!D119,#REF!,0)+3) < 0, -INDEX(#REF!,MATCH('JE - Acc Dep'!B119,#REF!,0),MATCH('JE - Acc Dep'!D119,#REF!,0)+3),"") -> #REF! | G119: =IF(INDEX(#REF!,MATCH('JE - Acc Dep'!B119,#REF!,0),MATCH('JE - Acc Dep'!D119,#REF!,0)+3) > 0, INDEX(#REF!,MATCH('JE - Acc Dep'!B119,#REF!,0),MATCH('JE - Acc Dep'!D119,#REF!,0)+3),"") -> #REF!
A120: =_xll.DBRA("RXLTM1:Account",D120,"ALIAS English") -> #NAME? | B120: 0302T_H | C120: =LEFT(B120,4) -> 0302 | D120: 1792 | E120: =LEFT(C120,4)&"2"&D120&"00" -> 03022179200 | F120: =IF(INDEX(#REF!,MATCH('JE - Acc Dep'!B120,#REF!,0),MATCH('JE - Acc Dep'!D120,#REF!,0)+3) < 0, -INDEX(#REF!,MATCH('JE - Acc Dep'!B120,#REF!,0),MATCH('JE - Acc Dep'!D120,#REF!,0)+3),"") -> #REF! | G120: =IF(INDEX(#REF!,MATCH('JE - Acc Dep'!B120,#REF!,0),MATCH('JE - Acc Dep'!D120,#REF!,0)+3) > 0, INDEX(#REF!,MATCH('JE - Acc Dep'!B120,#REF!,0),MATCH('JE - Acc Dep'!D120,#REF!,0)+3),"") -> #REF!
A121: =_xll.DBRA("RXLTM1:Account",D121,"ALIAS English") -> #NAME? | B121: 0303T_H | C121: =LEFT(B121,4) -> 0303 | D121: 1792 | E121: =LEFT(C121,4)&"2"&D121&"00" -> 03032179200 | F121: =IF(INDEX(#REF!,MATCH('JE - Acc Dep'!B121,#REF!,0),MATCH('JE - Acc Dep'!D121,#REF!,0)+3) < 0, -INDEX(#REF!,MATCH('JE - Acc Dep'!B121,#REF!,0),MATCH('JE - Acc Dep'!D121,#REF!,0)+3),"") -> #REF! | G121: =IF(INDEX(#REF!,MATCH('JE - Acc Dep'!B121,#REF!,0),MATCH('JE - Acc Dep'!D121,#REF!,0)+3) > 0, INDEX(#REF!,MATCH('JE - Acc Dep'!B121,#REF!,0),MATCH('JE - Acc Dep'!D121,#REF!,0)+3),"") -> #REF!
... A126: =_xll.DBRA("RXLTM1:Account",D126,"ALIAS English") -> #NAME? | B126: 0309T_H | C126: =LEFT(B126,4) -> 0309 | D126: 1792 | E126: =LEFT(C126,4)&"2"&D126&"00" -> 03092179200 | F126: =IF(INDEX(#REF!,MATCH('JE - Acc Dep'!B126,#REF!,0),MATCH('JE - Acc Dep'!D126,#REF!,0)+3) < 0, -INDEX(#REF!,MATCH('JE - Acc Dep'!B126,#REF!,0),MATCH('JE - Acc Dep'!D126,#REF!,0)+3),"") -> #REF! | G126: =IF(INDEX(#REF!,MATCH('JE - Acc Dep'!B126,#REF!,0),MATCH('JE - Acc Dep'!D126,#REF!,0)+3) > 0, INDEX(#REF!,MATCH('JE - Acc Dep'!B126,#REF!,0),MATCH('JE - Acc Dep'!D126,#REF!,0)+3),"") -> #REF!
A127: =_xll.DBRA("RXLTM1:Account",D127,"ALIAS English") -> #NAME? | B127: 03ADMT_H | C127: 0311 | D127: 1792 | E127: =LEFT(C127,4)&"2"&D127&"00" -> 03112179200 | F127: =IF(INDEX(#REF!,MATCH('JE - Acc Dep'!B127,#REF!,0),MATCH('JE - Acc Dep'!D127,#REF!,0)+3) < 0, -INDEX(#REF!,MATCH('JE - Acc Dep'!B127,#REF!,0),MATCH('JE - Acc Dep'!D127,#REF!,0)+3),"") -> #REF! | G127: =IF(INDEX(#REF!,MATCH('JE - Acc Dep'!B127,#REF!,0),MATCH('JE - Acc Dep'!D127,#REF!,0)+3) > 0, INDEX(#REF!,MATCH('JE - Acc Dep'!B127,#REF!,0),MATCH('JE - Acc Dep'!D127,#REF!,0)+3),"") -> #REF!
A128: =_xll.DBRA("RXLTM1:Account",D128,"ALIAS English") -> #NAME? | B128: 0321T_H | C128: =LEFT(B128,4) -> 0321 | D128: 1792 | E128: =LEFT(C128,4)&"2"&D128&"00" -> 03212179200 | F128: =IF(INDEX(#REF!,MATCH('JE - Acc Dep'!B128,#REF!,0),MATCH('JE - Acc Dep'!D128,#REF!,0)+3) < 0, -INDEX(#REF!,MATCH('JE - Acc Dep'!B128,#REF!,0),MATCH('JE - Acc Dep'!D128,#REF!,0)+3),"") -> #REF! | G128: =IF(INDEX(#REF!,MATCH('JE - Acc Dep'!B128,#REF!,0),MATCH('JE - Acc Dep'!D128,#REF!,0)+3) > 0, INDEX(#REF!,MATCH('JE - Acc Dep'!B128,#REF!,0),MATCH('JE - Acc Dep'!D128,#REF!,0)+3),"") -> #REF!
A129: =_xll.DBRA("RXLTM1:Account",D129,"ALIAS English") -> #NAME? | B129: 0322T_H | C129: =LEFT(B129,4) -> 0322 | D129: 1792 | E129: =LEFT(C129,4)&"2"&D129&"00" -> 03222179200 | F129: =IF(INDEX(#REF!,MATCH('JE - Acc Dep'!B129,#REF!,0),MATCH('JE - Acc Dep'!D129,#REF!,0)+3) < 0, -INDEX(#REF!,MATCH('JE - Acc Dep'!B129,#REF!,0),MATCH('JE - Acc Dep'!D129,#REF!,0)+3),"") -> #REF! | G129: =IF(INDEX(#REF!,MATCH('JE - Acc Dep'!B129,#REF!,0),MATCH('JE - Acc Dep'!D129,#REF!,0)+3) > 0, INDEX(#REF!,MATCH('JE - Acc Dep'!B129,#REF!,0),MATCH('JE - Acc Dep'!D129,#REF!,0)+3),"") -> #REF!
A130: =_xll.DBRA("RXLTM1:Account",D130,"ALIAS English") -> #NAME? | B130: 0323T_H | C130: =LEFT(B130,4) -> 0323 | D130: 1792 | E130: =LEFT(C130,4)&"2"&D130&"00" -> 03232179200 | F130: =IF(INDEX(#REF!,MATCH('JE - Acc Dep'!B130,#REF!,0),MATCH('JE - Acc Dep'!D130,#REF!,0)+3) < 0, -INDEX(#REF!,MATCH('JE - Acc Dep'!B130,#REF!,0),MATCH('JE - Acc Dep'!D130,#REF!,0)+3),"") -> #REF! | G130: =IF(INDEX(#REF!,MATCH('JE - Acc Dep'!B130,#REF!,0),MATCH('JE - Acc Dep'!D130,#REF!,0)+3) > 0, INDEX(#REF!,MATCH('JE - Acc Dep'!B130,#REF!,0),MATCH('JE - Acc Dep'!D130,#REF!,0)+3),"") -> #REF!
A131: =_xll.DBRA("RXLTM1:Account",D131,"ALIAS English") -> #NAME? | B131: 0324T_H | C131: =LEFT(B131,4) -> 0324 | D131: 1792 | E131: =LEFT(C131,4)&"2"&D131&"00" -> 03242179200 | F131: =IF(INDEX(#REF!,MATCH('JE - Acc Dep'!B131,#REF!,0),MATCH('JE - Acc Dep'!D131,#REF!,0)+3) < 0, -INDEX(#REF!,MATCH('JE - Acc Dep'!B131,#REF!,0),MATCH('JE - Acc Dep'!D131,#REF!,0)+3),"") -> #REF! | G131: =IF(INDEX(#REF!,MATCH('JE - Acc Dep'!B131,#REF!,0),MATCH('JE - Acc Dep'!D131,#REF!,0)+3) > 0, INDEX(#REF!,MATCH('JE - Acc Dep'!B131,#REF!,0),MATCH('JE - Acc Dep'!D131,#REF!,0)+3),"") -> #REF!
...

Sheet JE - Cost Values
A1: July 2014 | G1: JE #710
A3: Description | E3: Account | F3: DR | G3: CR
B4: BRANCH | C4: BRANCH | D4: ACCOUNT
A5: 1532 - FA Cost Add'n - Warehouse Equip't | B5: 0301T_H | C5: 0301 | D5: 1532 | E5: 03012153200 | H5: =IF(AND(F5="",G5=""),"EMPTY","") -> EMPTY
A6: 1532 - FA Cost Add'n - Warehouse Equip't | B6: 0302T_H | C6: 0302 | D6: 1532 | E6: 03022153200 | H6: =IF(AND(F6="",G6=""),"EMPTY","") -> EMPTY
A7: 1532 - FA Cost Add'n - Warehouse Equip't | B7: 0303T_H | C7: 0303 | D7: 1532 | E7: 03032153200 | H7: =IF(AND(F7="",G7=""),"EMPTY","") -> EMPTY
A8: 1532 - FA Cost Add'n - Warehouse Equip't | B8: 0304T_H | C8: 0304 | D8: 1532 | E8: 03042153200 | H8: =IF(AND(F8="",G8=""),"EMPTY","") -> EMPTY
A9: 1532 - FA Cost Add'n - Warehouse Equip't | B9: 0305T_H | C9: 0305 | D9: 1532 | E9: 03052153200 | H9: =IF(AND(F9="",G9=""),"EMPTY","") -> EMPTY
A10: 1532 - FA Cost Add'n - Warehouse Equip't | B10: 0306T_H | C10: 0306 | D10: 1532 | E10: 03062153200 | H10: =IF(AND(F10="",G10=""),"EMPTY","") -> EMPTY
A11: 1532 - FA Cost Add'n - Warehouse Equip't | B11: 0308T_H | C11: 0308 | D11: 1532 | E11: 03082153200 | H11: =IF(AND(F11="",G11=""),"EMPTY","") -> EMPTY
A12: 1532 - FA Cost Add'n - Warehouse Equip't | B12: 0309T_H | C12: 0309 | D12: 1532 | E12: 03092153200 | H12: =IF(AND(F12="",G12=""),"EMPTY","") -> EMPTY
A13: 1532 - FA Cost Add'n - Warehouse Equip't | B13: 03ADMT_H | C13: 0311 | D13: 1532 | E13: 03112153200 | H13: =IF(AND(F13="",G13=""),"EMPTY","") -> EMPTY
A14: 1532 - FA Cost Add'n - Warehouse Equip't | B14: 0321T_H | C14: 0321 | D14: 1532 | E14: 03212153200 | H14: =IF(AND(F14="",G14=""),"EMPTY","") -> EMPTY
A15: 1532 - FA Cost Add'n - Warehouse Equip't | B15: 0322T_H | C15: 0322 | D15: 1532 | E15: 03222153200 | H15: =IF(AND(F15="",G15=""),"EMPTY","") -> EMPTY
A16: 1532 - FA Cost Add'n - Warehouse Equip't | B16: 0323T_H | C16: 0323 | D16: 1532 | E16: 03232153200 | H16: =IF(AND(F16="",G16=""),"EMPTY","") -> EMPTY
... A18: 1532 - FA Cost Add'n - Warehouse Equip't | B18: 0325T_H | C18: 0325 | D18: 1532 | E18: 03252153200 | H18: =IF(AND(F18="",G18=""),"EMPTY","") -> EMPTY
A19: 1532 - FA Cost Add'n - Warehouse Equip't | B19: 0326T_H | C19: 0326 | D19: 1532 | E19: 03262153200 | F19: 40628.59 | H19: =IF(AND(F19="",G19=""),"EMPTY","")
A20: 1532 - FA Cost Add'n - Warehouse Equip't | B20: 0328T_H | C20: 0328 | D20: 1532 | E20: 03282153200 | H20: =IF(AND(F20="",G20=""),"EMPTY","") -> EMPTY
A21: 1532 - FA Cost Add'n - Warehouse Equip't | B21: 0329T | C21: 0329 | D21: 1532 | E21: 03292153200 | H21: =IF(AND(F21="",G21=""),"EMPTY","") -> EMPTY
A22: 1532 - FA Cost Add'n - Warehouse Equip't | B22: 0330T | C22: 0330 | D22: 1532 | E22: 03302153200 | H22: =IF(AND(F22="",G22=""),"EMPTY","") -> EMPTY
H23: =IF(AND(F23="",G23=""),"EMPTY","") -> EMPTY
A24: 1542 - FA Cost Add'n - Office Equip't Owned | B24: 0301T_H | C24: 0301 | D24: 1542 | E24: 03012154200 | H24: =IF(AND(F24="",G24=""),"EMPTY","") -> EMPTY
A25: 1542 - FA Cost Add'n - Office Equip't Owned | B25: 0302T_H | C25: 0302 | D25: 1542 | E25: 03022154200 | H25: =IF(AND(F25="",G25=""),"EMPTY","") -> EMPTY
A26: 1542 - FA Cost Add'n - Office Equip't Owned | B26: 0303T_H | C26: 0303 | D26: 1542 | E26: 03032154200 | H26: =IF(AND(F26="",G26=""),"EMPTY","") -> EMPTY
A27: 1542 - FA Cost Add'n - Office Equip't Owned | B27: 0304T_H | C27: 0304 | D27: 1542 | E27: 03042154200 | H27: =IF(AND(F27="",G27=""),"EMPTY","") -> EMPTY
A28: 1542 - FA Cost Add'n - Office Equip't Owned | B28: 0305T_H | C28: 0305 | D28: 1542 | E28: 03052154200 | H28: =IF(AND(F28="",G28=""),"EMPTY","") -> EMPTY
A29: 1542 - FA Cost Add'n - Office Equip't Owned | B29: 0306T_H | C29: 0306 | D29: 1542 | E29: 03062154200 | H29: =IF(AND(F29="",G29=""),"EMPTY","") -> EMPTY
A30: 1542 - FA Cost Add'n - Office Equip't Owned | B30: 0308T_H | C30: 0308 | D30: 1542 | E30: 03082154200 | H30: =IF(AND(F30="",G30=""),"EMPTY","") -> EMPTY
A31: 1542 - FA Cost Add'n - Office Equip't Owned | B31: 0309T_H | C31: 0309 | D31: 1542 | E31: 03092154200 | H31: =IF(AND(F31="",G31=""),"EMPTY","") -> EMPTY
A32: 1542 - FA Cost Add'n - Office Equip't Owned | B32: 03ADMT_H | C32: 0311 | D32: 1542 | E32: 03112154200 | H32: =IF(AND(F32="",G32=""),"EMPTY","") -> EMPTY
A33: 1542 - FA Cost Add'n - Office Equip't Owned | B33: 0321T_H | C33: 0321 | D33: 1542 | E33: 03212154200 | H33: =IF(AND(F33="",G33=""),"EMPTY","") -> EMPTY
A34: 1542 - FA Cost Add'n - Office Equip't Owned | B34: 0322T_H | C34: 0322 | D34: 1542 | E34: 03222154200 | H34: =IF(AND(F34="",G34=""),"EMPTY","") -> EMPTY
A35: 1542 - FA Cost Add'n - Office Equip't Owned | B35: 0323T_H | C35: 0323 | D35: 1542 | E35: 03232154200 | H35: =IF(AND(F35="",G35=""),"EMPTY","") -> EMPTY
... A41: 1542 - FA Cost Add'n - Office Equip't Owned | B41: 0330T | C41: 0330 | D41: 1542 | E41: 03302154200 | H41: =IF(AND(F41="",G41=""),"EMPTY","") -> EMPTY
H42: =IF(AND(F42="",G42=""),"EMPTY","") -> EMPTY
A43: 1552 - FA Cost Add'n - Furniture & Equip't | B43: 0301T_H | C43: 0301 | D43: 1552 | E43: 03012155200 | H43: =IF(AND(F43="",G43=""),"EMPTY","") -> EMPTY
A44: 1552 - FA Cost Add'n - Furniture & Equip't | B44: 0302T_H | C44: 0302 | D44: 1552 | E44: 03022155200 | H44: =IF(AND(F44="",G44=""),"EMPTY","") -> EMPTY
A45: 1552 - FA Cost Add'n - Furniture & Equip't | B45: 0303T_H | C45: 0303 | D45: 1552 | E45: 03032155200 | F45: 0.12 | H45: =IF(AND(F45="",G45=""),"EMPTY","")
A46: 1552 - FA Cost Add'n - Furniture & Equip't | B46: 0304T_H | C46: 0304 | D46: 1552 | E46: 03042155200 | H46: =IF(AND(F46="",G46=""),"EMPTY","") -> EMPTY
A47: 1552 - FA Cost Add'n - Furniture & Equip't | B47: 0305T_H | C47: 0305 | D47: 1552 | E47: 03052155200 | H47: =IF(AND(F47="",G47=""),"EMPTY","") -> EMPTY
A48: 1552 - FA Cost Add'n - Furniture & Equip't | B48: 0306T_H | C48: 0306 | D48: 1552 | E48: 03062155200 | F48: 0.15 | H48: =IF(AND(F48="",G48=""),"EMPTY","")
A49: 1552 - FA Cost Add'n - Furniture & Equip't | B49: 0308T_H | C49: 0308 | D49: 1552 | E49: 03082155200 | H49: =IF(AND(F49="",G49=""),"EMPTY","") -> EMPTY
A50: 1552 - FA Cost Add'n - Furniture & Equip't | B50: 0309T_H | C50: 0309 | D50: 1552 | E50: 03092155200 | H50: =IF(AND(F50="",G50=""),"EMPTY","") -> EMPTY
A51: 1552 - FA Cost Add'n - Furniture & Equip't | B51: 03ADMT_H | C51: 0311 | D51: 1552 | E51: 03112155200 | G51: 0.26 | H51: =IF(AND(F51="",G51=""),"EMPTY","")
A52: 1552 - FA Cost Add'n - Furniture & Equip't | B52: 0321T_H | C52: 0321 | D52: 1552 | E52: 03212155200 | H52: =IF(AND(F52="",G52=""),"EMPTY","") -> EMPTY
A53: 1552 - FA Cost Add'n - Furniture & Equip't | B53: 0322T_H | C53: 0322 | D53: 1552 | E53: 03222155200 | G53: 0.19 | H53: =IF(AND(F53="",G53=""),"EMPTY","")
A54: 1552 - FA Cost Add'n - Furniture & Equip't | B54: 0323T_H | C54: 0323 | D54: 1552 | E54: 03232155200 | H54: =IF(AND(F54="",G54=""),"EMPTY","") -> EMPTY
A55: 1552 - FA Cost Add'n - Furniture & Equip't | B55: 0324T_H | C55: 0324 | D55: 1552 | E55: 03242155200 | H55: =IF(AND(F55="",G55=""),"EMPTY","") -> EMPTY
A56: 1552 - FA Cost Add'n - Furniture & Equip't | B56: 0325T_H | C56: 0325 | D56: 1552 | E56: 03252155200 | H56: =IF(AND(F56="",G56=""),"EMPTY","") -> EMPTY
A57: 1552 - FA Cost Add'n - Furniture & Equip't | B57: 0326T_H | C57: 0326 | D57: 1552 | E57: 03262155200 | G57: 38482.81 | H57: =IF(AND(F57="",G57=""),"EMPTY","")
A58: 1552 - FA Cost Add'n - Furniture & Equip't | B58: 0328T_H | C58: 0328 | D58: 1552 | E58: 03282155200 | F58: 0.48 | H58: =IF(AND(F58="",G58=""),"EMPTY","")
A59: 1552 - FA Cost Add'n - Furniture & Equip't | B59: 0329T | C59: 0329 | D59: 1552 | E59: 03292155200 | F59: 0.11 | H59: =IF(AND(F59="",G59=""),"EMPTY","")
A60: 1552 - FA Cost Add'n - Furniture & Equip't | B60: 0330T | C60: 0330 | D60: 1552 | E60: 03302155200 | G60: 380 | H60: =IF(AND(F60="",G60=""),"EMPTY","")
H61: =IF(AND(F61="",G61=""),"EMPTY","") -> EMPTY
A62: 1562 - FA Cost Add'n - Telephone Equip't | B62: 0301T_H | C62: 0301 | D62: 1562 | E62: 03012156200 | H62: =IF(AND(F62="",G62=""),"EMPTY","") -> EMPTY
A63: 1562 - FA Cost Add'n - Telephone Equip't | B63: 0302T_H | C63: 0302 | D63: 1562 | E63: 03022156200 | H63: =IF(AND(F63="",G63=""),"EMPTY","") -> EMPTY
A64: 1562 - FA Cost Add'n - Telephone Equip't | B64: 0303T_H | C64: 0303 | D64: 1562 | E64: 03032156200 | H64: =IF(AND(F64="",G64=""),"EMPTY","") -> EMPTY
A65: 1562 - FA Cost Add'n - Telephone Equip't | B65: 0304T_H | C65: 0304 | D65: 1562 | E65: 03042156200 | H65: =IF(AND(F65="",G65=""),"EMPTY","") -> EMPTY
A66: 1562 - FA Cost Add'n - Telephone Equip't | B66: 0305T_H | C66: 0305 | D66: 1562 | E66: 03052156200 | H66: =IF(AND(F66="",G66=""),"EMPTY","") -> EMPTY
A67: 1562 - FA Cost Add'n - Telephone Equip't | B67: 0306T_H | C67: 0306 | D67: 1562 | E67: 03062156200 | H67: =IF(AND(F67="",G67=""),"EMPTY","") -> EMPTY
A68: 1562 - FA Cost Add'n - Telephone Equip't | B68: 0308T_H | C68: 0308 | D68: 1562 | E68: 03082156200 | H68: =IF(AND(F68="",G68=""),"EMPTY","") -> EMPTY
A69: 1562 - FA Cost Add'n - Telephone Equip't | B69: 0309T_H | C69: 0309 | D69: 1562 | E69: 03092156200 | H69: =IF(AND(F69="",G69=""),"EMPTY","") -> EMPTY
A70: 1562 - FA Cost Add'n - Telephone Equip't | B70: 03ADMT_H | C70: 0311 | D70: 1562 | E70: 03112156200 | H70: =IF(AND(F70="",G70=""),"EMPTY","") -> EMPTY
A71: 1562 - FA Cost Add'n - Telephone Equip't | B71: 0321T_H | C71: 0321 | D71: 1562 | E71: 03212156200 | H71: =IF(AND(F71="",G71=""),"EMPTY","") -> EMPTY
A72: 1562 - FA Cost Add'n - Telephone Equip't | B72: 0322T_H | C72: 0322 | D72: 1562 | E72: 03222156200 | H72: =IF(AND(F72="",G72=""),"EMPTY","") -> EMPTY
A73: 1562 - FA Cost Add'n - Telephone Equip't | B73: 0323T_H | C73: 0323 | D73: 1562 | E73: 03232156200 | H73: =IF(AND(F73="",G73=""),"EMPTY","") -> EMPTY
... A79: 1562 - FA Cost Add'n - Telephone Equip't | B79: 0330T | C79: 0330 | D79: 1562 | E79: 03302156200 | H79: =IF(AND(F79="",G79=""),"EMPTY","") -> EMPTY
H80: =IF(AND(F80="",G80=""),"EMPTY","") -> EMPTY
A81: 1572 - FA Cost Add'n - Comp. Equip't Owned | B81: 0301T_H | C81: 0301 | D81: 1572 | E81: 03012157200 | G81: 0.35 | H81: =IF(AND(F81="",G81=""),"EMPTY","")
A82: 1572 - FA Cost Add'n - Comp. Equip't Owned | B82: 0302T_H | C82: 0302 | D82: 1572 | E82: 03022157200 | F82: 0.13 | H82: =IF(AND(F82="",G82=""),"EMPTY","")
A83: 1572 - FA Cost Add'n - Comp. Equip't Owned | B83: 0303T_H | C83: 0303 | D83: 1572 | E83: 03032157200 | F83: 3456.07 | H83: =IF(AND(F83="",G83=""),"EMPTY","")
A84: 1572 - FA Cost Add'n - Comp. Equip't Owned | B84: 0304T_H | C84: 0304 | D84: 1572 | E84: 03042157200 | H84: =IF(AND(F84="",G84=""),"EMPTY","") -> EMPTY
A85: 1572 - FA Cost Add'n - Comp. Equip't Owned | B85: 0305T_H | C85: 0305 | D85: 1572 | E85: 03052157200 | F85: 0.4 | H85: =IF(AND(F85="",G85=""),"EMPTY","")
A86: 1572 - FA Cost Add'n - Comp. Equip't Owned | B86: 0306T_H | C86: 0306 | D86: 1572 | E86: 03062157200 | H86: =IF(AND(F86="",G86=""),"EMPTY","") -> EMPTY
A87: 1572 - FA Cost Add'n - Comp. Equip't Owned | B87: 0308T_H | C87: 0308 | D87: 1572 | E87: 03082157200 | G87: 1812.76 | H87: =IF(AND(F87="",G87=""),"EMPTY","")
A88: 1572 - FA Cost Add'n - Comp. Equip't Owned | B88: 0309T_H | C88: 0309 | D88: 1572 | E88: 03092157200 | G88: 0.22 | H88: =IF(AND(F88="",G88=""),"EMPTY","")
A89: 1572 - FA Cost Add'n - Comp. Equip't Owned | B89: 03ADMT_H | C89: 0311 | D89: 1572 | E89: 03112157200 | G89: 0.31 | H89: =IF(AND(F89="",G89=""),"EMPTY","")
A90: 1572 - FA Cost Add'n - Comp. Equip't Owned | B90: 0321T_H | C90: 0321 | D90: 1572 | E90: 03212157200 | H90: =IF(AND(F90="",G90=""),"EMPTY","") -> EMPTY
A91: 1572 - FA Cost Add'n - Comp. Equip't Owned | B91: 0322T_H | C91: 0322 | D91: 1572 | E91: 03222157200 | G91: 0.18 | H91: =IF(AND(F91="",G91=""),"EMPTY","")
A92: 1572 - FA Cost Add'n - Comp. Equip't Owned | B92: 0323T_H | C92: 0323 | D92: 1572 | E92: 03232157200 | G92: 0.01 | H92: =IF(AND(F92="",G92=""),"EMPTY","")
A93: 1572 - FA Cost Add'n - Comp. Equip't Owned | B93: 0324T_H | C93: 0324 | D93: 1572 | E93: 03242157200 | H93: =IF(AND(F93="",G93=""),"EMPTY","") -> EMPTY
A94: 1572 - FA Cost Add'n - Comp. Equip't Owned | B94: 0325T_H | C94: 0325 | D94: 1572 | E94: 03252157200 | H94: =IF(AND(F94="",G94=""),"EMPTY","") -> EMPTY
A95: 1572 - FA Cost Add'n - Comp. Equip't Owned | B95: 0326T_H | C95: 0326 | D95: 1572 | E95: 03262157200 | F95: 3455.62 | H95: =IF(AND(F95="",G95=""),"EMPTY","")
A96: 1572 - FA Cost Add'n - Comp. Equip't Owned | B96: 0328T_H | C96: 0328 | D96: 1572 | E96: 03282157200 | H96: =IF(AND(F96="",G96=""),"EMPTY","") -> EMPTY
A97: 1572 - FA Cost Add'n - Comp. Equip't Owned | B97: 0329T | C97: 0329 | D97: 1572 | E97: 03292157200 | G97: 909.39 | H97: =IF(AND(F97="",G97=""),"EMPTY","")
A98: 1572 - FA Cost Add'n - Comp. Equip't Owned | B98: 0330T | C98: 0330 | D98: 1572 | E98: 03302157200 | F98: 909.54 | H98: =IF(AND(F98="",G98=""),"EMPTY","")
H99: =IF(AND(F99="",G99=""),"EMPTY","") -> EMPTY
A100: 1577 - FA Cost Add'n - Computer Software | B100: 0301T_H | C100: 0301 | D100: 1577 | E100: 03012157700 | H100: =IF(AND(F100="",G100=""),"EMPTY","") -> EMPTY
A101: 1577 - FA Cost Add'n - Computer Software | B101: 0302T_H | C101: 0302 | D101: 1577 | E101: 03022157700 | H101: =IF(AND(F101="",G101=""),"EMPTY","") -> EMPTY
A102: 1577 - FA Cost Add'n - Computer Software | B102: 0303T_H | C102: 0303 | D102: 1577 | E102: 03032157700 | G102: 3456.07 | H102: =IF(AND(F102="",G102=""),"EMPTY","")
A103: 1577 - FA Cost Add'n - Computer Software | B103: 0304T_H | C103: 0304 | D103: 1577 | E103: 03042157700 | H103: =IF(AND(F103="",G103=""),"EMPTY","") -> EMPTY
A104: 1577 - FA Cost Add'n - Computer Software | B104: 0305T_H | C104: 0305 | D104: 1577 | E104: 03052157700 | H104: =IF(AND(F104="",G104=""),"EMPTY","") -> EMPTY
A105: 1577 - FA Cost Add'n - Computer Software | B105: 0306T_H | C105: 0306 | D105: 1577 | E105: 03062157700 | H105: =IF(AND(F105="",G105=""),"EMPTY","") -> EMPTY
A106: 1577 - FA Cost Add'n - Computer Software | B106: 0308T_H | C106: 0308 | D106: 1577 | E106: 03082157700 | F106: 1814.01 | H106: =IF(AND(F106="",G106=""),"EMPTY","")
A107: 1577 - FA Cost Add'n - Computer Software | B107: 0309T_H | C107: 0309 | D107: 1577 | E107: 03092157700 | H107: =IF(AND(F107="",G107=""),"EMPTY","") -> EMPTY
A108: 1577 - FA Cost Add'n - Computer Software | B108: 03ADMT_H | C108: 0311 | D108: 1577 | E108: 03112157700 | F108: 0.22 | H108: =IF(AND(F108="",G108=""),"EMPTY","")
A109: 1577 - FA Cost Add'n - Computer Software | B109: 0321T_H | C109: 0321 | D109: 1577 | E109: 03212157700 | H109: =IF(AND(F109="",G109=""),"EMPTY","") -> EMPTY
A110: 1577 - FA Cost Add'n - Computer Software | B110: 0322T_H | C110: 0322 | D110: 1577 | E110: 03222157700 | H110: =IF(AND(F110="",G110=""),"EMPTY","") -> EMPTY
A111: 1577 - FA Cost Add'n - Computer Software | B111: 0323T_H | C111: 0323 | D111: 1577 | E111: 03232157700 | H111: =IF(AND(F111="",G111=""),"EMPTY","") -> EMPTY
A112: 1577 - FA Cost Add'n - Computer Software | B112: 0324T_H | C112: 0324 | D112: 1577 | E112: 03242157700 | H112: =IF(AND(F112="",G112=""),"EMPTY","") -> EMPTY
...

Sheet JE - Acc Dep Values
A1: July 2014 | G1: JE #710
A3: Description | E3: Account | F3: DR | G3: CR
B4: BRANCH | C4: BRANCH | D4: ACCOUNT
A5: 1732 - Accum. Dep. Add'n - Warehouse Equip't | B5: 0301T_H | C5: 0301 | D5: 1732 | E5: 03012173200 | H5: =IF(AND(F5="",G5=""),"EMPTY","") -> EMPTY
A6: 1732 - Accum. Dep. Add'n - Warehouse Equip't | B6: 0302T_H | C6: 0302 | D6: 1732 | E6: 03022173200 | H6: =IF(AND(F6="",G6=""),"EMPTY","") -> EMPTY
A7: 1732 - Accum. Dep. Add'n - Warehouse Equip't | B7: 0303T_H | C7: 0303 | D7: 1732 | E7: 03032173200 | H7: =IF(AND(F7="",G7=""),"EMPTY","") -> EMPTY
A8: 1732 - Accum. Dep. Add'n - Warehouse Equip't | B8: 0304T_H | C8: 0304 | D8: 1732 | E8: 03042173200 | H8: =IF(AND(F8="",G8=""),"EMPTY","") -> EMPTY
A9: 1732 - Accum. Dep. Add'n - Warehouse Equip't | B9: 0305T_H | C9: 0305 | D9: 1732 | E9: 03052173200 | H9: =IF(AND(F9="",G9=""),"EMPTY","") -> EMPTY
A10: 1732 - Accum. Dep. Add'n - Warehouse Equip't | B10: 0306T_H | C10: 0306 | D10: 1732 | E10: 03062173200 | H10: =IF(AND(F10="",G10=""),"EMPTY","") -> EMPTY
A11: 1732 - Accum. Dep. Add'n - Warehouse Equip't | B11: 0308T_H | C11: 0308 | D11: 1732 | E11: 03082173200 | H11: =IF(AND(F11="",G11=""),"EMPTY","") -> EMPTY
A12: 1732 - Accum. Dep. Add'n - Warehouse Equip't | B12: 0309T_H | C12: 0309 | D12: 1732 | E12: 03092173200 | H12: =IF(AND(F12="",G12=""),"EMPTY","") -> EMPTY
A13: 1732 - Accum. Dep. Add'n - Warehouse Equip't | B13: 03ADMT_H | C13: 0311 | D13: 1732 | E13: 03112173200 | H13: =IF(AND(F13="",G13=""),"EMPTY","") -> EMPTY
A14: 1732 - Accum. Dep. Add'n - Warehouse Equip't | B14: 0321T_H | C14: 0321 | D14: 1732 | E14: 03212173200 | H14: =IF(AND(F14="",G14=""),"EMPTY","") -> EMPTY
A15: 1732 - Accum. Dep. Add'n - Warehouse Equip't | B15: 0322T_H | C15: 0322 | D15: 1732 | E15: 03222173200 | H15: =IF(AND(F15="",G15=""),"EMPTY","") -> EMPTY
A16: 1732 - Accum. Dep. Add'n - Warehouse Equip't | B16: 0323T_H | C16: 0323 | D16: 1732 | E16: 03232173200 | H16: =IF(AND(F16="",G16=""),"EMPTY","") -> EMPTY
... A18: 1732 - Accum. Dep. Add'n - Warehouse Equip't | B18: 0325T_H | C18: 0325 | D18: 1732 | E18: 03252173200 | H18: =IF(AND(F18="",G18=""),"EMPTY","") -> EMPTY
A19: 1732 - Accum. Dep. Add'n - Warehouse Equip't | B19: 0326T_H | C19: 0326 | D19: 1732 | E19: 03262173200 | G19: 1309.89 | H19: =IF(AND(F19="",G19=""),"EMPTY","")
A20: 1732 - Accum. Dep. Add'n - Warehouse Equip't | B20: 0328T_H | C20: 0328 | D20: 1732 | E20: 03282173200 | H20: =IF(AND(F20="",G20=""),"EMPTY","") -> EMPTY
A21: 1732 - Accum. Dep. Add'n - Warehouse Equip't | B21: 0329T | C21: 0329 | D21: 1732 | E21: 03292173200 | H21: =IF(AND(F21="",G21=""),"EMPTY","") -> EMPTY
A22: 1732 - Accum. Dep. Add'n - Warehouse Equip't | B22: 0330T | C22: 0330 | D22: 1732 | E22: 03302173200 | H22: =IF(AND(F22="",G22=""),"EMPTY","") -> EMPTY
H23: =IF(AND(F23="",G23=""),"EMPTY","") -> EMPTY
A24: 1742 - Accum. Dep. Add'n - Off. Equip't Owned | B24: 0301T_H | C24: 0301 | D24: 1742 | E24: 03012174200 | H24: =IF(AND(F24="",G24=""),"EMPTY","") -> EMPTY
A25: 1742 - Accum. Dep. Add'n - Off. Equip't Owned | B25: 0302T_H | C25: 0302 | D25: 1742 | E25: 03022174200 | H25: =IF(AND(F25="",G25=""),"EMPTY","") -> EMPTY
A26: 1742 - Accum. Dep. Add'n - Off. Equip't Owned | B26: 0303T_H | C26: 0303 | D26: 1742 | E26: 03032174200 | H26: =IF(AND(F26="",G26=""),"EMPTY","") -> EMPTY
A27: 1742 - Accum. Dep. Add'n - Off. Equip't Owned | B27: 0304T_H | C27: 0304 | D27: 1742 | E27: 03042174200 | H27: =IF(AND(F27="",G27=""),"EMPTY","") -> EMPTY
A28: 1742 - Accum. Dep. Add'n - Off. Equip't Owned | B28: 0305T_H | C28: 0305 | D28: 1742 | E28: 03052174200 | H28: =IF(AND(F28="",G28=""),"EMPTY","") -> EMPTY
A29: 1742 - Accum. Dep. Add'n - Off. Equip't Owned | B29: 0306T_H | C29: 0306 | D29: 1742 | E29: 03062174200 | H29: =IF(AND(F29="",G29=""),"EMPTY","") -> EMPTY
A30: 1742 - Accum. Dep. Add'n - Off. Equip't Owned | B30: 0308T_H | C30: 0308 | D30: 1742 | E30: 03082174200 | H30: =IF(AND(F30="",G30=""),"EMPTY","") -> EMPTY
A31: 1742 - Accum. Dep. Add'n - Off. Equip't Owned | B31: 0309T_H | C31: 0309 | D31: 1742 | E31: 03092174200 | H31: =IF(AND(F31="",G31=""),"EMPTY","") -> EMPTY
A32: 1742 - Accum. Dep. Add'n - Off. Equip't Owned | B32: 03ADMT_H | C32: 0311 | D32: 1742 | E32: 03112174200 | H32: =IF(AND(F32="",G32=""),"EMPTY","") -> EMPTY
A33: 1742 - Accum. Dep. Add'n - Off. Equip't Owned | B33: 0321T_H | C33: 0321 | D33: 1742 | E33: 03212174200 | H33: =IF(AND(F33="",G33=""),"EMPTY","") -> EMPTY
A34: 1742 - Accum. Dep. Add'n - Off. Equip't Owned | B34: 0322T_H | C34: 0322 | D34: 1742 | E34: 03222174200 | H34: =IF(AND(F34="",G34=""),"EMPTY","") -> EMPTY
A35: 1742 - Accum. Dep. Add'n - Off. Equip't Owned | B35: 0323T_H | C35: 0323 | D35: 1742 | E35: 03232174200 | H35: =IF(AND(F35="",G35=""),"EMPTY","") -> EMPTY
... A41: 1742 - Accum. Dep. Add'n - Off. Equip't Owned | B41: 0330T | C41: 0330 | D41: 1742 | E41: 03302174200 | H41: =IF(AND(F41="",G41=""),"EMPTY","") -> EMPTY
H42: =IF(AND(F42="",G42=""),"EMPTY","") -> EMPTY
A43: 1752 - Accum. Dep. Add'n - Furniture & Equip't | B43: 0301T_H | C43: 0301 | D43: 1752 | E43: 03012175200 | G43: 178.51 | H43: =IF(AND(F43="",G43=""),"EMPTY","")
A44: 1752 - Accum. Dep. Add'n - Furniture & Equip't | B44: 0302T_H | C44: 0302 | D44: 1752 | E44: 03022175200 | G44: 1102.03 | H44: =IF(AND(F44="",G44=""),"EMPTY","")
A45: 1752 - Accum. Dep. Add'n - Furniture & Equip't | B45: 0303T_H | C45: 0303 | D45: 1752 | E45: 03032175200 | G45: 807.03 | H45: =IF(AND(F45="",G45=""),"EMPTY","")
A46: 1752 - Accum. Dep. Add'n - Furniture & Equip't | B46: 0304T_H | C46: 0304 | D46: 1752 | E46: 03042175200 | H46: =IF(AND(F46="",G46=""),"EMPTY","") -> EMPTY
A47: 1752 - Accum. Dep. Add'n - Furniture & Equip't | B47: 0305T_H | C47: 0305 | D47: 1752 | E47: 03052175200 | G47: 950.88 | H47: =IF(AND(F47="",G47=""),"EMPTY","")
A48: 1752 - Accum. Dep. Add'n - Furniture & Equip't | B48: 0306T_H | C48: 0306 | D48: 1752 | E48: 03062175200 | G48: 168.89 | H48: =IF(AND(F48="",G48=""),"EMPTY","")
A49: 1752 - Accum. Dep. Add'n - Furniture & Equip't | B49: 0308T_H | C49: 0308 | D49: 1752 | E49: 03082175200 | G49: 906.97 | H49: =IF(AND(F49="",G49=""),"EMPTY","")
A50: 1752 - Accum. Dep. Add'n - Furniture & Equip't | B50: 0309T_H | C50: 0309 | D50: 1752 | E50: 03092175200 | G50: 124.05 | H50: =IF(AND(F50="",G50=""),"EMPTY","")
A51: 1752 - Accum. Dep. Add'n - Furniture & Equip't | B51: 03ADMT_H | C51: 0311 | D51: 1752 | E51: 03112175200 | F51: 107238.19 | H51: =IF(AND(F51="",G51=""),"EMPTY","")
A52: 1752 - Accum. Dep. Add'n - Furniture & Equip't | B52: 0321T_H | C52: 0321 | D52: 1752 | E52: 03212175200 | F52: 104.81 | H52: =IF(AND(F52="",G52=""),"EMPTY","")
A53: 1752 - Accum. Dep. Add'n - Furniture & Equip't | B53: 0322T_H | C53: 0322 | D53: 1752 | E53: 03222175200 | G53: 357.15 | H53: =IF(AND(F53="",G53=""),"EMPTY","")
A54: 1752 - Accum. Dep. Add'n - Furniture & Equip't | B54: 0323T_H | C54: 0323 | D54: 1752 | E54: 03232175200 | F54: 21.04 | H54: =IF(AND(F54="",G54=""),"EMPTY","")
A55: 1752 - Accum. Dep. Add'n - Furniture & Equip't | B55: 0324T_H | C55: 0324 | D55: 1752 | E55: 03242175200 | G55: 204.15 | H55: =IF(AND(F55="",G55=""),"EMPTY","")
A56: 1752 - Accum. Dep. Add'n - Furniture & Equip't | B56: 0325T_H | C56: 0325 | D56: 1752 | E56: 03252175200 | G56: 1983.79 | H56: =IF(AND(F56="",G56=""),"EMPTY","")
A57: 1752 - Accum. Dep. Add'n - Furniture & Equip't | B57: 0326T_H | C57: 0326 | D57: 1752 | E57: 03262175200 | G57: 3065.76 | H57: =IF(AND(F57="",G57=""),"EMPTY","")
A58: 1752 - Accum. Dep. Add'n - Furniture & Equip't | B58: 0328T_H | C58: 0328 | D58: 1752 | E58: 03282175200 | G58: 2080.83 | H58: =IF(AND(F58="",G58=""),"EMPTY","")
A59: 1752 - Accum. Dep. Add'n - Furniture & Equip't | B59: 0329T | C59: 0329 | D59: 1752 | E59: 03292175200 | G59: 4775.48 | H59: =IF(AND(F59="",G59=""),"EMPTY","")
A60: 1752 - Accum. Dep. Add'n - Furniture & Equip't | B60: 0330T | C60: 0330 | D60: 1752 | E60: 03302175200 | G60: 330.42 | H60: =IF(AND(F60="",G60=""),"EMPTY","")
H61: =IF(AND(F61="",G61=""),"EMPTY","") -> EMPTY
A62: 1762 - Accum. Dep. Add'n - Telephone Equip't | B62: 0301T_H | C62: 0301 | D62: 1762 | E62: 03012176200 | H62: =IF(AND(F62="",G62=""),"EMPTY","") -> EMPTY
A63: 1762 - Accum. Dep. Add'n - Telephone Equip't | B63: 0302T_H | C63: 0302 | D63: 1762 | E63: 03022176200 | H63: =IF(AND(F63="",G63=""),"EMPTY","") -> EMPTY
A64: 1762 - Accum. Dep. Add'n - Telephone Equip't | B64: 0303T_H | C64: 0303 | D64: 1762 | E64: 03032176200 | H64: =IF(AND(F64="",G64=""),"EMPTY","") -> EMPTY
A65: 1762 - Accum. Dep. Add'n - Telephone Equip't | B65: 0304T_H | C65: 0304 | D65: 1762 | E65: 03042176200 | H65: =IF(AND(F65="",G65=""),"EMPTY","") -> EMPTY
A66: 1762 - Accum. Dep. Add'n - Telephone Equip't | B66: 0305T_H | C66: 0305 | D66: 1762 | E66: 03052176200 | H66: =IF(AND(F66="",G66=""),"EMPTY","") -> EMPTY
A67: 1762 - Accum. Dep. Add'n - Telephone Equip't | B67: 0306T_H | C67: 0306 | D67: 1762 | E67: 03062176200 | H67: =IF(AND(F67="",G67=""),"EMPTY","") -> EMPTY
A68: 1762 - Accum. Dep. Add'n - Telephone Equip't | B68: 0308T_H | C68: 0308 | D68: 1762 | E68: 03082176200 | H68: =IF(AND(F68="",G68=""),"EMPTY","") -> EMPTY
A69: 1762 - Accum. Dep. Add'n - Telephone Equip't | B69: 0309T_H | C69: 0309 | D69: 1762 | E69: 03092176200 | H69: =IF(AND(F69="",G69=""),"EMPTY","") -> EMPTY
A70: 1762 - Accum. Dep. Add'n - Telephone Equip't | B70: 03ADMT_H | C70: 0311 | D70: 1762 | E70: 03112176200 | H70: =IF(AND(F70="",G70=""),"EMPTY","") -> EMPTY
A71: 1762 - Accum. Dep. Add'n - Telephone Equip't | B71: 0321T_H | C71: 0321 | D71: 1762 | E71: 03212176200 | H71: =IF(AND(F71="",G71=""),"EMPTY","") -> EMPTY
A72: 1762 - Accum. Dep. Add'n - Telephone Equip't | B72: 0322T_H | C72: 0322 | D72: 1762 | E72: 03222176200 | H72: =IF(AND(F72="",G72=""),"EMPTY","") -> EMPTY
A73: 1762 - Accum. Dep. Add'n - Telephone Equip't | B73: 0323T_H | C73: 0323 | D73: 1762 | E73: 03232176200 | H73: =IF(AND(F73="",G73=""),"EMPTY","") -> EMPTY
... A79: 1762 - Accum. Dep. Add'n - Telephone Equip't | B79: 0330T | C79: 0330 | D79: 1762 | E79: 03302176200 | H79: =IF(AND(F79="",G79=""),"EMPTY","") -> EMPTY
H80: =IF(AND(F80="",G80=""),"EMPTY","") -> EMPTY
A81: 1772 - Accum. Dep. Add'n - Comp. Equip't Owned | B81: 0301T_H | C81: 0301 | D81: 1772 | E81: 03012177200 | H81: =IF(AND(F81="",G81=""),"EMPTY","") -> EMPTY
A82: 1772 - Accum. Dep. Add'n - Comp. Equip't Owned | B82: 0302T_H | C82: 0302 | D82: 1772 | E82: 03022177200 | G82: 54.63 | H82: =IF(AND(F82="",G82=""),"EMPTY","")
A83: 1772 - Accum. Dep. Add'n - Comp. Equip't Owned | B83: 0303T_H | C83: 0303 | D83: 1772 | E83: 03032177200 | G83: 384.01 | H83: =IF(AND(F83="",G83=""),"EMPTY","")
A84: 1772 - Accum. Dep. Add'n - Comp. Equip't Owned | B84: 0304T_H | C84: 0304 | D84: 1772 | E84: 03042177200 | H84: =IF(AND(F84="",G84=""),"EMPTY","") -> EMPTY
A85: 1772 - Accum. Dep. Add'n - Comp. Equip't Owned | B85: 0305T_H | C85: 0305 | D85: 1772 | E85: 03052177200 | G85: 103.32 | H85: =IF(AND(F85="",G85=""),"EMPTY","")
A86: 1772 - Accum. Dep. Add'n - Comp. Equip't Owned | B86: 0306T_H | C86: 0306 | D86: 1772 | E86: 03062177200 | G86: 30.29 | H86: =IF(AND(F86="",G86=""),"EMPTY","")
A87: 1772 - Accum. Dep. Add'n - Comp. Equip't Owned | B87: 0308T_H | C87: 0308 | D87: 1772 | E87: 03082177200 | F87: 8699.48 | H87: =IF(AND(F87="",G87=""),"EMPTY","")
A88: 1772 - Accum. Dep. Add'n - Comp. Equip't Owned | B88: 0309T_H | C88: 0309 | D88: 1772 | E88: 03092177200 | G88: 291.12 | H88: =IF(AND(F88="",G88=""),"EMPTY","")
A89: 1772 - Accum. Dep. Add'n - Comp. Equip't Owned | B89: 03ADMT_H | C89: 0311 | D89: 1772 | E89: 03112177200 | F89: 29542.67 | H89: =IF(AND(F89="",G89=""),"EMPTY","")
A90: 1772 - Accum. Dep. Add'n - Comp. Equip't Owned | B90: 0321T_H | C90: 0321 | D90: 1772 | E90: 03212177200 | H90: =IF(AND(F90="",G90=""),"EMPTY","") -> EMPTY
A91: 1772 - Accum. Dep. Add'n - Comp. Equip't Owned | B91: 0322T_H | C91: 0322 | D91: 1772 | E91: 03222177200 | H91: =IF(AND(F91="",G91=""),"EMPTY","") -> EMPTY
A92: 1772 - Accum. Dep. Add'n - Comp. Equip't Owned | B92: 0323T_H | C92: 0323 | D92: 1772 | E92: 03232177200 | G92: 79.96 | H92: =IF(AND(F92="",G92=""),"EMPTY","")
A93: 1772 - Accum. Dep. Add'n - Comp. Equip't Owned | B93: 0324T_H | C93: 0324 | D93: 1772 | E93: 03242177200 | G93: 336.96 | H93: =IF(AND(F93="",G93=""),"EMPTY","")
A94: 1772 - Accum. Dep. Add'n - Comp. Equip't Owned | B94: 0325T_H | C94: 0325 | D94: 1772 | E94: 03252177200 | F94: 0.19 | H94: =IF(AND(F94="",G94=""),"EMPTY","")
A95: 1772 - Accum. Dep. Add'n - Comp. Equip't Owned | B95: 0326T_H | C95: 0326 | D95: 1772 | E95: 03262177200 | G95: 806.99 | H95: =IF(AND(F95="",G95=""),"EMPTY","")
A96: 1772 - Accum. Dep. Add'n - Comp. Equip't Owned | B96: 0328T_H | C96: 0328 | D96: 1772 | E96: 03282177200 | G96: 0.2 | H96: =IF(AND(F96="",G96=""),"EMPTY","")
A97: 1772 - Accum. Dep. Add'n - Comp. Equip't Owned | B97: 0329T | C97: 0329 | D97: 1772 | E97: 03292177200 | G97: 2797.67 | H97: =IF(AND(F97="",G97=""),"EMPTY","")
A98: 1772 - Accum. Dep. Add'n - Comp. Equip't Owned | B98: 0330T | C98: 0330 | D98: 1772 | E98: 03302177200 | F98: 65.77 | H98: =IF(AND(F98="",G98=""),"EMPTY","")
H99: =IF(AND(F99="",G99=""),"EMPTY","") -> EMPTY
A100: 1777 - Accum. Dep. Add'n - Computer Software | B100: 0301T_H | C100: 0301 | D100: 1777 | E100: 03012177700 | H100: =IF(AND(F100="",G100=""),"EMPTY","") -> EMPTY
A101: 1777 - Accum. Dep. Add'n - Computer Software | B101: 0302T_H | C101: 0302 | D101: 1777 | E101: 03022177700 | H101: =IF(AND(F101="",G101=""),"EMPTY","") -> EMPTY
A102: 1777 - Accum. Dep. Add'n - Computer Software | B102: 0303T_H | C102: 0303 | D102: 1777 | E102: 03032177700 | H102: =IF(AND(F102="",G102=""),"EMPTY","") -> EMPTY
A103: 1777 - Accum. Dep. Add'n - Computer Software | B103: 0304T_H | C103: 0304 | D103: 1777 | E103: 03042177700 | H103: =IF(AND(F103="",G103=""),"EMPTY","") -> EMPTY
A104: 1777 - Accum. Dep. Add'n - Computer Software | B104: 0305T_H | C104: 0305 | D104: 1777 | E104: 03052177700 | H104: =IF(AND(F104="",G104=""),"EMPTY","") -> EMPTY
A105: 1777 - Accum. Dep. Add'n - Computer Software | B105: 0306T_H | C105: 0306 | D105: 1777 | E105: 03062177700 | H105: =IF(AND(F105="",G105=""),"EMPTY","") -> EMPTY
A106: 1777 - Accum. Dep. Add'n - Computer Software | B106: 0308T_H | C106: 0308 | D106: 1777 | E106: 03082177700 | G106: 9695.75 | H106: =IF(AND(F106="",G106=""),"EMPTY","")
A107: 1777 - Accum. Dep. Add'n - Computer Software | B107: 0309T_H | C107: 0309 | D107: 1777 | E107: 03092177700 | H107: =IF(AND(F107="",G107=""),"EMPTY","") -> EMPTY
A108: 1777 - Accum. Dep. Add'n - Computer Software | B108: 03ADMT_H | C108: 0311 | D108: 1777 | E108: 03112177700 | G108: 41246.05 | H108: =IF(AND(F108="",G108=""),"EMPTY","")
A109: 1777 - Accum. Dep. Add'n - Computer Software | B109: 0321T_H | C109: 0321 | D109: 1777 | E109: 03212177700 | H109: =IF(AND(F109="",G109=""),"EMPTY","") -> EMPTY
A110: 1777 - Accum. Dep. Add'n - Computer Software | B110: 0322T_H | C110: 0322 | D110: 1777 | E110: 03222177700 | H110: =IF(AND(F110="",G110=""),"EMPTY","") -> EMPTY
A111: 1777 - Accum. Dep. Add'n - Computer Software | B111: 0323T_H | C111: 0323 | D111: 1777 | E111: 03232177700 | H111: =IF(AND(F111="",G111=""),"EMPTY","") -> EMPTY
A112: 1777 - Accum. Dep. Add'n - Computer Software | B112: 0324T_H | C112: 0324 | D112: 1777 | E112: 03242177700 | H112: =IF(AND(F112="",G112=""),"EMPTY","") -> EMPTY
...

Sheet JE - DEP EXP(backup)
A1: Aug 2014 | H1: JE #
A3: Description | F3: Account | G3: DR | H3: CR
B4: BRANCH | C4: BRANCH | D4: ACCOUNT | E4: EXP ACCT
A5: 1732 - Accum. Dep. Add'n - Warehouse Equip't | B5: 0301T_H | C5: 0301 | D5: 1732 | F5: 03012173200 | I5: =IF(AND(G5="",H5=""),"EMPTY","") -> EMPTY
A6: 1732 - Accum. Dep. Add'n - Warehouse Equip't | B6: 0302T_H | C6: 0302 | D6: 1732 | F6: 03022173200 | I6: =IF(AND(G6="",H6=""),"EMPTY","") -> EMPTY
A7: 1732 - Accum. Dep. Add'n - Warehouse Equip't | B7: 0303T_H | C7: 0303 | D7: 1732 | F7: 03032173200 | I7: =IF(AND(G7="",H7=""),"EMPTY","") -> EMPTY
A8: 1732 - Accum. Dep. Add'n - Warehouse Equip't | B8: 0304T_H | C8: 0304 | D8: 1732 | F8: 03042173200 | I8: =IF(AND(G8="",H8=""),"EMPTY","") -> EMPTY
A9: 1732 - Accum. Dep. Add'n - Warehouse Equip't | B9: 0305T_H | C9: 0305 | D9: 1732 | F9: 03052173200 | I9: =IF(AND(G9="",H9=""),"EMPTY","") -> EMPTY
A10: 1732 - Accum. Dep. Add'n - Warehouse Equip't | B10: 0306T_H | C10: 0306 | D10: 1732 | F10: 03062173200 | I10: =IF(AND(G10="",H10=""),"EMPTY","") -> EMPTY
A11: 1732 - Accum. Dep. Add'n - Warehouse Equip't | B11: 0308T_H | C11: 0308 | D11: 1732 | F11: 03082173200 | I11: =IF(AND(G11="",H11=""),"EMPTY","") -> EMPTY
A12: 1732 - Accum. Dep. Add'n - Warehouse Equip't | B12: 0309T_H | C12: 0309 | D12: 1732 | F12: 03092173200 | I12: =IF(AND(G12="",H12=""),"EMPTY","") -> EMPTY
A13: 1732 - Accum. Dep. Add'n - Warehouse Equip't | B13: 03ADMT_H | C13: 0311 | D13: 1732 | F13: 03112173200 | I13: =IF(AND(G13="",H13=""),"EMPTY","") -> EMPTY
A14: 1732 - Accum. Dep. Add'n - Warehouse Equip't | B14: 0321T_H | C14: 0321 | D14: 1732 | F14: 03212173200 | I14: =IF(AND(G14="",H14=""),"EMPTY","") -> EMPTY
A15: 1732 - Accum. Dep. Add'n - Warehouse Equip't | B15: 0322T_H | C15: 0322 | D15: 1732 | F15: 03222173200 | I15: =IF(AND(G15="",H15=""),"EMPTY","") -> EMPTY
A16: 1732 - Accum. Dep. Add'n - Warehouse Equip't | B16: 0323T_H | C16: 0323 | D16: 1732 | F16: 03232173200 | I16: =IF(AND(G16="",H16=""),"EMPTY","") -> EMPTY
... A18: 1732 - Accum. Dep. Add'n - Warehouse Equip't | B18: 0325T_H | C18: 0325 | D18: 1732 | F18: 03252173200 | I18: =IF(AND(G18="",H18=""),"EMPTY","") -> EMPTY
A19: =_xll.DBRA("RXLTM1:Account",LEFT(E19,4),"ALIAS English") -> #NAME? | B19: 0326T_H | C19: 0326 | D19: 1732 | E19: =VLOOKUP(D19&"00",$J$203:$K$212,2,FALSE) -> 561000 | F19: =CONCATENATE(C19,"2",E19) -> 03262561000 | G19: 1309.89 | I19: =IF(AND(H19="",G19=""),"EMPTY","")
A20: 1732 - Accum. Dep. Add'n - Warehouse Equip't | B20: 0328T_H | C20: 0328 | D20: 1732 | F20: 03282173200 | I20: =IF(AND(H20="",G20=""),"EMPTY","") -> EMPTY
A21: 1732 - Accum. Dep. Add'n - Warehouse Equip't | B21: 0329T | C21: 0329 | D21: 1732 | F21: 03292173200 | I21: =IF(AND(H21="",G21=""),"EMPTY","") -> EMPTY
A22: 1732 - Accum. Dep. Add'n - Warehouse Equip't | B22: 0330T | C22: 0330 | D22: 1732 | F22: 03302173200 | I22: =IF(AND(H22="",G22=""),"EMPTY","") -> EMPTY
I23: =IF(AND(H23="",G23=""),"EMPTY","") -> EMPTY
A24: 1742 - Accum. Dep. Add'n - Off. Equip't Owned | B24: 0301T_H | C24: 0301 | D24: 1742 | F24: 03012174200 | I24: =IF(AND(H24="",G24=""),"EMPTY","") -> EMPTY
A25: 1742 - Accum. Dep. Add'n - Off. Equip't Owned | B25: 0302T_H | C25: 0302 | D25: 1742 | F25: 03022174200 | I25: =IF(AND(H25="",G25=""),"EMPTY","") -> EMPTY
A26: 1742 - Accum. Dep. Add'n - Off. Equip't Owned | B26: 0303T_H | C26: 0303 | D26: 1742 | F26: 03032174200 | I26: =IF(AND(H26="",G26=""),"EMPTY","") -> EMPTY
A27: 1742 - Accum. Dep. Add'n - Off. Equip't Owned | B27: 0304T_H | C27: 0304 | D27: 1742 | F27: 03042174200 | I27: =IF(AND(H27="",G27=""),"EMPTY","") -> EMPTY
A28: 1742 - Accum. Dep. Add'n - Off. Equip't Owned | B28: 0305T_H | C28: 0305 | D28: 1742 | F28: 03052174200 | I28: =IF(AND(H28="",G28=""),"EMPTY","") -> EMPTY
A29: 1742 - Accum. Dep. Add'n - Off. Equip't Owned | B29: 0306T_H | C29: 0306 | D29: 1742 | F29: 03062174200 | I29: =IF(AND(H29="",G29=""),"EMPTY","") -> EMPTY
A30: 1742 - Accum. Dep. Add'n - Off. Equip't Owned | B30: 0308T_H | C30: 0308 | D30: 1742 | F30: 03082174200 | I30: =IF(AND(H30="",G30=""),"EMPTY","") -> EMPTY
A31: 1742 - Accum. Dep. Add'n - Off. Equip't Owned | B31: 0309T_H | C31: 0309 | D31: 1742 | F31: 03092174200 | I31: =IF(AND(H31="",G31=""),"EMPTY","") -> EMPTY
A32: 1742 - Accum. Dep. Add'n - Off. Equip't Owned | B32: 03ADMT_H | C32: 0311 | D32: 1742 | F32: 03112174200 | I32: =IF(AND(H32="",G32=""),"EMPTY","") -> EMPTY
A33: 1742 - Accum. Dep. Add'n - Off. Equip't Owned | B33: 0321T_H | C33: 0321 | D33: 1742 | F33: 03212174200 | I33: =IF(AND(H33="",G33=""),"EMPTY","") -> EMPTY
A34: 1742 - Accum. Dep. Add'n - Off. Equip't Owned | B34: 0322T_H | C34: 0322 | D34: 1742 | F34: 03222174200 | I34: =IF(AND(H34="",G34=""),"EMPTY","") -> EMPTY
A35: 1742 - Accum. Dep. Add'n - Off. Equip't Owned | B35: 0323T_H | C35: 0323 | D35: 1742 | F35: 03232174200 | I35: =IF(AND(H35="",G35=""),"EMPTY","") -> EMPTY
... A41: 1742 - Accum. Dep. Add'n - Off. Equip't Owned | B41: 0330T | C41: 0330 | D41: 1742 | F41: 03302174200 | I41: =IF(AND(H41="",G41=""),"EMPTY","") -> EMPTY
I42: =IF(AND(H42="",G42=""),"EMPTY","") -> EMPTY
A43: =_xll.DBRA("RXLTM1:Account",LEFT(E43,4),"ALIAS English") -> #NAME? | B43: 0301T_H | C43: 0301 | D43: 1752 | E43: =VLOOKUP(D43&"00",$J$203:$K$212,2,FALSE) -> 563000 | F43: 03012175200 | G43: 178.51 | I43: =IF(AND(H43="",G43=""),"EMPTY","")
A44: =_xll.DBRA("RXLTM1:Account",LEFT(E44,4),"ALIAS English") -> #NAME? | B44: 0302T_H | C44: 0302 | D44: 1752 | E44: =VLOOKUP(D44&"00",$J$203:$K$212,2,FALSE) -> 563000 | F44: 03022175200 | G44: 1102.03 | I44: =IF(AND(H44="",G44=""),"EMPTY","")
A45: =_xll.DBRA("RXLTM1:Account",LEFT(E45,4),"ALIAS English") -> #NAME? | B45: 0303T_H | C45: 0303 | D45: 1752 | E45: =VLOOKUP(D45&"00",$J$203:$K$212,2,FALSE) -> 563000 | F45: 03032175200 | G45: 807.03 | I45: =IF(AND(H45="",G45=""),"EMPTY","")
A46: 1752 - Accum. Dep. Add'n - Furniture & Equip't | B46: 0304T_H | C46: 0304 | D46: 1752 | F46: 03042175200 | I46: =IF(AND(H46="",G46=""),"EMPTY","") -> EMPTY
A47: =_xll.DBRA("RXLTM1:Account",LEFT(E47,4),"ALIAS English") -> #NAME? | B47: 0305T_H | C47: 0305 | D47: 1752 | E47: =VLOOKUP(D47&"00",$J$203:$K$212,2,FALSE) -> 563000 | F47: 03052175200 | G47: 950.88 | I47: =IF(AND(H47="",G47=""),"EMPTY","")
A48: =_xll.DBRA("RXLTM1:Account",LEFT(E48,4),"ALIAS English") -> #NAME? | B48: 0306T_H | C48: 0306 | D48: 1752 | E48: =VLOOKUP(D48&"00",$J$203:$K$212,2,FALSE) -> 563000 | F48: 03062175200 | G48: 168.89 | I48: =IF(AND(H48="",G48=""),"EMPTY","")
A49: =_xll.DBRA("RXLTM1:Account",LEFT(E49,4),"ALIAS English") -> #NAME? | B49: 0308T_H | C49: 0308 | D49: 1752 | E49: =VLOOKUP(D49&"00",$J$203:$K$212,2,FALSE) -> 563000 | F49: 03082175200 | G49: 906.97 | I49: =IF(AND(H49="",G49=""),"EMPTY","")
A50: =_xll.DBRA("RXLTM1:Account",LEFT(E50,4),"ALIAS English") -> #NAME? | B50: 0309T_H | C50: 0309 | D50: 1752 | E50: =VLOOKUP(D50&"00",$J$203:$K$212,2,FALSE) -> 563000 | F50: 03092175200 | G50: 124.05 | I50: =IF(AND(H50="",G50=""),"EMPTY","")
A51: =_xll.DBRA("RXLTM1:Account",LEFT(E51,4),"ALIAS English") -> #NAME? | B51: 03ADMT_H | C51: 0311 | D51: 1752 | E51: =VLOOKUP(D51&"00",$J$203:$K$212,2,FALSE) -> 563000 | F51: 03112175200 | H51: 107238.19 | I51: =IF(AND(H51="",G51=""),"EMPTY","")
A52: =_xll.DBRA("RXLTM1:Account",LEFT(E52,4),"ALIAS English") -> #NAME? | B52: 0321T_H | C52: 0321 | D52: 1752 | E52: =VLOOKUP(D52&"00",$J$203:$K$212,2,FALSE) -> 563000 | F52: 03212175200 | H52: 104.81 | I52: =IF(AND(H52="",G52=""),"EMPTY","")
A53: =_xll.DBRA("RXLTM1:Account",LEFT(E53,4),"ALIAS English") -> #NAME? | B53: 0322T_H | C53: 0322 | D53: 1752 | E53: =VLOOKUP(D53&"00",$J$203:$K$212,2,FALSE) -> 563000 | F53: 03222175200 | G53: 357.15 | I53: =IF(AND(H53="",G53=""),"EMPTY","")
A54: =_xll.DBRA("RXLTM1:Account",LEFT(E54,4),"ALIAS English") -> #NAME? | B54: 0323T_H | C54: 0323 | D54: 1752 | E54: =VLOOKUP(D54&"00",$J$203:$K$212,2,FALSE) -> 563000 | F54: 03232175200 | H54: 21.04 | I54: =IF(AND(H54="",G54=""),"EMPTY","")
A55: =_xll.DBRA("RXLTM1:Account",LEFT(E55,4),"ALIAS English") -> #NAME? | B55: 0324T_H | C55: 0324 | D55: 1752 | E55: =VLOOKUP(D55&"00",$J$203:$K$212,2,FALSE) -> 563000 | F55: 03242175200 | G55: 204.15 | I55: =IF(AND(H55="",G55=""),"EMPTY","")
A56: =_xll.DBRA("RXLTM1:Account",LEFT(E56,4),"ALIAS English") -> #NAME? | B56: 0325T_H | C56: 0325 | D56: 1752 | E56: =VLOOKUP(D56&"00",$J$203:$K$212,2,FALSE) -> 563000 | F56: 03252175200 | G56: 1983.79 | I56: =IF(AND(H56="",G56=""),"EMPTY","")
A57: =_xll.DBRA("RXLTM1:Account",LEFT(E57,4),"ALIAS English") -> #NAME? | B57: 0326T_H | C57: 0326 | D57: 1752 | E57: =VLOOKUP(D57&"00",$J$203:$K$212,2,FALSE) -> 563000 | F57: 03262175200 | G57: 3065.76 | I57: =IF(AND(H57="",G57=""),"EMPTY","")
A58: =_xll.DBRA("RXLTM1:Account",LEFT(E58,4),"ALIAS English") -> #NAME? | B58: 0328T_H | C58: 0328 | D58: 1752 | E58: =VLOOKUP(D58&"00",$J$203:$K$212,2,FALSE) -> 563000 | F58: 03282175200 | G58: 2080.83 | I58: =IF(AND(H58="",G58=""),"EMPTY","")
A59: =_xll.DBRA("RXLTM1:Account",LEFT(E59,4),"ALIAS English") -> #NAME? | B59: 0329T | C59: 0329 | D59: 1752 | E59: =VLOOKUP(D59&"00",$J$203:$K$212,2,FALSE) -> 563000 | F59: 03292175200 | G59: 4775.48 | I59: =IF(AND(H59="",G59=""),"EMPTY","")
A60: =_xll.DBRA("RXLTM1:Account",LEFT(E60,4),"ALIAS English") -> #NAME? | B60: 0330T | C60: 0330 | D60: 1752 | E60: =VLOOKUP(D60&"00",$J$203:$K$212,2,FALSE) -> 563000 | F60: 03302175200 | G60: 330.42 | I60: =IF(AND(H60="",G60=""),"EMPTY","")
I61: =IF(AND(H61="",G61=""),"EMPTY","") -> EMPTY
A62: 1762 - Accum. Dep. Add'n - Telephone Equip't | B62: 0301T_H | C62: 0301 | D62: 1762 | F62: 03012176200 | I62: =IF(AND(H62="",G62=""),"EMPTY","") -> EMPTY
A63: 1762 - Accum. Dep. Add'n - Telephone Equip't | B63: 0302T_H | C63: 0302 | D63: 1762 | F63: 03022176200 | I63: =IF(AND(H63="",G63=""),"EMPTY","") -> EMPTY
A64: 1762 - Accum. Dep. Add'n - Telephone Equip't | B64: 0303T_H | C64: 0303 | D64: 1762 | F64: 03032176200 | I64: =IF(AND(H64="",G64=""),"EMPTY","") -> EMPTY
A65: 1762 - Accum. Dep. Add'n - Telephone Equip't | B65: 0304T_H | C65: 0304 | D65: 1762 | F65: 03042176200 | I65: =IF(AND(H65="",G65=""),"EMPTY","") -> EMPTY
A66: 1762 - Accum. Dep. Add'n - Telephone Equip't | B66: 0305T_H | C66: 0305 | D66: 1762 | F66: 03052176200 | I66: =IF(AND(H66="",G66=""),"EMPTY","") -> EMPTY
A67: 1762 - Accum. Dep. Add'n - Telephone Equip't | B67: 0306T_H | C67: 0306 | D67: 1762 | F67: 03062176200 | I67: =IF(AND(H67="",G67=""),"EMPTY","") -> EMPTY
A68: 1762 - Accum. Dep. Add'n - Telephone Equip't | B68: 0308T_H | C68: 0308 | D68: 1762 | F68: 03082176200 | I68: =IF(AND(H68="",G68=""),"EMPTY","") -> EMPTY
A69: 1762 - Accum. Dep. Add'n - Telephone Equip't | B69: 0309T_H | C69: 0309 | D69: 1762 | F69: 03092176200 | I69: =IF(AND(H69="",G69=""),"EMPTY","") -> EMPTY
A70: 1762 - Accum. Dep. Add'n - Telephone Equip't | B70: 03ADMT_H | C70: 0311 | D70: 1762 | F70: 03112176200 | I70: =IF(AND(H70="",G70=""),"EMPTY","") -> EMPTY
A71: 1762 - Accum. Dep. Add'n - Telephone Equip't | B71: 0321T_H | C71: 0321 | D71: 1762 | F71: 03212176200 | I71: =IF(AND(H71="",G71=""),"EMPTY","") -> EMPTY
A72: 1762 - Accum. Dep. Add'n - Telephone Equip't | B72: 0322T_H | C72: 0322 | D72: 1762 | F72: 03222176200 | I72: =IF(AND(H72="",G72=""),"EMPTY","") -> EMPTY
A73: 1762 - Accum. Dep. Add'n - Telephone Equip't | B73: 0323T_H | C73: 0323 | D73: 1762 | F73: 03232176200 | I73: =IF(AND(H73="",G73=""),"EMPTY","") -> EMPTY
... A79: 1762 - Accum. Dep. Add'n - Telephone Equip't | B79: 0330T | C79: 0330 | D79: 1762 | F79: 03302176200 | I79: =IF(AND(H79="",G79=""),"EMPTY","") -> EMPTY
I80: =IF(AND(H80="",G80=""),"EMPTY","") -> EMPTY
A81: 1772 - Accum. Dep. Add'n - Comp. Equip't Owned | B81: 0301T_H | C81: 0301 | D81: 1772 | F81: 03012177200 | I81: =IF(AND(H81="",G81=""),"EMPTY","") -> EMPTY
A82: =_xll.DBRA("RXLTM1:Account",LEFT(E82,4),"ALIAS English") -> #NAME? | B82: 0302T_H | C82: 0302 | D82: 1772 | E82: =VLOOKUP(D82&"00",$J$203:$K$212,2,FALSE) -> 635000 | F82: 03022177200 | G82: 54.63 | I82: =IF(AND(H82="",G82=""),"EMPTY","")
A83: =_xll.DBRA("RXLTM1:Account",LEFT(E83,4),"ALIAS English") -> #NAME? | B83: 0303T_H | C83: 0303 | D83: 1772 | E83: =VLOOKUP(D83&"00",$J$203:$K$212,2,FALSE) -> 635000 | F83: 03032177200 | G83: 384.01 | I83: =IF(AND(H83="",G83=""),"EMPTY","")
A84: 1772 - Accum. Dep. Add'n - Comp. Equip't Owned | B84: 0304T_H | C84: 0304 | D84: 1772 | F84: 03042177200 | I84: =IF(AND(H84="",G84=""),"EMPTY","") -> EMPTY
A85: =_xll.DBRA("RXLTM1:Account",LEFT(E85,4),"ALIAS English") -> #NAME? | B85: 0305T_H | C85: 0305 | D85: 1772 | E85: =VLOOKUP(D85&"00",$J$203:$K$212,2,FALSE) -> 635000 | F85: 03052177200 | G85: 103.32 | I85: =IF(AND(H85="",G85=""),"EMPTY","")
A86: =_xll.DBRA("RXLTM1:Account",LEFT(E86,4),"ALIAS English") -> #NAME? | B86: 0306T_H | C86: 0306 | D86: 1772 | E86: =VLOOKUP(D86&"00",$J$203:$K$212,2,FALSE) -> 635000 | F86: 03062177200 | G86: 30.29 | I86: =IF(AND(H86="",G86=""),"EMPTY","")
A87: =_xll.DBRA("RXLTM1:Account",LEFT(E87,4),"ALIAS English") -> #NAME? | B87: 0308T_H | C87: 0308 | D87: 1772 | E87: =VLOOKUP(D87&"00",$J$203:$K$212,2,FALSE) -> 635000 | F87: 03082177200 | H87: 8699.48 | I87: =IF(AND(H87="",G87=""),"EMPTY","")
A88: =_xll.DBRA("RXLTM1:Account",LEFT(E88,4),"ALIAS English") -> #NAME? | B88: 0309T_H | C88: 0309 | D88: 1772 | E88: =VLOOKUP(D88&"00",$J$203:$K$212,2,FALSE) -> 635000 | F88: 03092177200 | G88: 291.12 | I88: =IF(AND(H88="",G88=""),"EMPTY","")
A89: =_xll.DBRA("RXLTM1:Account",LEFT(E89,4),"ALIAS English") -> #NAME? | B89: 03ADMT_H | C89: 0311 | D89: 1772 | E89: =VLOOKUP(D89&"00",$J$203:$K$212,2,FALSE) -> 635000 | F89: 03112177200 | H89: 29542.67 | I89: =IF(AND(H89="",G89=""),"EMPTY","")
A90: 1772 - Accum. Dep. Add'n - Comp. Equip't Owned | B90: 0321T_H | C90: 0321 | D90: 1772 | F90: 03212177200 | I90: =IF(AND(H90="",G90=""),"EMPTY","") -> EMPTY
A91: 1772 - Accum. Dep. Add'n - Comp. Equip't Owned | B91: 0322T_H | C91: 0322 | D91: 1772 | F91: 03222177200 | I91: =IF(AND(H91="",G91=""),"EMPTY","") -> EMPTY
A92: =_xll.DBRA("RXLTM1:Account",LEFT(E92,4),"ALIAS English") -> #NAME? | B92: 0323T_H | C92: 0323 | D92: 1772 | E92: =VLOOKUP(D92&"00",$J$203:$K$212,2,FALSE) -> 635000 | F92: 03232177200 | G92: 79.96 | I92: =IF(AND(H92="",G92=""),"EMPTY","")
A93: =_xll.DBRA("RXLTM1:Account",LEFT(E93,4),"ALIAS English") -> #NAME? | B93: 0324T_H | C93: 0324 | D93: 1772 | E93: =VLOOKUP(D93&"00",$J$203:$K$212,2,FALSE) -> 635000 | F93: 03242177200 | G93: 336.96 | I93: =IF(AND(H93="",G93=""),"EMPTY","")
A94: =_xll.DBRA("RXLTM1:Account",LEFT(E94,4),"ALIAS English") -> #NAME? | B94: 0325T_H | C94: 0325 | D94: 1772 | E94: =VLOOKUP(D94&"00",$J$203:$K$212,2,FALSE) -> 635000 | F94: 03252177200 | H94: 0.19 | I94: =IF(AND(H94="",G94=""),"EMPTY","")
A95: =_xll.DBRA("RXLTM1:Account",LEFT(E95,4),"ALIAS English") -> #NAME? | B95: 0326T_H | C95: 0326 | D95: 1772 | E95: =VLOOKUP(D95&"00",$J$203:$K$212,2,FALSE) -> 635000 | F95: 03262177200 | G95: 806.99 | I95: =IF(AND(H95="",G95=""),"EMPTY","")
A96: =_xll.DBRA("RXLTM1:Account",LEFT(E96,4),"ALIAS English") -> #NAME? | B96: 0328T_H | C96: 0328 | D96: 1772 | E96: =VLOOKUP(D96&"00",$J$203:$K$212,2,FALSE) -> 635000 | F96: 03282177200 | G96: 0.2 | I96: =IF(AND(H96="",G96=""),"EMPTY","")
A97: =_xll.DBRA("RXLTM1:Account",LEFT(E97,4),"ALIAS English") -> #NAME? | B97: 0329T | C97: 0329 | D97: 1772 | E97: =VLOOKUP(D97&"00",$J$203:$K$212,2,FALSE) -> 635000 | F97: 03292177200 | G97: 2797.67 | I97: =IF(AND(H97="",G97=""),"EMPTY","")
A98: =_xll.DBRA("RXLTM1:Account",LEFT(E98,4),"ALIAS English") -> #NAME? | B98: 0330T | C98: 0330 | D98: 1772 | E98: =VLOOKUP(D98&"00",$J$203:$K$212,2,FALSE) -> 635000 | F98: 03302177200 | H98: 65.77 | I98: =IF(AND(H98="",G98=""),"EMPTY","")
I99: =IF(AND(H99="",G99=""),"EMPTY","") -> EMPTY
A100: 1777 - Accum. Dep. Add'n - Computer Software | B100: 0301T_H | C100: 0301 | D100: 1777 | F100: 03012177700 | I100: =IF(AND(H100="",G100=""),"EMPTY","") -> EMPTY
A101: 1777 - Accum. Dep. Add'n - Computer Software | B101: 0302T_H | C101: 0302 | D101: 1777 | F101: 03022177700 | I101: =IF(AND(H101="",G101=""),"EMPTY","") -> EMPTY
A102: 1777 - Accum. Dep. Add'n - Computer Software | B102: 0303T_H | C102: 0303 | D102: 1777 | F102: 03032177700 | I102: =IF(AND(H102="",G102=""),"EMPTY","") -> EMPTY
A103: 1777 - Accum. Dep. Add'n - Computer Software | B103: 0304T_H | C103: 0304 | D103: 1777 | F103: 03042177700 | I103: =IF(AND(H103="",G103=""),"EMPTY","") -> EMPTY
A104: 1777 - Accum. Dep. Add'n - Computer Software | B104: 0305T_H | C104: 0305 | D104: 1777 | F104: 03052177700 | I104: =IF(AND(H104="",G104=""),"EMPTY","") -> EMPTY
A105: 1777 - Accum. Dep. Add'n - Computer Software | B105: 0306T_H | C105: 0306 | D105: 1777 | F105: 03062177700 | I105: =IF(AND(H105="",G105=""),"EMPTY","") -> EMPTY
A106: =_xll.DBRA("RXLTM1:Account",LEFT(E106,4),"ALIAS English") -> #NAME? | B106: 0308T_H | C106: 0308 | D106: 1777 | E106: =VLOOKUP(D106&"00",$J$203:$K$212,2,FALSE) -> 635100 | F106: 03082177700 | G106: 9695.75 | I106: =IF(AND(H106="",G106=""),"EMPTY","")
A107: 1777 - Accum. Dep. Add'n - Computer Software | B107: 0309T_H | C107: 0309 | D107: 1777 | F107: 03092177700 | I107: =IF(AND(H107="",G107=""),"EMPTY","") -> EMPTY
A108: =_xll.DBRA("RXLTM1:Account",LEFT(E108,4),"ALIAS English") -> #NAME? | B108: 03ADMT_H | C108: 0311 | D108: 1777 | E108: =VLOOKUP(D108&"00",$J$203:$K$212,2,FALSE) -> 635100 | F108: 03112177700 | G108: 41246.05 | I108: =IF(AND(H108="",G108=""),"EMPTY","")
A109: 1777 - Accum. Dep. Add'n - Computer Software | B109: 0321T_H | C109: 0321 | D109: 1777 | F109: 03212177700 | I109: =IF(AND(H109="",G109=""),"EMPTY","") -> EMPTY
A110: 1777 - Accum. Dep. Add'n - Computer Software | B110: 0322T_H | C110: 0322 | D110: 1777 | F110: 03222177700 | I110: =IF(AND(H110="",G110=""),"EMPTY","") -> EMPTY
A111: 1777 - Accum. Dep. Add'n - Computer Software | B111: 0323T_H | C111: 0323 | D111: 1777 | F111: 03232177700 | I111: =IF(AND(H111="",G111=""),"EMPTY","") -> EMPTY
A112: 1777 - Accum. Dep. Add'n - Computer Software | B112: 0324T_H | C112: 0324 | D112: 1777 | F112: 03242177700 | I112: =IF(AND(H112="",G112=""),"EMPTY","") -> EMPTY
...

Sheet JE - DEP EXP Values(backup)
A1: Aug 2014 | H1: JE #
A3: Description | F3: Account | G3: DR | H3: CR
B4: BRANCH | C4: BRANCH | D4: ACCOUNT | E4: EXP ACCT
A5: 1732 - Accum. Dep. Add'n - Warehouse Equip't | B5: 0301T_H | C5: 0301 | D5: 1732 | F5: 03012173200 | I5: EMPTY
A6: 1732 - Accum. Dep. Add'n - Warehouse Equip't | B6: 0302T_H | C6: 0302 | D6: 1732 | F6: 03022173200 | I6: EMPTY
A7: 1732 - Accum. Dep. Add'n - Warehouse Equip't | B7: 0303T_H | C7: 0303 | D7: 1732 | F7: 03032173200 | I7: EMPTY
A8: 1732 - Accum. Dep. Add'n - Warehouse Equip't | B8: 0304T_H | C8: 0304 | D8: 1732 | F8: 03042173200 | I8: EMPTY
A9: 1732 - Accum. Dep. Add'n - Warehouse Equip't | B9: 0305T_H | C9: 0305 | D9: 1732 | F9: 03052173200 | I9: EMPTY
A10: 1732 - Accum. Dep. Add'n - Warehouse Equip't | B10: 0306T_H | C10: 0306 | D10: 1732 | F10: 03062173200 | I10: EMPTY
A11: 1732 - Accum. Dep. Add'n - Warehouse Equip't | B11: 0308T_H | C11: 0308 | D11: 1732 | F11: 03082173200 | I11: EMPTY
A12: 1732 - Accum. Dep. Add'n - Warehouse Equip't | B12: 0309T_H | C12: 0309 | D12: 1732 | F12: 03092173200 | I12: EMPTY
A13: 1732 - Accum. Dep. Add'n - Warehouse Equip't | B13: 03ADMT_H | C13: 0311 | D13: 1732 | F13: 03112173200 | I13: EMPTY
A14: 1732 - Accum. Dep. Add'n - Warehouse Equip't | B14: 0321T_H | C14: 0321 | D14: 1732 | F14: 03212173200 | I14: EMPTY
A15: 1732 - Accum. Dep. Add'n - Warehouse Equip't | B15: 0322T_H | C15: 0322 | D15: 1732 | F15: 03222173200 | I15: EMPTY
A16: 1732 - Accum. Dep. Add'n - Warehouse Equip't | B16: 0323T_H | C16: 0323 | D16: 1732 | F16: 03232173200 | I16: EMPTY
... A18: 1732 - Accum. Dep. Add'n - Warehouse Equip't | B18: 0325T_H | C18: 0325 | D18: 1732 | F18: 03252173200 | I18: EMPTY
A19: 5610 - Depr'n Warehouse Equip't | B19: 0326T_H | C19: 0326 | D19: 1732 | E19: 561000 | F19: 03262561000 | G19: 1309.89
A20: 1732 - Accum. Dep. Add'n - Warehouse Equip't | B20: 0328T_H | C20: 0328 | D20: 1732 | F20: 03282173200 | I20: EMPTY
A21: 1732 - Accum. Dep. Add'n - Warehouse Equip't | B21: 0329T | C21: 0329 | D21: 1732 | F21: 03292173200 | I21: EMPTY
A22: 1732 - Accum. Dep. Add'n - Warehouse Equip't | B22: 0330T | C22: 0330 | D22: 1732 | F22: 03302173200 | I22: EMPTY
I23: EMPTY
A24: 1742 - Accum. Dep. Add'n - Off. Equip't Owned | B24: 0301T_H | C24: 0301 | D24: 1742 | F24: 03012174200 | I24: EMPTY
A25: 1742 - Accum. Dep. Add'n - Off. Equip't Owned | B25: 0302T_H | C25: 0302 | D25: 1742 | F25: 03022174200 | I25: EMPTY
A26: 1742 - Accum. Dep. Add'n - Off. Equip't Owned | B26: 0303T_H | C26: 0303 | D26: 1742 | F26: 03032174200 | I26: EMPTY
A27: 1742 - Accum. Dep. Add'n - Off. Equip't Owned | B27: 0304T_H | C27: 0304 | D27: 1742 | F27: 03042174200 | I27: EMPTY
A28: 1742 - Accum. Dep. Add'n - Off. Equip't Owned | B28: 0305T_H | C28: 0305 | D28: 1742 | F28: 03052174200 | I28: EMPTY
A29: 1742 - Accum. Dep. Add'n - Off. Equip't Owned | B29: 0306T_H | C29: 0306 | D29: 1742 | F29: 03062174200 | I29: EMPTY
A30: 1742 - Accum. Dep. Add'n - Off. Equip't Owned | B30: 0308T_H | C30: 0308 | D30: 1742 | F30: 03082174200 | I30: EMPTY
A31: 1742 - Accum. Dep. Add'n - Off. Equip't Owned | B31: 0309T_H | C31: 0309 | D31: 1742 | F31: 03092174200 | I31: EMPTY
A32: 1742 - Accum. Dep. Add'n - Off. Equip't Owned | B32: 03ADMT_H | C32: 0311 | D32: 1742 | F32: 03112174200 | I32: EMPTY
A33: 1742 - Accum. Dep. Add'n - Off. Equip't Owned | B33: 0321T_H | C33: 0321 | D33: 1742 | F33: 03212174200 | I33: EMPTY
A34: 1742 - Accum. Dep. Add'n - Off. Equip't Owned | B34: 0322T_H | C34: 0322 | D34: 1742 | F34: 03222174200 | I34: EMPTY
A35: 1742 - Accum. Dep. Add'n - Off. Equip't Owned | B35: 0323T_H | C35: 0323 | D35: 1742 | F35: 03232174200 | I35: EMPTY
... A41: 1742 - Accum. Dep. Add'n - Off. Equip't Owned | B41: 0330T | C41: 0330 | D41: 1742 | F41: 03302174200 | I41: EMPTY
I42: EMPTY
A43: 5630 - Depr'n Furniture & Fixture | B43: 0301T_H | C43: 0301 | D43: 1752 | E43: 563000 | F43: 03012175200 | G43: 178.51
A44: 5630 - Depr'n Furniture & Fixture | B44: 0302T_H | C44: 0302 | D44: 1752 | E44: 563000 | F44: 03022175200 | G44: 1102.03
A45: 5630 - Depr'n Furniture & Fixture | B45: 0303T_H | C45: 0303 | D45: 1752 | E45: 563000 | F45: 03032175200 | G45: 807.03
A46: 1752 - Accum. Dep. Add'n - Furniture & Equip't | B46: 0304T_H | C46: 0304 | D46: 1752 | F46: 03042175200 | I46: EMPTY
A47: 5630 - Depr'n Furniture & Fixture | B47: 0305T_H | C47: 0305 | D47: 1752 | E47: 563000 | F47: 03052175200 | G47: 950.88
A48: 5630 - Depr'n Furniture & Fixture | B48: 0306T_H | C48: 0306 | D48: 1752 | E48: 563000 | F48: 03062175200 | G48: 168.89
A49: 5630 - Depr'n Furniture & Fixture | B49: 0308T_H | C49: 0308 | D49: 1752 | E49: 563000 | F49: 03082175200 | G49: 906.97
A50: 5630 - Depr'n Furniture & Fixture | B50: 0309T_H | C50: 0309 | D50: 1752 | E50: 563000 | F50: 03092175200 | G50: 124.05
A51: 5630 - Depr'n Furniture & Fixture | B51: 03ADMT_H | C51: 0311 | D51: 1752 | E51: 563000 | F51: 03112175200 | H51: 107238.19
A52: 5630 - Depr'n Furniture & Fixture | B52: 0321T_H | C52: 0321 | D52: 1752 | E52: 563000 | F52: 03212175200 | H52: 104.81
A53: 5630 - Depr'n Furniture & Fixture | B53: 0322T_H | C53: 0322 | D53: 1752 | E53: 563000 | F53: 03222175200 | G53: 357.15
A54: 5630 - Depr'n Furniture & Fixture | B54: 0323T_H | C54: 0323 | D54: 1752 | E54: 563000 | F54: 03232175200 | H54: 21.04
A55: 5630 - Depr'n Furniture & Fixture | B55: 0324T_H | C55: 0324 | D55: 1752 | E55: 563000 | F55: 03242175200 | G55: 204.15
A56: 5630 - Depr'n Furniture & Fixture | B56: 0325T_H | C56: 0325 | D56: 1752 | E56: 563000 | F56: 03252175200 | G56: 1983.79
A57: 5630 - Depr'n Furniture & Fixture | B57: 0326T_H | C57: 0326 | D57: 1752 | E57: 563000 | F57: 03262175200 | G57: 3065.76
A58: 5630 - Depr'n Furniture & Fixture | B58: 0328T_H | C58: 0328 | D58: 1752 | E58: 563000 | F58: 03282175200 | G58: 2080.83
A59: 5630 - Depr'n Furniture & Fixture | B59: 0329T | C59: 0329 | D59: 1752 | E59: 563000 | F59: 03292175200 | G59: 4775.48
A60: 5630 - Depr'n Furniture & Fixture | B60: 0330T | C60: 0330 | D60: 1752 | E60: 563000 | F60: 03302175200 | G60: 330.42
I61: EMPTY
A62: 1762 - Accum. Dep. Add'n - Telephone Equip't | B62: 0301T_H | C62: 0301 | D62: 1762 | F62: 03012176200 | I62: EMPTY
A63: 1762 - Accum. Dep. Add'n - Telephone Equip't | B63: 0302T_H | C63: 0302 | D63: 1762 | F63: 03022176200 | I63: EMPTY
A64: 1762 - Accum. Dep. Add'n - Telephone Equip't | B64: 0303T_H | C64: 0303 | D64: 1762 | F64: 03032176200 | I64: EMPTY
A65: 1762 - Accum. Dep. Add'n - Telephone Equip't | B65: 0304T_H | C65: 0304 | D65: 1762 | F65: 03042176200 | I65: EMPTY
A66: 1762 - Accum. Dep. Add'n - Telephone Equip't | B66: 0305T_H | C66: 0305 | D66: 1762 | F66: 03052176200 | I66: EMPTY
A67: 1762 - Accum. Dep. Add'n - Telephone Equip't | B67: 0306T_H | C67: 0306 | D67: 1762 | F67: 03062176200 | I67: EMPTY
A68: 1762 - Accum. Dep. Add'n - Telephone Equip't | B68: 0308T_H | C68: 0308 | D68: 1762 | F68: 03082176200 | I68: EMPTY
A69: 1762 - Accum. Dep. Add'n - Telephone Equip't | B69: 0309T_H | C69: 0309 | D69: 1762 | F69: 03092176200 | I69: EMPTY
A70: 1762 - Accum. Dep. Add'n - Telephone Equip't | B70: 03ADMT_H | C70: 0311 | D70: 1762 | F70: 03112176200 | I70: EMPTY
A71: 1762 - Accum. Dep. Add'n - Telephone Equip't | B71: 0321T_H | C71: 0321 | D71: 1762 | F71: 03212176200 | I71: EMPTY
A72: 1762 - Accum. Dep. Add'n - Telephone Equip't | B72: 0322T_H | C72: 0322 | D72: 1762 | F72: 03222176200 | I72: EMPTY
A73: 1762 - Accum. Dep. Add'n - Telephone Equip't | B73: 0323T_H | C73: 0323 | D73: 1762 | F73: 03232176200 | I73: EMPTY
... A79: 1762 - Accum. Dep. Add'n - Telephone Equip't | B79: 0330T | C79: 0330 | D79: 1762 | F79: 03302176200 | I79: EMPTY
I80: EMPTY
A81: 1772 - Accum. Dep. Add'n - Comp. Equip't Owned | B81: 0301T_H | C81: 0301 | D81: 1772 | F81: 03012177200 | I81: EMPTY
A82: 6350 - Depr'n Computer Equip't - Owned | B82: 0302T_H | C82: 0302 | D82: 1772 | E82: 635000 | F82: 03022177200 | G82: 54.63
A83: 6350 - Depr'n Computer Equip't - Owned | B83: 0303T_H | C83: 0303 | D83: 1772 | E83: 635000 | F83: 03032177200 | G83: 384.01
A84: 1772 - Accum. Dep. Add'n - Comp. Equip't Owned | B84: 0304T_H | C84: 0304 | D84: 1772 | F84: 03042177200 | I84: EMPTY
A85: 6350 - Depr'n Computer Equip't - Owned | B85: 0305T_H | C85: 0305 | D85: 1772 | E85: 635000 | F85: 03052177200 | G85: 103.32
A86: 6350 - Depr'n Computer Equip't - Owned | B86: 0306T_H | C86: 0306 | D86: 1772 | E86: 635000 | F86: 03062177200 | G86: 30.29
A87: 6350 - Depr'n Computer Equip't - Owned | B87: 0308T_H | C87: 0308 | D87: 1772 | E87: 635000 | F87: 03082177200 | H87: 8699.48
A88: 6350 - Depr'n Computer Equip't - Owned | B88: 0309T_H | C88: 0309 | D88: 1772 | E88: 635000 | F88: 03092177200 | G88: 291.12
A89: 6350 - Depr'n Computer Equip't - Owned | B89: 03ADMT_H | C89: 0311 | D89: 1772 | E89: 635000 | F89: 03112177200 | H89: 29542.67
A90: 1772 - Accum. Dep. Add'n - Comp. Equip't Owned | B90: 0321T_H | C90: 0321 | D90: 1772 | F90: 03212177200 | I90: EMPTY
A91: 1772 - Accum. Dep. Add'n - Comp. Equip't Owned | B91: 0322T_H | C91: 0322 | D91: 1772 | F91: 03222177200 | I91: EMPTY
A92: 6350 - Depr'n Computer Equip't - Owned | B92: 0323T_H | C92: 0323 | D92: 1772 | E92: 635000 | F92: 03232177200 | G92: 79.96
A93: 6350 - Depr'n Computer Equip't - Owned | B93: 0324T_H | C93: 0324 | D93: 1772 | E93: 635000 | F93: 03242177200 | G93: 336.96
A94: 6350 - Depr'n Computer Equip't - Owned | B94: 0325T_H | C94: 0325 | D94: 1772 | E94: 635000 | F94: 03252177200 | H94: 0.19
A95: 6350 - Depr'n Computer Equip't - Owned | B95: 0326T_H | C95: 0326 | D95: 1772 | E95: 635000 | F95: 03262177200 | G95: 806.99
A96: 6350 - Depr'n Computer Equip't - Owned | B96: 0328T_H | C96: 0328 | D96: 1772 | E96: 635000 | F96: 03282177200 | G96: 0.2
A97: 6350 - Depr'n Computer Equip't - Owned | B97: 0329T | C97: 0329 | D97: 1772 | E97: 635000 | F97: 03292177200 | G97: 2797.67
A98: 6350 - Depr'n Computer Equip't - Owned | B98: 0330T | C98: 0330 | D98: 1772 | E98: 635000 | F98: 03302177200 | H98: 65.77
I99: EMPTY
A100: 1777 - Accum. Dep. Add'n - Computer Software | B100: 0301T_H | C100: 0301 | D100: 1777 | F100: 03012177700 | I100: EMPTY
A101: 1777 - Accum. Dep. Add'n - Computer Software | B101: 0302T_H | C101: 0302 | D101: 1777 | F101: 03022177700 | I101: EMPTY
A102: 1777 - Accum. Dep. Add'n - Computer Software | B102: 0303T_H | C102: 0303 | D102: 1777 | F102: 03032177700 | I102: EMPTY
A103: 1777 - Accum. Dep. Add'n - Computer Software | B103: 0304T_H | C103: 0304 | D103: 1777 | F103: 03042177700 | I103: EMPTY
A104: 1777 - Accum. Dep. Add'n - Computer Software | B104: 0305T_H | C104: 0305 | D104: 1777 | F104: 03052177700 | I104: EMPTY
A105: 1777 - Accum. Dep. Add'n - Computer Software | B105: 0306T_H | C105: 0306 | D105: 1777 | F105: 03062177700 | I105: EMPTY
A106: 6351 - Depr'n Computer Software | B106: 0308T_H | C106: 0308 | D106: 1777 | E106: 635100 | F106: 03082177700 | G106: 9695.75
A107: 1777 - Accum. Dep. Add'n - Computer Software | B107: 0309T_H | C107: 0309 | D107: 1777 | F107: 03092177700 | I107: EMPTY
A108: 6351 - Depr'n Computer Software | B108: 03ADMT_H | C108: 0311 | D108: 1777 | E108: 635100 | F108: 03112177700 | G108: 41246.05
A109: 1777 - Accum. Dep. Add'n - Computer Software | B109: 0321T_H | C109: 0321 | D109: 1777 | F109: 03212177700 | I109: EMPTY
A110: 1777 - Accum. Dep. Add'n - Computer Software | B110: 0322T_H | C110: 0322 | D110: 1777 | F110: 03222177700 | I110: EMPTY
A111: 1777 - Accum. Dep. Add'n - Computer Software | B111: 0323T_H | C111: 0323 | D111: 1777 | F111: 03232177700 | I111: EMPTY
A112: 1777 - Accum. Dep. Add'n - Computer Software | B112: 0324T_H | C112: 0324 | D112: 1777 | F112: 03242177700 | I112: EMPTY
...

Sheet Dep Exp vs Acc Dep
A1: ="Liteco Capital Assets - Accumulated Depreciation - As at "&TEXT(#REF!,"MMMMMMMMMMMMM DD, YYYY") -> #REF!
B2: 1731 | C2: 1732 | D2: Total | E2: =VLOOKUP(C2,$B$29:$C$38,2,FALSE) -> 5610 | F2: Required EXP GL Increase (Decrease) | H2: 1741 | I2: 1742 | J2: Total | K2: =VLOOKUP(I2,$B$29:$C$38,2,FALSE) -> 5620 | L2: Required EXP GL Increase (Decrease) | N2: 1751 | O2: 1752 | P2: Total | Q2: =VLOOKUP(O2,$B$29:$C$38,2,FALSE) -> 5630 | R2: Required EXP GL Increase (Decrease) | T2: 1761 | U2: 1762 | V2: Total | W2: =VLOOKUP(U2,$B$29:$C$38,2,FALSE) -> 5640 | X2: Required EXP GL Increase (Decrease) | Z2: 1771 | AA2: 1772 | AB2: Total | AC2: =VLOOKUP(AA2,$B$29:$C$38,2,FALSE) -> 6350 | AD2: Required EXP GL Increase (Decrease) | AF2: 1776 | AG2: 1777 | AH2: Total | AI2: =VLOOKUP(AG2,$B$29:$C$38,2,FALSE) -> 6351 | AJ2: Required EXP GL Increase (Decrease) | AL2: 1791 | AM2: 1792 | AN2: Total | AO2: =VLOOKUP(AM2,$B$29:$C$38,2,FALSE) -> 5460 | AP2: Required EXP GL Increase (Decrease) | AR2: 1796 | AS2: 1797 | AT2: Total | AU2: =VLOOKUP(AS2,$B$29:$C$38,2,FALSE) -> 5360 | AV2: Required EXP GL Increase (Decrease) | AX2: 1821 | AY2: 1822 | AZ2: Total | BA2: =VLOOKUP(AY2,$B$29:$C$38,2,FALSE) -> 5670 | BB2: Required EXP GL Increase (Decrease) | BD2: 1831 | BE2: 1832 | BF2: Total | BG2: =VLOOKUP(BE2,$B$29:$C$38,2,FALSE) -> 5680 | BH2: Required EXP GL Increase (Decrease) | BJ2: Grand Total | BK2: Grand Total | BL2: Grand Total
A3: Branch | B3: GL | C3: GL | D3: GL | F3: Difference | H3: GL | I3: GL | J3: GL | L3: Difference | N3: GL | O3: GL | P3: GL | R3: Difference | V3: GL | X3: Difference | AB3: GL | AD3: Difference | AH3: GL | AJ3: Difference | AN3: GL | AP3: Difference | AT3: GL | AV3: Difference | AZ3: GL | BB3: Difference | BF3: GL | BH3: Difference | BJ3: ACC DEP GL | BK3: DEP EXP GL | BL3: Difference
A4: 0301T_H | B4: =-_xll.DBRW(#REF!,$A4,#REF!,B$2,#REF!,#REF!,#REF!) -> #NAME? | C4: =-_xll.DBRW(#REF!,$A4,#REF!,C$2,#REF!,#REF!,#REF!) -> #NAME? | D4: =SUM(B4:C4) -> #NAME? | E4: =-_xll.DBRW(#REF!,$A4,#REF!,E$2,#REF!,#REF!,#REF!) -> #NAME? | F4: =E4+C4 -> #NAME? | H4: =-_xll.DBRW(#REF!,$A4,#REF!,H$2,#REF!,#REF!,#REF!) -> #NAME? | I4: =-_xll.DBRW(#REF!,$A4,#REF!,I$2,#REF!,#REF!,#REF!) -> #NAME? | J4: =SUM(H4:I4) -> #NAME? | K4: =-_xll.DBRW(#REF!,$A4,#REF!,K$2,#REF!,#REF!,#REF!) -> #NAME? | L4: =K4+I4 -> #NAME? | N4: =-_xll.DBRW(#REF!,$A4,#REF!,N$2,#REF!,#REF!,#REF!) -> #NAME? | O4: =-_xll.DBRW(#REF!,$A4,#REF!,O$2,#REF!,#REF!,#REF!) -> #NAME? | P4: =SUM(N4:O4) -> #NAME? | Q4: =-_xll.DBRW(#REF!,$A4,#REF!,Q$2,#REF!,#REF!,#REF!) -> #NAME? | R4: =Q4+O4 -> #NAME? | T4: =-_xll.DBRW(#REF!,$A4,#REF!,T$2,#REF!,#REF!,#REF!) -> #NAME? | U4: =-_xll.DBRW(#REF!,$A4,#REF!,U$2,#REF!,#REF!,#REF!) -> #NAME? | V4: =SUM(T4:U4) -> #NAME? | W4: =-_xll.DBRW(#REF!,$A4,#REF!,W$2,#REF!,#REF!,#REF!) -> #NAME? | X4: =W4+U4 -> #NAME? | Z4: =-_xll.DBRW(#REF!,$A4,#REF!,Z$2,#REF!,#REF!,#REF!) -> #NAME? | AA4: =-_xll.DBRW(#REF!,$A4,#REF!,AA$2,#REF!,#REF!,#REF!) -> #NAME? | AB4: =SUM(Z4:AA4) -> #NAME? | AC4: =-_xll.DBRW(#REF!,$A4,#REF!,AC$2,#REF!,#REF!,#REF!) -> #NAME? | AD4: =AC4+AA4 -> #NAME? | AF4: =-_xll.DBRW(#REF!,$A4,#REF!,AF$2,#REF!,#REF!,#REF!) -> #NAME? | AG4: =-_xll.DBRW(#REF!,$A4,#REF!,AG$2,#REF!,#REF!,#REF!) -> #NAME? | AH4: =SUM(AF4:AG4) -> #NAME? | AI4: =-_xll.DBRW(#REF!,$A4,#REF!,AI$2,#REF!,#REF!,#REF!) -> #NAME? | AJ4: =AI4+AG4 -> #NAME? | AL4: =-_xll.DBRW(#REF!,$A4,#REF!,AL$2,#REF!,#REF!,#REF!) -> #NAME? | AM4: =-_xll.DBRW(#REF!,$A4,#REF!,AM$2,#REF!,#REF!,#REF!) -> #NAME? | AN4: =SUM(AL4:AM4) -> #NAME? | AO4: =-_xll.DBRW(#REF!,$A4,#REF!,AO$2,#REF!,#REF!,#REF!) -> #NAME? | AP4: =AO4+AM4 -> #NAME? | AR4: =-_xll.DBRW(#REF!,$A4,#REF!,AR$2,#REF!,#REF!,#REF!) -> #NAME? | AS4: =-_xll.DBRW(#REF!,$A4,#REF!,AS$2,#REF!,#REF!,#REF!) -> #NAME? | AT4: =SUM(AR4:AS4) -> #NAME? | AU4: =-_xll.DBRW(#REF!,$A4,#REF!,AU$2,#REF!,#REF!,#REF!) -> #NAME? | AV4: =AU4+AS4 -> #NAME? | AX4: =-_xll.DBRW(#REF!,$A4,#REF!,AX$2,#REF!,#REF!,#REF!) -> #NAME? | AY4: =-_xll.DBRW(#REF!,$A4,#REF!,AY$2,#REF!,#REF!,#REF!) -> #NAME? | AZ4: =SUM(AX4:AY4) -> #NAME? | BA4: =-_xll.DBRW(#REF!,$A4,#REF!,BA$2,#REF!,#REF!,#REF!) -> #NAME? | BB4: =BA4+AY4 -> #NAME? | BD4: =-_xll.DBRW(#REF!,$A4,#REF!,BD$2,#REF!,#REF!,#REF!) -> #NAME? | BE4: =-_xll.DBRW(#REF!,$A4,#REF!,BE$2,#REF!,#REF!,#REF!) -> #NAME? | BF4: =SUM(BD4:BE4) -> #NAME? | BG4: =-_xll.DBRW(#REF!,$A4,#REF!,BG$2,#REF!,#REF!,#REF!) -> #NAME? | BH4: =BG4+BE4 -> #NAME? | BJ4: =SUM(C4,O4,U4,AA4,AG4,AM4,AS4,AY4,BE4,I4) -> #NAME? | BK4: =SUM(E4,Q4,W4,AC4,AI4,AO4,AU4,BA4,BG4,K4) -> #NAME? | BL4: =BJ4+BK4 -> #NAME?
A5: 0302T_H | B5: =-_xll.DBRW(#REF!,$A5,#REF!,B$2,#REF!,#REF!,#REF!) -> #NAME? | C5: =-_xll.DBRW(#REF!,$A5,#REF!,C$2,#REF!,#REF!,#REF!) -> #NAME? | D5: =SUM(B5:C5) -> #NAME? | E5: =-_xll.DBRW(#REF!,$A5,#REF!,E$2,#REF!,#REF!,#REF!) -> #NAME? | F5: =E5+C5 -> #NAME? | H5: =-_xll.DBRW(#REF!,$A5,#REF!,H$2,#REF!,#REF!,#REF!) -> #NAME? | I5: =-_xll.DBRW(#REF!,$A5,#REF!,I$2,#REF!,#REF!,#REF!) -> #NAME? | J5: =SUM(H5:I5) -> #NAME? | K5: =-_xll.DBRW(#REF!,$A5,#REF!,K$2,#REF!,#REF!,#REF!) -> #NAME? | L5: =K5+I5 -> #NAME? | N5: =-_xll.DBRW(#REF!,$A5,#REF!,N$2,#REF!,#REF!,#REF!) -> #NAME? | O5: =-_xll.DBRW(#REF!,$A5,#REF!,O$2,#REF!,#REF!,#REF!) -> #NAME? | P5: =SUM(N5:O5) -> #NAME? | Q5: =-_xll.DBRW(#REF!,$A5,#REF!,Q$2,#REF!,#REF!,#REF!) -> #NAME? | R5: =Q5+O5 -> #NAME? | T5: =-_xll.DBRW(#REF!,$A5,#REF!,T$2,#REF!,#REF!,#REF!) -> #NAME? | U5: =-_xll.DBRW(#REF!,$A5,#REF!,U$2,#REF!,#REF!,#REF!) -> #NAME? | V5: =SUM(T5:U5) -> #NAME? | W5: =-_xll.DBRW(#REF!,$A5,#REF!,W$2,#REF!,#REF!,#REF!) -> #NAME? | X5: =W5+U5 -> #NAME? | Z5: =-_xll.DBRW(#REF!,$A5,#REF!,Z$2,#REF!,#REF!,#REF!) -> #NAME? | AA5: =-_xll.DBRW(#REF!,$A5,#REF!,AA$2,#REF!,#REF!,#REF!) -> #NAME? | AB5: =SUM(Z5:AA5) -> #NAME? | AC5: =-_xll.DBRW(#REF!,$A5,#REF!,AC$2,#REF!,#REF!,#REF!) -> #NAME? | AD5: =AC5+AA5 -> #NAME? | AF5: =-_xll.DBRW(#REF!,$A5,#REF!,AF$2,#REF!,#REF!,#REF!) -> #NAME? | AG5: =-_xll.DBRW(#REF!,$A5,#REF!,AG$2,#REF!,#REF!,#REF!) -> #NAME? | AH5: =SUM(AF5:AG5) -> #NAME? | AI5: =-_xll.DBRW(#REF!,$A5,#REF!,AI$2,#REF!,#REF!,#REF!) -> #NAME? | AJ5: =AI5+AG5 -> #NAME? | AL5: =-_xll.DBRW(#REF!,$A5,#REF!,AL$2,#REF!,#REF!,#REF!) -> #NAME? | AM5: =-_xll.DBRW(#REF!,$A5,#REF!,AM$2,#REF!,#REF!,#REF!) -> #NAME? | AN5: =SUM(AL5:AM5) -> #NAME? | AO5: =-_xll.DBRW(#REF!,$A5,#REF!,AO$2,#REF!,#REF!,#REF!) -> #NAME? | AP5: =AO5+AM5 -> #NAME? | AR5: =-_xll.DBRW(#REF!,$A5,#REF!,AR$2,#REF!,#REF!,#REF!) -> #NAME? | AS5: =-_xll.DBRW(#REF!,$A5,#REF!,AS$2,#REF!,#REF!,#REF!) -> #NAME? | AT5: =SUM(AR5:AS5) -> #NAME? | AU5: =-_xll.DBRW(#REF!,$A5,#REF!,AU$2,#REF!,#REF!,#REF!) -> #NAME? | AV5: =AU5+AS5 -> #NAME? | AX5: =-_xll.DBRW(#REF!,$A5,#REF!,AX$2,#REF!,#REF!,#REF!) -> #NAME? | AY5: =-_xll.DBRW(#REF!,$A5,#REF!,AY$2,#REF!,#REF!,#REF!) -> #NAME? | AZ5: =SUM(AX5:AY5) -> #NAME? | BA5: =-_xll.DBRW(#REF!,$A5,#REF!,BA$2,#REF!,#REF!,#REF!) -> #NAME? | BB5: =BA5+AY5 -> #NAME? | BD5: =-_xll.DBRW(#REF!,$A5,#REF!,BD$2,#REF!,#REF!,#REF!) -> #NAME? | BE5: =-_xll.DBRW(#REF!,$A5,#REF!,BE$2,#REF!,#REF!,#REF!) -> #NAME? | BF5: =SUM(BD5:BE5) -> #NAME? | BG5: =-_xll.DBRW(#REF!,$A5,#REF!,BG$2,#REF!,#REF!,#REF!) -> #NAME? | BH5: =BG5+BE5 -> #NAME? | BJ5: =SUM(C5,O5,U5,AA5,AG5,AM5,AS5,AY5,BE5,I5) -> #NAME? | BK5: =SUM(E5,Q5,W5,AC5,AI5,AO5,AU5,BA5,BG5,K5) -> #NAME? | BL5: =BJ5+BK5 -> #NAME?
A6: 0303T_H | B6: =-_xll.DBRW(#REF!,$A6,#REF!,B$2,#REF!,#REF!,#REF!) -> #NAME? | C6: =-_xll.DBRW(#REF!,$A6,#REF!,C$2,#REF!,#REF!,#REF!) -> #NAME? | D6: =SUM(B6:C6) -> #NAME? | E6: =-_xll.DBRW(#REF!,$A6,#REF!,E$2,#REF!,#REF!,#REF!) -> #NAME? | F6: =E6+C6 -> #NAME? | H6: =-_xll.DBRW(#REF!,$A6,#REF!,H$2,#REF!,#REF!,#REF!) -> #NAME? | I6: =-_xll.DBRW(#REF!,$A6,#REF!,I$2,#REF!,#REF!,#REF!) -> #NAME? | J6: =SUM(H6:I6) -> #NAME? | K6: =-_xll.DBRW(#REF!,$A6,#REF!,K$2,#REF!,#REF!,#REF!) -> #NAME? | L6: =K6+I6 -> #NAME? | N6: =-_xll.DBRW(#REF!,$A6,#REF!,N$2,#REF!,#REF!,#REF!) -> #NAME? | O6: =-_xll.DBRW(#REF!,$A6,#REF!,O$2,#REF!,#REF!,#REF!) -> #NAME? | P6: =SUM(N6:O6) -> #NAME? | Q6: =-_xll.DBRW(#REF!,$A6,#REF!,Q$2,#REF!,#REF!,#REF!) -> #NAME? | R6: =Q6+O6 -> #NAME? | T6: =-_xll.DBRW(#REF!,$A6,#REF!,T$2,#REF!,#REF!,#REF!) -> #NAME? | U6: =-_xll.DBRW(#REF!,$A6,#REF!,U$2,#REF!,#REF!,#REF!) -> #NAME? | V6: =SUM(T6:U6) -> #NAME? | W6: =-_xll.DBRW(#REF!,$A6,#REF!,W$2,#REF!,#REF!,#REF!) -> #NAME? | X6: =W6+U6 -> #NAME? | Z6: =-_xll.DBRW(#REF!,$A6,#REF!,Z$2,#REF!,#REF!,#REF!) -> #NAME? | AA6: =-_xll.DBRW(#REF!,$A6,#REF!,AA$2,#REF!,#REF!,#REF!) -> #NAME? | AB6: =SUM(Z6:AA6) -> #NAME? | AC6: =-_xll.DBRW(#REF!,$A6,#REF!,AC$2,#REF!,#REF!,#REF!) -> #NAME? | AD6: =AC6+AA6 -> #NAME? | AF6: =-_xll.DBRW(#REF!,$A6,#REF!,AF$2,#REF!,#REF!,#REF!) -> #NAME? | AG6: =-_xll.DBRW(#REF!,$A6,#REF!,AG$2,#REF!,#REF!,#REF!) -> #NAME? | AH6: =SUM(AF6:AG6) -> #NAME? | AI6: =-_xll.DBRW(#REF!,$A6,#REF!,AI$2,#REF!,#REF!,#REF!) -> #NAME? | AJ6: =AI6+AG6 -> #NAME? | AL6: =-_xll.DBRW(#REF!,$A6,#REF!,AL$2,#REF!,#REF!,#REF!) -> #NAME? | AM6: =-_xll.DBRW(#REF!,$A6,#REF!,AM$2,#REF!,#REF!,#REF!) -> #NAME? | AN6: =SUM(AL6:AM6) -> #NAME? | AO6: =-_xll.DBRW(#REF!,$A6,#REF!,AO$2,#REF!,#REF!,#REF!) -> #NAME? | AP6: =AO6+AM6 -> #NAME? | AR6: =-_xll.DBRW(#REF!,$A6,#REF!,AR$2,#REF!,#REF!,#REF!) -> #NAME? | AS6: =-_xll.DBRW(#REF!,$A6,#REF!,AS$2,#REF!,#REF!,#REF!) -> #NAME? | AT6: =SUM(AR6:AS6) -> #NAME? | AU6: =-_xll.DBRW(#REF!,$A6,#REF!,AU$2,#REF!,#REF!,#REF!) -> #NAME? | AV6: =AU6+AS6 -> #NAME? | AX6: =-_xll.DBRW(#REF!,$A6,#REF!,AX$2,#REF!,#REF!,#REF!) -> #NAME? | AY6: =-_xll.DBRW(#REF!,$A6,#REF!,AY$2,#REF!,#REF!,#REF!) -> #NAME? | AZ6: =SUM(AX6:AY6) -> #NAME? | BA6: =-_xll.DBRW(#REF!,$A6,#REF!,BA$2,#REF!,#REF!,#REF!) -> #NAME? | BB6: =BA6+AY6 -> #NAME? | BD6: =-_xll.DBRW(#REF!,$A6,#REF!,BD$2,#REF!,#REF!,#REF!) -> #NAME? | BE6: =-_xll.DBRW(#REF!,$A6,#REF!,BE$2,#REF!,#REF!,#REF!) -> #NAME? | BF6: =SUM(BD6:BE6) -> #NAME? | BG6: =-_xll.DBRW(#REF!,$A6,#REF!,BG$2,#REF!,#REF!,#REF!) -> #NAME? | BH6: =BG6+BE6 -> #NAME? | BJ6: =SUM(C6,O6,U6,AA6,AG6,AM6,AS6,AY6,BE6,I6) -> #NAME? | BK6: =SUM(E6,Q6,W6,AC6,AI6,AO6,AU6,BA6,BG6,K6) -> #NAME? | BL6: =BJ6+BK6 -> #NAME?
